Workbook
Name diasuteis: #REF!
Name diasuteis: #REF!
Name diasuteis: #REF!
Name diasuteis: #REF!
Name diasuteis: #REF!
Name diasuteis: #REF!
Name diasuteis: #REF!
Name diasuteis: #REF!
Name diasuteis: #REF!
Name diasuteis: #REF!
Name diasuteis: #REF!
Name diasuteis: #REF!
Name Ferias: #REF!
Name Ferias: #REF!
Name Ferias: #REF!
Name Ferias: #REF!
Name Ferias: #REF!
Name Ferias: #REF!
Name Ferias: #REF!
Name Ferias: #REF!
Name Ferias: #REF!
Name Ferias: #REF!
Name Ferias: #REF!
Name RD: OFFSET(#REF!,(MATCH(SMALL(#REF!,ROW()-10),#REF!,0)-1),0)
Name RD: OFFSET(#REF!,(MATCH(SMALL(#REF!,ROW()-10),#REF!,0)-1),0)
Name RD: OFFSET(#REF!,(MATCH(SMALL(#REF!,ROW()-10),#REF!,0)-1),0)
Name RD: OFFSET(#REF!,(MATCH(SMALL(#REF!,ROW()-10),#REF!,0)-1),0)
Name RD: OFFSET(#REF!,(MATCH(SMALL(#REF!,ROW()-10),#REF!,0)-1),0)
Name RD: OFFSET(#REF!,(MATCH(SMALL(#REF!,ROW()-10),#REF!,0)-1),0)
Name RD: OFFSET(#REF!,(MATCH(SMALL(#REF!,ROW()-10),#REF!,0)-1),0)
Name RD: OFFSET(#REF!,(MATCH(SMALL(#REF!,ROW()-10),#REF!,0)-1),0)
Name RD: OFFSET(#REF!,(MATCH(SMALL(#REF!,ROW()-10),#REF!,0)-1),0)
Name RD: OFFSET(#REF!,(MATCH(SMALL(#REF!,ROW()-10),#REF!,0)-1),0)
Name RD: OFFSET(#REF!,(MATCH(SMALL(#REF!,ROW()-10),#REF!,0)-1),0)

Sheet CCT
A1: PROCESSO: 0480/2014/UDESC | D1: OBJETO: Aquisição de material esportivo | J1: VIGÊNCIA DA ATA: 11/06/2014 até 11/06/2015 | N1: AF/OS nº xxxx/2014 Qtde. DT | O1: AF/OS nº xxxx/2014 Qtde. DT | P1: AF/OS nº xxxx/2014 Qtde. DT | Q1: AF/OS nº xxxx/2014 Qtde. DT | R1: AF/OS nº xxxx/2014 Qtde. DT | S1: AF/OS nº xxxx/2014 Qtde. DT | T1: AF/OS nº xxxx/2014 Qtde. DT | U1: AF/OS nº xxxx/2014 Qtde. DT | V1: AF/OS nº xxxx/2014 Qtde. DT | W1: AF/OS nº xxxx/2014 Qtde. DT | X1: AF/OS nº xxxx/2014 Qtde. DT | Y1: AF/OS nº xxxx/2014 Qtde. DT
A2: CENTRO PARTICIPANTE:
A3: FORNECEDOR | B3: LOTE | C3: ITEM | D3: PRODUTO - CARACTERÍSTICAS MÍNIMAS | E3: DETALHAMENTO | F3: MARCA/MODELO | G3: UNIDADE | H3: Entrega (Dias) | I3: Pagto. (Dias) | J3: Preço UNITÁRIO (R$) | K3: Qtde LICITADA | L3: Saldo / Automático | M3: ALERTA | N3: ...../...../...... | O3: ...../...../...... | P3: ...../...../...... | Q3: ...../...../...... | R3: ...../...../...... | S3: ...../...../...... | T3: ...../...../...... | U3: ...../...../...... | V3: ...../...../...... | W3: ...../...../...... | X3: ...../...../...... | Y3: ...../...../......
A4: ZERMIANI COMERCIO DE ARTIGOS ESPORTIVOS LTDA ME | B4: 1 | C4: 1 | D4: ANILHAS, KETTLEBELL, Kettlebell 4kg: anilha em ferro, utilizada para exercícios resistidos específicos. | E4: 52.10 | F4: WS | G4: PECA | H4: 20 | I4: 20 | J4: 47.9 | L4: =K4-(SUM(N4:Y4)) -> 0 | M4: =IF(L4<0,"ATENÇÃO","OK") -> OK | N4: 0 | O4: 0 | P4: 0 | Q4: 0 | R4: 0 | S4: 0 | T4: 0 | U4: 0 | V4: 0 | W4: 0 | X4: 0 | Y4: 0
C5: 2 | D5: ANILHAS, KETTLEBELL, Kettlebell 6kg: anilha em ferro, utilizada para exercícios resistidos específicos. | E5: 52.10 | F5: WS | G5: PECA | H5: 20 | I5: 20 | J5: 72.9 | L5: =K5-(SUM(N5:Y5)) -> 0 | M5: =IF(L5<0,"ATENÇÃO","OK") -> OK | N5: 0 | O5: 0 | P5: 0 | Q5: 0 | R5: 0 | S5: 0 | T5: 0 | U5: 0 | V5: 0 | W5: 0 | X5: 0 | Y5: 0
C6: 3 | D6: ANILHAS, KETTLEBELL, Kettlebell 8kg: anilha em ferro, utilizada para exercícios resistidos específicos. | E6: 52.10 | F6: WS | G6: PECA | H6: 20 | I6: 20 | J6: 96.9 | L6: =K6-(SUM(N6:Y6)) -> 0 | M6: =IF(L6<0,"ATENÇÃO","OK") -> OK | N6: 0 | O6: 0 | P6: 0 | Q6: 0 | R6: 0 | S6: 0 | T6: 0 | U6: 0 | V6: 0 | W6: 0 | X6: 0 | Y6: 0
C7: 4 | D7: BARRA PARA APOIO, EM W PARA ANILHAS EM ACO CROMADO, Barra "w": barra maciça cromada, com pegadores emborrachados, para a realização de exercícios de musculação diversos. Dimensões: 1200mm X 30mm | E7: 52.10 | F7: WS | G7: PECA | H7: 20 | I7: 20 | J7: 170 | L7: =K7-(SUM(N7:Y7)) -> 0 | M7: =IF(L7<0,"ATENÇÃO","OK") -> OK | N7: 0 | O7: 0 | P7: 0 | Q7: 0 | R7: 0 | S7: 0 | T7: 0 | U7: 0 | V7: 0 | W7: 0 | X7: 0 | Y7: 0
C8: 5 | D8: BARRA PARA APOIO, EM W PARA ANILHAS EM ACO CROMADO, TAMANHO: 1,20 m com Rosca. Barra maciça cromada e recartilhada. Cromada em sistema de banho com tecnologia e proteção ao meio ambiente. Indicada para execução de flexões, bíceps e tríceps. Composição: em aço 1020 polido. Dimensões aproximadas (C): 120 cm. Garantia do fabricante: 12 meses contra defeito de fabricação. | E8: 52.10 | F8: WS | G8: PECA | H8: 20 | I8: 20 | J8: 149 | K8: 2 | L8: =K8-(SUM(N8:Y8)) -> 2 | M8: =IF(L8<0,"ATENÇÃO","OK") -> OK | N8: 0 | O8: 0 | P8: 0 | Q8: 0 | R8: 0 | S8: 0 | T8: 0 | U8: 0 | V8: 0 | W8: 0 | X8: 0 | Y8: 0
C9: 6 | D9: BARRA PARA APOIO, MEDINDO 1,20, Barra "H": barra maciça cromada, com pegadores emborrachados, para a realização de exercícios de musculação diversos. dimensões: 1200mm X 30mm. | E9: 52.10 | F9: WS | G9: PECA | H9: 20 | I9: 20 | J9: 196 | L9: =K9-(SUM(N9:Y9)) -> 0 | M9: =IF(L9<0,"ATENÇÃO","OK") -> OK | N9: 0 | O9: 0 | P9: 0 | Q9: 0 | R9: 0 | S9: 0 | T9: 0 | U9: 0 | V9: 0 | W9: 0 | X9: 0 | Y9: 0
C10: 7 | D10: HALTERES, COM PESO DE 0,5 KG, Halter fabricado em ferro fundido e revestido por uma camada de vinil PVC colorida. Peso 0,5kg. | E10: 52.10 | F10: WS | G10: PECA | H10: 20 | I10: 20 | J10: 7.8 | L10: =K10-(SUM(N10:Y10)) -> 0 | M10: =IF(L10<0,"ATENÇÃO","OK") -> OK | N10: 0 | O10: 0 | P10: 0 | Q10: 0 | R10: 0 | S10: 0 | T10: 0 | U10: 0 | V10: 0 | W10: 0 | X10: 0 | Y10: 0
C11: 8 | D11: HALTERES, COM PESO DE 1,0 KG, Halter fabricado em ferro fundido e revestido por uma camada de vinil PVC colorida. Peso 1,0kg. | E11: 52.10 | F11: WS | G11: PECA | H11: 20 | I11: 20 | J11: 14.5 | L11: =K11-(SUM(N11:Y11)) -> 0 | M11: =IF(L11<0,"ATENÇÃO","OK") -> OK | N11: 0 | O11: 0 | P11: 0 | Q11: 0 | R11: 0 | S11: 0 | T11: 0 | U11: 0 | V11: 0 | W11: 0 | X11: 0 | Y11: 0
C12: 9 | D12: HALTERES, COM PESO DE 10 KG, Halter fabricado em ferro fundido e revestido por uma camada de vinil PVC colorida. Peso 10,0kg. | E12: 52.10 | F12: WS | G12: PECA | H12: 20 | I12: 20 | J12: 109 | K12: 10 | L12: =K12-(SUM(N12:Y12)) -> 10 | M12: =IF(L12<0,"ATENÇÃO","OK") -> OK | N12: 0 | O12: 0 | P12: 0 | Q12: 0 | R12: 0 | S12: 0 | T12: 0 | U12: 0 | V12: 0 | W12: 0 | X12: 0 | Y12: 0
C13: 10 | D13: HALTERES, COM PESO DE 2,0 KG, Halter fabricado em ferro fundido e revestido por uma camada de vinil PVC colorida. Peso 2,0kg. | E13: 52.10 | F13: WS | G13: PECA | H13: 20 | I13: 20 | J13: 25 | L13: =K13-(SUM(N13:Y13)) -> 0 | M13: =IF(L13<0,"ATENÇÃO","OK") -> OK | N13: 0 | O13: 0 | P13: 0 | Q13: 0 | R13: 0 | S13: 0 | T13: 0 | U13: 0 | V13: 0 | W13: 0 | X13: 0 | Y13: 0
C14: 11 | D14: HALTERES, COM PESO DE 3,0 KG, Halter fabricado em ferro fundido e revestido por uma camada de vinil PVC colorida. Peso 3,0kg. | E14: 52.10 | F14: WS | G14: PECA | H14: 20 | I14: 20 | J14: 31 | K14: 10 | L14: =K14-(SUM(N14:Y14)) -> 10 | M14: =IF(L14<0,"ATENÇÃO","OK") -> OK | N14: 0 | O14: 0 | P14: 0 | Q14: 0 | R14: 0 | S14: 0 | T14: 0 | U14: 0 | V14: 0 | W14: 0 | X14: 0 | Y14: 0
C15: 12 | D15: HALTERES, COM PESO DE 4KG, Halter fabricado em ferro fundido e revestido por uma camada de vinil PVC colorida. Peso 4,0kg. | E15: 52.10 | F15: WS | G15: PECA | H15: 20 | I15: 20 | J15: 42 | K15: 10 | L15: =K15-(SUM(N15:Y15)) -> 10 | M15: =IF(L15<0,"ATENÇÃO","OK") -> OK | N15: 0 | O15: 0 | P15: 0 | Q15: 0 | R15: 0 | S15: 0 | T15: 0 | U15: 0 | V15: 0 | W15: 0 | X15: 0 | Y15: 0
C16: 13 | D16: HALTERES, COM PESO DE 5KG, Halter fabricado em ferro fundido e revestido por uma camada de vinil PVC colorida. Peso 5,0kg. | E16: 52.10 | F16: WS | G16: PECA | H16: 20 | I16: 20 | J16: 53 | K16: 10 | L16: =K16-(SUM(N16:Y16)) -> 10 | M16: =IF(L16<0,"ATENÇÃO","OK") -> OK | N16: 0 | O16: 0 | P16: 0 | Q16: 0 | R16: 0 | S16: 0 | T16: 0 | U16: 0 | V16: 0 | W16: 0 | X16: 0 | Y16: 0
C17: 14 | D17: HALTERES, COM PESO DE 6 KG, Halter fabricado em ferro fundido e revestido por uma camada de vinil PVC colorida. Peso 6,0kg. | E17: 52.10 | F17: WS | G17: PECA | H17: 20 | I17: 20 | J17: 43 | K17: 10 | L17: =K17-(SUM(N17:Y17)) -> 10 | M17: =IF(L17<0,"ATENÇÃO","OK") -> OK | N17: 0 | O17: 0 | P17: 0 | Q17: 0 | R17: 0 | S17: 0 | T17: 0 | U17: 0 | V17: 0 | W17: 0 | X17: 0 | Y17: 0
C18: 15 | D18: HALTERES, COM PESO DE 8KG, Halter fabricado em ferro fundido e revestido por uma camada de vinil PVC colorida. Peso 8,0kg. | E18: 52.10 | F18: WS | G18: PECA | H18: 20 | I18: 20 | J18: 78 | K18: 10 | L18: =K18-(SUM(N18:Y18)) -> 10 | M18: =IF(L18<0,"ATENÇÃO","OK") -> OK | N18: 0 | O18: 0 | P18: 0 | Q18: 0 | R18: 0 | S18: 0 | T18: 0 | U18: 0 | V18: 0 | W18: 0 | X18: 0 | Y18: 0
C19: 16 | D19: ROLO ABDOMINAL, TEXTURIZADO, A roda consiste em plástico moldado. A espessura maior da roda e seu revestimento de borracha proporcionam maior estabilidade e segurança na execução dos exercícios. Aparelho rolamentado. Suporta até 170Kg. Material polipropileno que não marca o piso. Manopla de borracha de fácil higienização. | E19: 52.10 | F19: Up Life | G19: PECA | H19: 20 | I19: 20 | J19: 44.9 | K19: 2 | L19: =K19-(SUM(N19:Y19)) -> 2 | M19: =IF(L19<0,"ATENÇÃO","OK") -> OK | N19: 0 | O19: 0 | P19: 0 | Q19: 0 | R19: 0 | S19: 0 | T19: 0 | U19: 0 | V19: 0 | W19: 0 | X19: 0 | Y19: 0
C20: 17 | D20: SUPORTE PARA BOLAS INFLAVEIS, KIT COM 3 UNIDADES DE SUPORTES PARA BOLA INFLAVEL, Suporte para bolas infláveis. Kit com 3 unidades de suportes para bola inflável, composto em plástico e com regulagem de velcro que permite adpatar o suporte para os diferentes tamanhos de bola. | E20: 52.10 | F20: Up Life | G20: KIT | H20: 20 | I20: 20 | J20: 99 | L20: =K20-(SUM(N20:Y20)) -> 0 | M20: =IF(L20<0,"ATENÇÃO","OK") -> OK | N20: 0 | O20: 0 | P20: 0 | Q20: 0 | R20: 0 | S20: 0 | T20: 0 | U20: 0 | V20: 0 | W20: 0 | X20: 0 | Y20: 0
C21: 18 | D21: SUPORTE PARA HALTERES, COM CAPACIDADE PARA 10 PARES, Suporte vertical (tipo torre) para 10 pares de halteres (de 1 a 10 kg). Feito com tubo de ferro pintado com tinta epóxi. Dimensões aproximadas: 1.35 (altura) x 0,47 (largura) x 0,45 (profundidade) metros. | E21: 52.10 | F21: Up Life | G21: PECA | H21: 20 | I21: 20 | J21: 251.9 | L21: =K21-(SUM(N21:Y21)) -> 0 | M21: =IF(L21<0,"ATENÇÃO","OK") -> OK | N21: 0 | O21: 0 | P21: 0 | Q21: 0 | R21: 0 | S21: 0 | T21: 0 | U21: 0 | V21: 0 | W21: 0 | X21: 0 | Y21: 0
A22: ADBX COMERCIO E SERVIÇOS LTDA ME | B22: 2 | C22: 1 | D22: BARRA PARA EXERCICIOS, BARRA TRANSVERSAL ELASTICA PARA SALTOS COM PESOS, Barra Transversal Elástica para Saltos com pesos. Para treinamentos de saltos (altura e com vara). Extremidades com pesos. Comprimento: 4,5 metros | E22: 52.10 | F22: Pista Campo | G22: PECA | H22: 20 | I22: 20 | J22: 69.5 | L22: =K22-(SUM(N22:Y22)) -> 0 | M22: =IF(L22<0,"ATENÇÃO","OK") -> OK | N22: 0 | O22: 0 | P22: 0 | Q22: 0 | R22: 0 | S22: 0 | T22: 0 | U22: 0 | V22: 0 | W22: 0 | X22: 0 | Y22: 0
C23: 2 | D23: BARREIRA DE ALTURA, EM PVC, LARGURA: 60CM E ALTURA: 40CM, Barreirinha de PVC para treinamento. Largura: 60 cm. Altura: 40 cm. Feita de material plástico de alta resistência. | E23: 52.10 | F23: Vinex | G23: PECA | H23: 20 | I23: 20 | J23: 80.5 | L23: =K23-(SUM(N23:Y23)) -> 0 | M23: =IF(L23<0,"ATENÇÃO","OK") -> OK | N23: 0 | O23: 0 | P23: 0 | Q23: 0 | R23: 0 | S23: 0 | T23: 0 | U23: 0 | V23: 0 | W23: 0 | X23: 0 | Y23: 0
C24: 3 | D24: BLOCO DE PARTIDA (PARA DESPORTO), DE ACO UNIVERSAL IAAF, Estrutura única feita de aço galvanizado, extremamente resistente e apoio para os pés revestido em borracha sintética. Ajuste de cinco alturas e quinze distâncias diferentes para os pés. Utilização em qualquer tipo de pista. Possui alça para transporte. Certificado pela IAAF. Marca de referência: Polanik. | E24: 52.10 | F24: Vinex | G24: PECA | H24: 20 | I24: 20 | J24: 1120.1 | L24: =K24-(SUM(N24:Y24)) -> 0 | M24: =IF(L24<0,"ATENÇÃO","OK") -> OK | N24: 0 | O24: 0 | P24: 0 | Q24: 0 | R24: 0 | S24: 0 | T24: 0 | U24: 0 | V24: 0 | W24: 0 | X24: 0 | Y24: 0
C25: 4 | D25: DARDO, DE DURALUMINIO DE 800G, Dardo de duralumínio/aço 800g. Estrutura de duralumínio (composto especial de alumínio, cobre e magnésio) de alta resistência e cabeça de aço galvanizado. Pintura a pó (resistente à corrosão, impacto, ação química etc) com efeito transparente. Certificado pela IAAF. | E25: 52.10 | F25: Polinik | G25: PECA | H25: 20 | I25: 20 | J25: 1141.35 | L25: =K25-(SUM(N25:Y25)) -> 0 | M25: =IF(L25<0,"ATENÇÃO","OK") -> OK | N25: 0 | O25: 0 | P25: 0 | Q25: 0 | R25: 0 | S25: 0 | T25: 0 | U25: 0 | V25: 0 | W25: 0 | X25: 0 | Y25: 0
C26: 5 | D26: DARDO, DE DURALUMINIO/A«O DE 600G, Dardo de duralumínio/aço 600g. Estrutura de duralumínio (composto especial de alumínio, cobre e magnésio) de alta resistência e cabeça de aço galvanizado. Pintura a pó (resistente à corrosão, impacto, ação química etc) com efeito transparente. Certificado pela IAAF. | E26: 52.10 | F26: Polinik | G26: PECA | H26: 20 | I26: 20 | J26: 850 | L26: =K26-(SUM(N26:Y26)) -> 0 | M26: =IF(L26<0,"ATENÇÃO","OK") -> OK | N26: 0 | O26: 0 | P26: 0 | Q26: 0 | R26: 0 | S26: 0 | T26: 0 | U26: 0 | V26: 0 | W26: 0 | X26: 0 | Y26: 0
C27: 6 | D27: DARDO, DE PLASTICO DE 300G, Dardo de plástico com ponteira de borracha, 300g. Corpo em plástico PVC de alta resistência, integrado com empunhadura em espiral para maior aderência às mãos. Comprimento 70cm e peso de 300 gramas. Ponteira substituível de borracha. Cores variadas. | E27: 52.10 | F27: Gill | G27: PECA | H27: 20 | I27: 20 | J27: 159.9 | L27: =K27-(SUM(N27:Y27)) -> 0 | M27: =IF(L27<0,"ATENÇÃO","OK") -> OK | N27: 0 | O27: 0 | P27: 0 | Q27: 0 | R27: 0 | S27: 0 | T27: 0 | U27: 0 | V27: 0 | W27: 0 | X27: 0 | Y27: 0
C28: 7 | D28: DARDO, DE PLASTICO DE 400G, Dardo de plástico com ponteira de borracha, 400g. Corpo em plástico PVC de alta resistência, integrado com empunhadura em espiral para maior aderência às mãos. Comprimento 70cm e peso de 400 gramas. Ponteira substituível de borracha. Cores variadas. | E28: 52.10 | F28: Gill | G28: PECA | H28: 20 | I28: 20 | J28: 179.9 | L28: =K28-(SUM(N28:Y28)) -> 0 | M28: =IF(L28<0,"ATENÇÃO","OK") -> OK | N28: 0 | O28: 0 | P28: 0 | Q28: 0 | R28: 0 | S28: 0 | T28: 0 | U28: 0 | V28: 0 | W28: 0 | X28: 0 | Y28: 0
C29: 8 | D29: MARTELO DE ARREMESSO, EM PVC DE 1KG, Martelo de PVC 1Kg. Ideal para iniciação. Feito de PVC macio. | E29: 52.10 | F29: Vinex | G29: PECA | H29: 20 | I29: 20 | J29: 99.9 | L29: =K29-(SUM(N29:Y29)) -> 0 | M29: =IF(L29<0,"ATENÇÃO","OK") -> OK | N29: 0 | O29: 0 | P29: 0 | Q29: 0 | R29: 0 | S29: 0 | T29: 0 | U29: 0 | V29: 0 | W29: 0 | X29: 0 | Y29: 0
C30: 9 | D30: MARTELO DE ARREMESSO, EM PVC DE 500G, Martelo de PVC 500g. Feito de PVC macio, 500g. | E30: 52.10 | F30: Vinex | G30: PECA | H30: 20 | I30: 20 | J30: 79.9 | L30: =K30-(SUM(N30:Y30)) -> 0 | M30: =IF(L30<0,"ATENÇÃO","OK") -> OK | N30: 0 | O30: 0 | P30: 0 | Q30: 0 | R30: 0 | S30: 0 | T30: 0 | U30: 0 | V30: 0 | W30: 0 | X30: 0 | Y30: 0
C31: 10 | D31: MARTELO DE ARREMESSO, PESANDO 3KG, Martelo de Atletismo de aço, 3 kg, 85 mm, para lançamento. Pode ser usado em competições e treinamento. Cabeça com diâmetro de 85 mm com acabamento rígido de aço galvanizado com pintura a pó e núcleo de chumbo, peso e diâmetro precisos, formato esférico, equilíbrio perfeito e superfície totalmente lisa. Cabo de aço galvanizado com 3,2 mm de espessura e 992 mm de comprimento. Empunhadura curvada de 110 mm de comprimento e largura com suporte e anel de aço e apoio de mão de alumínio. Peso total (incluindo cabo e empunhadura): 3,005 a 3,025 kg. Produto oficial, certificado pela IAAF. | E31: 52.10 | F31: Vinex | G31: PECA | H31: 20 | I31: 20 | J31: 249.45 | L31: =K31-(SUM(N31:Y31)) -> 0 | M31: =IF(L31<0,"ATENÇÃO","OK") -> OK | N31: 0 | O31: 0 | P31: 0 | Q31: 0 | R31: 0 | S31: 0 | T31: 0 | U31: 0 | V31: 0 | W31: 0 | X31: 0 | Y31: 0
C32: 11 | D32: PESO PARA ARREMESSO, PESANDO 4KG, Peso de Atletismo Indoor, 4,00 KG para arremesso. Revestimento de PVC macio de alta resistência com recheio de microesferas de aço. Diâmetro de 135 mm. Peso: 4,00 kg. Produto oficial para competições indoor, conforme regras da IAAF. | E32: 52.10 | F32: Vinex | G32: PECA | H32: 20 | I32: 20 | J32: 179.9 | L32: =K32-(SUM(N32:Y32)) -> 0 | M32: =IF(L32<0,"ATENÇÃO","OK") -> OK | N32: 0 | O32: 0 | P32: 0 | Q32: 0 | R32: 0 | S32: 0 | T32: 0 | U32: 0 | V32: 0 | W32: 0 | X32: 0 | Y32: 0
C33: 12 | D33: PESO PARA ARREMESSO, PESANDO 5KG, Peso de Atletismo Indoor, 5,00 kg para arremesso. Revestimento de PVC macio de alta resistência com recheio de microesferas de aço. Diâmetro de 135 mm. Peso: 5,00 kg. Produto oficial para competições indoor, conforme regras da IAAF. | E33: 52.10 | F33: Vinex | G33: PECA | H33: 20 | I33: 20 | J33: 254.9 | L33: =K33-(SUM(N33:Y33)) -> 0 | M33: =IF(L33<0,"ATENÇÃO","OK") -> OK | N33: 0 | O33: 0 | P33: 0 | Q33: 0 | R33: 0 | S33: 0 | T33: 0 | U33: 0 | V33: 0 | W33: 0 | X33: 0 | Y33: 0
C34: 13 | D34: TRENO, PARA TREINAMENTO ESPORTIVO, Trenó para treinamento de força. Para uso na grama ou areia. Estrutura de aço tubular, pintura a pó. Inclui cinto ajustável com velcro e fita reforçada de nylon. Tamanho: 70 cm de comprimento x 30 cm de largura, peso de 2 kg. | E34: 52.10 | F34: Vinex | G34: PECA | H34: 20 | I34: 20 | J34: 184.95 | L34: =K34-(SUM(N34:Y34)) -> 0 | M34: =IF(L34<0,"ATENÇÃO","OK") -> OK | N34: 0 | O34: 0 | P34: 0 | Q34: 0 | R34: 0 | S34: 0 | T34: 0 | U34: 0 | V34: 0 | W34: 0 | X34: 0 | Y34: 0
A35: FRATELLI COMERCIO DE MAQUINAS E EQUIPAMENTOS LTDA ME | B35: 3 | C35: 1 | D35: CARRO MANUAL PARA TRANSPORTE, DE BLOCOS DE PARTIDA, Carrinho para transporte de blocos de partida. Feito de aço e rodas Heavy Duty com dispositivo de bloqueio. Pintura a pó, resistente à corrosão, impacto, ação química, etc. Transporta até 10 blocos de partida. | E35: 52.10 | F35: Vinex | G35: PECA | H35: 20 | I35: 20 | J35: 679.9 | L35: =K35-(SUM(N35:Y35)) -> 0 | M35: =IF(L35<0,"ATENÇÃO","OK") -> OK | N35: 0 | O35: 0 | P35: 0 | Q35: 0 | R35: 0 | S35: 0 | T35: 0 | U35: 0 | V35: 0 | W35: 0 | X35: 0 | Y35: 0
C36: 2 | D36: CARRO MANUAL PARA TRANSPORTE, DE DISCOS, PESOS E DARDOS, Carrinho para transporte de discos, pesos e dardos. Feito de aço tubular de alta resistência, rodas giratórias reforçadas. Pintura a pó, resistente à corrosão, impacto, ação química. Transporta 12 dardos, 12 pesos e 30 discos. | E36: 52.10 | F36: Vinex | G36: PECA | H36: 20 | I36: 20 | J36: 748 | L36: =K36-(SUM(N36:Y36)) -> 0 | M36: =IF(L36<0,"ATENÇÃO","OK") -> OK | N36: 0 | O36: 0 | P36: 0 | Q36: 0 | R36: 0 | S36: 0 | T36: 0 | U36: 0 | V36: 0 | W36: 0 | X36: 0 | Y36: 0
A37: FRATELLI COMERCIO DE MAQUINAS E EQUIPAMENTOS LTDA ME | B37: 4 | C37: 1 | D37: CONTROLADOR DE 24 SEGUNDOS, PARA BASQUETEBOL, Controlador de 24 segundos para basquetebol com dois Módulos mostradores, dois dígitos por módulo, Cronômetro regressivo de 24 e 30 segundos selecionável por chave, Marcador de faltas individuais de jogador de 1 a 5, Alarme de Sirene intermitente de 120 dB acionada manualmente ou automaticamente quando tempo esgotado, Gabinete em alumínio com pintura eletrostática, parte Frontal dos Dígitos em Acrílico translúcido vermelho, Painel de Comandos Microcontrolado com display de cristal líquido, com comunicação wireless. | E37: 52.10 | F37: Tecnodis/HS24 | G37: PECA | H37: 20 | I37: 20 | J37: 1409 | L37: =K37-(SUM(N37:Y37)) -> 0 | M37: =IF(L37<0,"ATENÇÃO","OK") -> OK | N37: 0 | O37: 0 | P37: 0 | Q37: 0 | R37: 0 | S37: 0 | T37: 0 | U37: 0 | V37: 0 | W37: 0 | X37: 0 | Y37: 0
C38: 2 | D38: PLACAR ELETRONICO, PARA GINASIO, Placar eletrônico para ginásios esportivos, resistente e de formato compacto. Para ginásios de pequeno porte, o placar eletrônico deve apresenta informações necessárias para jogos de basquetebol, futsal, handebol e vôlei, Equipado com alça de deslocamento, engates para fixação em paredes e pés de suporte, campainha que é acionada quando zera o cronômetro ou no pedido de tempo, de forma manual ou automática, cronômetro digital progressivo ou regressivo, memória para armazenamento de dados, comunicação via rádio freqüencia. Largura: 100cm, altura: 80cm, espessura: 5,5cm, peso: 16kg, consumo: 80watts, alimentação dos dados: teclado de comando com display altura do display: 14,5cm. Escores: de 0 a 199 indicação de faltas coletivas: de 0 a 19 indicação do período do jogo: de 0 a 19. | E38: 52.10 | F38: Tecnodis/ESP 15/1 | G38: PECA | H38: 20 | I38: 20 | J38: 3920.92 | K38: 1 | L38: =K38-(SUM(N38:Y38)) -> 1 | M38: =IF(L38<0,"ATENÇÃO","OK") -> OK | N38: 0 | O38: 0 | P38: 0 | Q38: 0 | R38: 0 | S38: 0 | T38: 0 | U38: 0 | V38: 0 | W38: 0 | X38: 0 | Y38: 0
A39: FRATELLI COMERCIO DE MAQUINAS E EQUIPAMENTOS LTDA ME | B39: 5 | C39: 1 | D39: ADIPOMETRO, PLICOMETRO CIENTIFICO, Plicômetro científico tradicional, com sensibilidade de 0,1 mm, amplitude de leitura de 85mm e pressão de 10g/mm². Montagem em base de alumínio com revestimento epoxi. Cabo e protetor em nylon technyl. Ponteiras (fixas) não metálicas. Molas em aço zincado. Relógio de alta precisão. | E39: 52.04 | F39: Cescorf | G39: PECA | H39: 20 | I39: 20 | J39: 850 | K39: 1 | L39: =K39-(SUM(N39:Y39)) -> 1 | M39: =IF(L39<0,"ATENÇÃO","OK") -> OK | N39: 0 | O39: 0 | P39: 0 | Q39: 0 | R39: 0 | S39: 0 | T39: 0 | U39: 0 | V39: 0 | W39: 0 | X39: 0 | Y39: 0
C40: 2 | D40: SIMETROGRAFO, ESTRUTURA DE ALUMINIO QUADRICULADO (P/FISIOTERAPIA), Confeccionado em ferro, com pintura epóxi de alta resistência. Maior detalhe na avaliação pois tem quadrados divididos de 5,0cm em 5,0cm. Dividido em 6 partes metálicas e acompanha 100m de elástico para marcar as linhas de medida. Tamanho: 190cm X 90cm. Garantia: 12 meses contra defeito de fabricação. | E40: 52.08 | F40: Sanny | G40: PECA | H40: 20 | I40: 20 | J40: 717 | K40: 1 | L40: =K40-(SUM(N40:Y40)) -> 1 | M40: =IF(L40<0,"ATENÇÃO","OK") -> OK | N40: 0 | O40: 0 | P40: 0 | Q40: 0 | R40: 0 | S40: 0 | T40: 0 | U40: 0 | V40: 0 | W40: 0 | X40: 0 | Y40: 0
A41: SKINA 1820 INDUSTRI A ECOMERCIO LTDA | B41: 6 | C41: 1 | D41: DIVA, BAIXO COM TABLADO DE MADEIRA, revestido em courvin com espuma de 5 cm. Medidas aproximadas de: 1,86 x 0,44 x 1,35m | E41: 52.42 | F41: MEX | G41: PECA | H41: 20 | I41: 20 | J41: 825.23 | L41: =K41-(SUM(N41:Y41)) -> 0 | M41: =IF(L41<0,"ATENÇÃO","OK") -> OK | N41: 0 | O41: 0 | P41: 0 | Q41: 0 | R41: 0 | S41: 0 | T41: 0 | U41: 0 | V41: 0 | W41: 0 | X41: 0 | Y41: 0
A42: WILSON TADEU EMERIM EIRELI ME / DELLA COMERCIO E REPRESENTAÇÕES | B42: 7 | C42: 1 | D42: FITA DE MEDIDAS ATROPOMETRICAS, TRENA EM FIBRA DE VIDRO, 150 CM., Trena para medições das circunferências do corpo, com medidas rápidas e precisas. Possui retração automática e trava na extremidade da fita para que com um único toque, no botão central, envolva a região a ser medida, liberando as mãos do profissional para as anotações. | E42: 52.10 | F42: Sanny/TR 4013 | G42: PECA | H42: 20 | I42: 20 | J42: 25.43 | K42: 1 | L42: =K42-(SUM(N42:Y42)) -> 1 | M42: =IF(L42<0,"ATENÇÃO","OK") -> OK | N42: 0 | O42: 0 | P42: 0 | Q42: 0 | R42: 0 | S42: 0 | T42: 0 | U42: 0 | V42: 0 | W42: 0 | X42: 0 | Y42: 0
C43: 2 | D43: BALANCA, DIGITAL TIPO PLATAFORMA, CAPACIDADE 150 KG, Balança Digital com Plataforma de Vidro para uso pessoal para cargas de até 150Kg. Dados técnicos: Balança Digital com plataforma de vidro temperado de 8 mm, acionamento por toque, possui desligamento automático com um visor de LCD de fácil visualização e com capacidade para até 150 Kg. Garantia: 01 ano; Cor: Transparente; Tipo: Digital; Visor: cristal líquido; Plataforma de vidro temperado com 10 mm de espessura; Números grandes de fácil visualização; Peso máximo recomendado: 150kg; Peso do Produto: 1,5kg; Medidas: 3x30x30cm (AxLxC); Contém: 01 balança e 01 Bateria de lítio CRV2032 | E43: 52.04 | F43: G-Lite/CA 500 | G43: PECA | H43: 20 | I43: 20 | J43: 194.92 | L43: =K43-(SUM(N43:Y43)) -> 0 | M43: =IF(L43<0,"ATENÇÃO","OK") -> OK | N43: 0 | O43: 0 | P43: 0 | Q43: 0 | R43: 0 | S43: 0 | T43: 0 | U43: 0 | V43: 0 | W43: 0 | X43: 0 | Y43: 0
C44: 3 | D44: BALANCA, DIGITAL,CAPACIDADE P/ 150 KG,MOD.2096, Balança digital com analisador de composição corporal por bioimpedância. Especificações técnicas: peso em Kg, % de gordura (taxa de gordura), % de água (taxa de líquidos), massa óssea, massa muscular, índice metabólico basal, idade metabólica, memória para 4 usuários, tecla “visitante” (sem armazenamento de dados), função “somente peso”, modo “atleta”, teclas de função iluminadas, resgate da última leitura de peso, % gordura, % água e massa muscular, capacidade: 150kg, graduação de peso: 0,1kg, graduação em %: 0,1%, suprimento de energia: 04 pilhas AA (inclusas). | E44: 52.04 | F44: Tanita/BC-553 | G44: PECA | H44: 20 | I44: 20 | J44: 2020.21 | L44: =K44-(SUM(N44:Y44)) -> 0 | M44: =IF(L44<0,"ATENÇÃO","OK") -> OK | N44: 0 | O44: 0 | P44: 0 | Q44: 0 | R44: 0 | S44: 0 | T44: 0 | U44: 0 | V44: 0 | W44: 0 | X44: 0 | Y44: 0
A45: SKINA 1820 INDUSTRI A ECOMERCIO LTDA | B45: 8 | C45: 1 | D45: CATRACA, ELETRONICA PARA CONTROLE DE ACESSO DE PESSOAS, Catraca para academia com software de controle integrado. Braço bidirecional em aço inox (entra e sai). Sistema de giro suave. Paineis configuráveis com teclado. Acompanha software de gerenciamento de academias (dados cadastrais, matrícula, frequência, controle de acesso, bloqueios de acesso, controle de horários, relatórios em geral, financeiro, etc) para controle de no mínimo 400 pessoas. Acesso por digital, cartão ou senha. Deverá possibilitar o cadastro de foto com webcam (incluída). | E45: 52.99 | F45: DIMEP | G45: PECA | H45: 20 | I45: 20 | J45: 3046.66 | L45: =K45-(SUM(N45:Y45)) -> 0 | M45: =IF(L45<0,"ATENÇÃO","OK") -> OK | N45: 0 | O45: 0 | P45: 0 | Q45: 0 | R45: 0 | S45: 0 | T45: 0 | U45: 0 | V45: 0 | W45: 0 | X45: 0 | Y45: 0
A46: FRATELLI COMERCIO DE MAQUINAS E EQUIPAMENTOS LTDA ME | B46: 9 | C46: 1 | D46: CRONOMETRO, CRONOMETRO PROFISSIONAL DIGITAL, Cronômetro de borda grande, em polietileno, com 70cm de diâmetro, para piscina. | E46: 52.04 | F46: ProSwin | G46: PECA | H46: 20 | I46: 20 | J46: 1570 | L46: =K46-(SUM(N46:Y46)) -> 0 | M46: =IF(L46<0,"ATENÇÃO","OK") -> OK | N46: 0 | O46: 0 | P46: 0 | Q46: 0 | R46: 0 | S46: 0 | T46: 0 | U46: 0 | V46: 0 | W46: 0 | X46: 0 | Y46: 0
A47: SKINA 1820 INDUSTRI A ECOMERCIO LTDA | B47: 10 | C47: 1 | D47: MOLDURA, PARA ESPELHO DE POSTURA, Moldura para espelho de postura. Construída com madeira resistente e renovável, que tenha recebido processo de envernizamento e impermeabilização. Possui rodas. Permite colocação de espelho com medidas: 1650 x 510 mm | E47: 52.34 | F47: MULTIMEED | G47: PECA | H47: 20 | I47: 20 | J47: 365.41 | L47: =K47-(SUM(N47:Y47)) -> 0 | M47: =IF(L47<0,"ATENÇÃO","OK") -> OK | N47: 0 | O47: 0 | P47: 0 | Q47: 0 | R47: 0 | S47: 0 | T47: 0 | U47: 0 | V47: 0 | W47: 0 | X47: 0 | Y47: 0
A48: SKINA 1820 INDUSTRI A ECOMERCIO LTDA | B48: 11 | C48: 1 | D48: CAMA ELASTICA, DIAMET.90CM,PROPRIOCEPTIVA,ALT.APROX.22CM,SUPORTA ATE 150KG, mini cama elastica, trampolim, aproximadamente com 90 cm | E48: 52.10 | F48: HIDROLIGHT | G48: PECA | H48: 20 | I48: 20 | J48: 374.19 | L48: =K48-(SUM(N48:Y48)) -> 0 | M48: =IF(L48<0,"ATENÇÃO","OK") -> OK | N48: 0 | O48: 0 | P48: 0 | Q48: 0 | R48: 0 | S48: 0 | T48: 0 | U48: 0 | V48: 0 | W48: 0 | X48: 0 | Y48: 0
C49: 2 | D49: CAMA ELASTICA, TAMANHO PEQUENO, Trampolim, Mini Cama Elástica Residencial. Confeccionado em tubo redondo aço 1010/1020, pintura em epóxi cor prata perolizado. Pés aparafusados, acompanhando chave estrela para fixar os mesmos. Tela sannet cor preta QR 3/2 costurada com linha de nylon a 30 alças de fita elástica, que garante o rebote, com reforço de fita militar de 50mm na parte superior contornando toda a tela. Sapatas em PVC cor preta, antiderrapante. Capacidade de peso: até 120kg. | E49: 52.12 | F49: HIDROLIGHT | G49: PECA | H49: 20 | I49: 20 | J49: 279.81 | L49: =K49-(SUM(N49:Y49)) -> 0 | M49: =IF(L49<0,"ATENÇÃO","OK") -> OK | N49: 0 | O49: 0 | P49: 0 | Q49: 0 | R49: 0 | S49: 0 | T49: 0 | U49: 0 | V49: 0 | W49: 0 | X49: 0 | Y49: 0
A50: SKINA 1820 INDUSTRI A ECOMERCIO LTDA | B50: 12 | C50: 1 | D50: MEDIDOR DE ESTATURA, ESTADIOMETRO DE PAREDE, Medidor de Estatura/Altura - Estadiometro de parede com 2m. Campo de Uso: até 2,00 m. Resolução: em milímetros ( intervalos 5 mm). Tolerância: + / - 5 mm. Matéria Prima: Tubo e escala em Alumínio anodizado, Escala antropométrica litografada. Suporte para fixação em parede de fácil instalação. Acompanha Manual de instruções para instalação. | E50: 52.04 | F50: SANNY | G50: PECA | H50: 20 | I50: 20 | J50: 232.83 | L50: =K50-(SUM(N50:Y50)) -> 0 | M50: =IF(L50<0,"ATENÇÃO","OK") -> OK | N50: 0 | O50: 0 | P50: 0 | Q50: 0 | R50: 0 | S50: 0 | T50: 0 | U50: 0 | V50: 0 | W50: 0 | X50: 0 | Y50: 0
A51: FRATELLI COMERCIO DE MAQUINAS E EQUIPAMENTOS LTDA ME | B51: 13 | C51: 1 | D51: PRANCHA DE STAND UP, PADDLE, COMPLETA, Composição do produto: Miolo - Poliuretano e poliestireno; Parte externa - Polietileno ou Skin; Remo - Cabo em alumínio e pá de plástico; Peso / Dimensões: Tamanho 9´8"; Largura 29"; Espessura 6"; Peso médio 16 Kgs. | E51: 52.20 | F51: Maré | G51: PECA | H51: 20 | I51: 20 | J51: 1730 | L51: =K51-(SUM(N51:Y51)) -> 0 | M51: =IF(L51<0,"ATENÇÃO","OK") -> OK | N51: 0 | O51: 0 | P51: 0 | Q51: 0 | R51: 0 | S51: 0 | T51: 0 | U51: 0 | V51: 0 | W51: 0 | X51: 0 | Y51: 0
A52: SKINA 1820 INDUSTRI A ECOMERCIO LTDA | B52: 14 | C52: 1 | D52: APARELHO DE ULTRA-SOM, TERAPEUTICO, Microprocessado. Desligamento automático ao fim da aplicação e sinalização sonora. Temporizador Programável. Potência Máxima 10 Watts; Contínuo e Pulsado (5%, 10% e 20%). Freqüências de modulação 16, 48 e 100Hz; Cálculo automático de atenuação de tecidos; Cabeçote transdutor 1 MHz; Cabeçote ergonômico ultra leve (200g); Suporte para o cabeçote transdutor; - Display de Cristal Líquido com iluminação verde; Indicação de potência no display; Indicação de desacoplamento sonora e no display; mínimo de 10 memórias para salvar protocolos e 24 indicações de tratamentos. | E52: 52.08 | F52: SHOPFISIO | G52: PECA | H52: 20 | I52: 20 | J52: 1272 | L52: =K52-(SUM(N52:Y52)) -> 0 | M52: =IF(L52<0,"ATENÇÃO","OK") -> OK | N52: 0 | O52: 0 | P52: 0 | Q52: 0 | R52: 0 | S52: 0 | T52: 0 | U52: 0 | V52: 0 | W52: 0 | X52: 0 | Y52: 0
C53: 2 | D53: APARELHO PARA FISIOTERAPIA, APARELHO DE MAGNETOTERAPIA ELETRONICO (MASSAGEADOR), Massageador terapêutico. Massageador vibrador portátil, com duas intensidades e 5 ponta para massagem, com bolsa para transporte, 220V. | E53: 52.08 | F53: SHOPFISIO | G53: PECA | H53: 20 | I53: 20 | J53: 122.5 | L53: =K53-(SUM(N53:Y53)) -> 0 | M53: =IF(L53<0,"ATENÇÃO","OK") -> OK | N53: 0 | O53: 0 | P53: 0 | Q53: 0 | R53: 0 | S53: 0 | T53: 0 | U53: 0 | V53: 0 | W53: 0 | X53: 0 | Y53: 0
C54: 3 | D54: CONCENTRADOR DE OXIGENIO, DE OXIGENIO, Valor de fluxo: variável de 0,5 a 5LPM (litros por minuto); Energia: 220V. | E54: 52.08 | F54: SHOPFISIO | G54: PECA | H54: 20 | I54: 20 | J54: 3196.47 | L54: =K54-(SUM(N54:Y54)) -> 0 | M54: =IF(L54<0,"ATENÇÃO","OK") -> OK | N54: 0 | O54: 0 | P54: 0 | Q54: 0 | R54: 0 | S54: 0 | T54: 0 | U54: 0 | V54: 0 | W54: 0 | X54: 0 | Y54: 0
C55: 4 | D55: ESFIGNOMANOMETRO, ESFIGMOMANOMETRO ANEROIDE ADULTO (D), Esfigmomanômetro grande aneróide adulto com pedestal; Esfigmomanômetro Aneróide com visor grande (15x15 cm) de 0 a 300 mmHg, caixa injetada em material termoplástico, mostrador plano de fácil leitura, base de ferro fundido com rodízios anti-ruido, haste de suporte em metal, alça para transporte, cesta para braçadeira, espiral em PVC, pêra e válvula. Componentes de metal com pintura eletrostática de alta resistência | E55: 52.08 | F55: MEDJET | G55: PECA | H55: 20 | I55: 20 | J55: 391.54 | K55: 1 | L55: =K55-(SUM(N55:Y55)) -> 1 | M55: =IF(L55<0,"ATENÇÃO","OK") -> OK | N55: 0 | O55: 0 | P55: 0 | Q55: 0 | R55: 0 | S55: 0 | T55: 0 | U55: 0 | V55: 0 | W55: 0 | X55: 0 | Y55: 0
C56: 5 | D56: ESTETOSCOPIO, CARDIOLOGICO ADULTO, Estetoscópio cardíaco de dois lados adulto e pediátrico. Com as seguintes caracteristicas: com desempenho acústico superior e altamente sensível. Com diafragma ajustável em cada um dos lados do auscultador. O lado maior auscuta em pacientes adultos, e o lado menor é para pacientes pediátricos ou pequenos, ao redor de curativos e para avaliação carótida. O lado pediátrico do auscultador deve ser convertido em um sino tradicional mediante a simples substituição do diafragma pelo anel de borracha ( sino) incluída na embalagem. - Sistema de diafragma de dupla freqüência de modo a permitir, com um único auscultador, o monitoramento dos sons de baixa e alta freqüência, sem a necessidade de rotação e perda de contato com o corpo do paciente. Auscultador de aço inoxidável.- Design de tubos em YAs olivas devem ser macias e confortáveis com um excelente selamento acústico. Molas internas ajustáveis, para proporcionar adequada tensão das hastes nos ouvidos. - Anel e diafragma com tratamento "anti-frio", mais confortável para o paciente.Com capacidade para a amplificação de sons cardíacos fracos, pulmonares ou de quaisquer outros sons corporais, bem como a auscultação normal e filtragem seletiva da freqüência. | E56: 52.08 | F56: 3M | G56: PECA | H56: 20 | I56: 20 | J56: 72.93 | K56: 1 | L56: =K56-(SUM(N56:Y56)) -> 1 | M56: =IF(L56<0,"ATENÇÃO","OK") -> OK | N56: 0 | O56: 0 | P56: 0 | Q56: 0 | R56: 0 | S56: 0 | T56: 0 | U56: 0 | V56: 0 | W56: 0 | X56: 0 | Y56: 0
C57: 6 | D57: OXIMETRO, OXIMETRO PORTATIL, Tela de LCD colorido, SPO2: intervalo de aferição: 70-99; Precisão da aferição: +/- 2%; Frequência de Pulso (FP): intervalo:30=235BPM; Precisão: +/- 2%; Intensidade de Pulso: Indicação em gráfico de barras; Energia: 2 pilhas alcalinas AAA; Autonomia: para suportar mais de 30 horas de uso. | E57: 52.08 | F57: IMFTEC | G57: PECA | H57: 20 | I57: 20 | J57: 1274.5 | L57: =K57-(SUM(N57:Y57)) -> 0 | M57: =IF(L57<0,"ATENÇÃO","OK") -> OK | N57: 0 | O57: 0 | P57: 0 | Q57: 0 | R57: 0 | S57: 0 | T57: 0 | U57: 0 | V57: 0 | W57: 0 | X57: 0 | Y57: 0
A58: WILSON TADEU EMERIM EIRELI ME / DELLA COMERCIO E REPRESENTAÇÕES | B58: 15 | C58: 1 | D58: PEDOMETRO, PEDOMETRO, Equipamento com as seguintes funções: contador de passos, contador de calorias, distância percorrida, relógio e cronômetro com resolução de 1/100 segundos. Sensor de caminhada e corrida e sistema “Flip-Up”. O equipamento deve acompanhas clip para cinto e bateria. Com garantia mínima de 12 meses a partir da data de entrega. | E58: 52.04 | F58: Nem Balance/Via Step | G58: PECA | H58: 20 | I58: 20 | J58: 203.5 | K58: 3 | L58: =K58-(SUM(N58:Y58)) -> 3 | M58: =IF(L58<0,"ATENÇÃO","OK") -> OK | N58: 0 | O58: 0 | P58: 0 | Q58: 0 | R58: 0 | S58: 0 | T58: 0 | U58: 0 | V58: 0 | W58: 0 | X58: 0 | Y58: 0
C59: 2 | D59: MONITOR CARDIACO, MONITOR CARDIACO, FREQUENCIMETRO C/SOFTWARE ENVIOS DE DADOS, Monitor Cardíaco; Principais Características: Hora; Luz Noturna; Data e dia da semana; Trava de botões; Frequência Cardíaca em BPM e em % da FC máxima; Zona-alvo manual em BPM e % - somente limite superior; HeartTouch: exibe informações alternadas no visor durante o exercício; Gasto calórico (em Kcal); Arquivo do exercício: 99 arquivos, com duraçao, calorias gastas (em Kcal), tempo dentro da zona-alvo e queima de gordura, média e máxima da FC do exercício; Arquivos totais: duraçao, nr de sessões e calorias (em Kcal); WearLink, transmissor codificado; Alarme: Despertador com soneca; visual e sonoro de zona-alvo Gráfico de zona alvo; Resistência à água: 50 m -OwnCode Polar (5kHz); Funcionamento: Bateria substituível; Peso Aproximado: 50 g; Garantia: Contra defeitos de fabricação; Acompanha transmissor e faixa regulável; Idiomas: textos em Inglês, alemão, sueco, finlandês, francês, espanhol, italiano e português | E59: 52.08 | F59: Polar/ RS 800 | G59: PECA | H59: 20 | I59: 20 | J59: 2440.27 | L59: =K59-(SUM(N59:Y59)) -> 0 | M59: =IF(L59<0,"ATENÇÃO","OK") -> OK | N59: 0 | O59: 0 | P59: 0 | Q59: 0 | R59: 0 | S59: 0 | T59: 0 | U59: 0 | V59: 0 | W59: 0 | X59: 0 | Y59: 0
C60: 3 | D60: MONITOR CARDIACO, MONITOR CARDIACO, FREQUENCIMETRO C/SOFTWARE ENVIOS DE DADOS, Monitor de frequência cardíaca com frequência cardíaca e zona alvo em BPM. Heart Touch: com visualização de até três informações alternadas no visor: frequência cardíaca, temporizador e hora. | E60: 52.08 | F60: Polar/ FT1 BLK | G60: PECA | H60: 20 | I60: 20 | J60: 229.37 | K60: 6 | L60: =K60-(SUM(N60:Y60)) -> 6 | M60: =IF(L60<0,"ATENÇÃO","OK") -> OK | N60: 0 | O60: 0 | P60: 0 | Q60: 0 | R60: 0 | S60: 0 | T60: 0 | U60: 0 | V60: 0 | W60: 0 | X60: 0 | Y60: 0
A61: SKINA 1820 INDUSTRI A ECOMERCIO LTDA | B61: 16 | C61: 1 | D61: HASTE DE FERRO, SUPORTE DE REDE FUTSAL, Medidas de 3,00 x 2,00 m. Fabricado com tubos galvanizados de 3" e recuo com tubos de 1 ½", com 80 cm na parte de baixo e 50 cm na parte de cima para sustentação das redes. Deverá ainda ser fixados ganchos para colocação das redes. Pintada com tinta branca e esmalte sintético anti-ferrugem. | E61: 52.10 | F61: SPORTIN | G61: PECA | H61: 20 | I61: 20 | J61: 555 | K61: 2 | L61: =K61-(SUM(N61:Y61)) -> 2 | M61: =IF(L61<0,"ATENÇÃO","OK") -> OK | N61: 0 | O61: 0 | P61: 0 | Q61: 0 | R61: 0 | S61: 0 | T61: 0 | U61: 0 | V61: 0 | W61: 0 | X61: 0 | Y61: 0
A62: ADBX COMERCIO E SERVIÇOS LTDA ME | B62: 17 | C62: 1 | D62: BOLA DE BORRACHA, DE FRESCOBOL, Bola de frescobol de borracha. Na cor azul, com preso aproximado e 67g e diâmetro de 6cm. | E62: 30.14 | F62: Lcm/N2 | G62: PECA | H62: 20 | I62: 20 | J62: 9.2 | L62: =K62-(SUM(N62:Y62)) -> 0 | M62: =IF(L62<0,"ATENÇÃO","OK") -> OK | N62: 0 | O62: 0 | P62: 0 | Q62: 0 | R62: 0 | S62: 0 | T62: 0 | U62: 0 | V62: 0 | W62: 0 | X62: 0 | Y62: 0
C63: 2 | D63: BOLA DE BORRACHA, LATEX, S/COSTURA, PESANDO 1 KG (MEDICINEBOL), Bola Medicine Ball de 1kg. Corpo de borracha sem costura, calibrável, lastro de borracha maciça. | E63: 30.14 | F63: Penalty/1kg | G63: PECA | H63: 20 | I63: 20 | J63: 95 | K63: 4 | L63: =K63-(SUM(N63:Y63)) -> 4 | M63: =IF(L63<0,"ATENÇÃO","OK") -> OK | N63: 0 | O63: 0 | P63: 0 | Q63: 0 | R63: 0 | S63: 0 | T63: 0 | U63: 0 | V63: 0 | W63: 0 | X63: 0 | Y63: 0
C64: 3 | D64: BOLA DE BORRACHA, NUMERO 10, Bola de borracha nº 10. Medida: diâmetro 16cm. Peso: 350g. Composição: borracha natural e borracha sintética (polibutadieno). Cores a definir. | E64: 30.14 | F64: Lcm/Nº10 | G64: PECA | H64: 20 | I64: 20 | J64: 24 | L64: =K64-(SUM(N64:Y64)) -> 0 | M64: =IF(L64<0,"ATENÇÃO","OK") -> OK | N64: 0 | O64: 0 | P64: 0 | Q64: 0 | R64: 0 | S64: 0 | T64: 0 | U64: 0 | V64: 0 | W64: 0 | X64: 0 | Y64: 0
C65: 4 | D65: BOLA DE BORRACHA, NUMERO 10, Bola de borracha nº 10. Medida: diâmetro 16cm. Peso: 350g. Composição: borracha natural e borracha sintética (polibutadieno). Cores a definir. | E65: 30.14 | F65: Pangue/2kg | G65: PECA | H65: 20 | I65: 20 | J65: 136 | K65: 4 | L65: =K65-(SUM(N65:Y65)) -> 4 | M65: =IF(L65<0,"ATENÇÃO","OK") -> OK | N65: 0 | O65: 0 | P65: 0 | Q65: 0 | R65: 0 | S65: 0 | T65: 0 | U65: 0 | V65: 0 | W65: 0 | X65: 0 | Y65: 0
C66: 5 | D66: BOLA DE TENIS DE CAMPO, (QUADRA),OFICIAL, ESTOJO COM 3 UNIDADES, Bola para tênis, oficial e aprovada pela IPF/CBT, em embalagem pressurizada (estojo), contendo no mínimo, três unidades por estojo. | E66: 30.14 | F66: Wilson/Shamp Ship | G66: ESTJO | H66: 20 | I66: 20 | J66: 28 | L66: =K66-(SUM(N66:Y66)) -> 0 | M66: =IF(L66<0,"ATENÇÃO","OK") -> OK | N66: 0 | O66: 0 | P66: 0 | Q66: 0 | R66: 0 | S66: 0 | T66: 0 | U66: 0 | V66: 0 | W66: 0 | X66: 0 | Y66: 0
C67: 6 | D67: BOLA P/FUTEBOL DE CAMPO, BRASIL,68-70CM DIAMETRO,410-450G PESO,PU ULTRA 100%, Bola de futebol de campo pró, PU, nº 5, categoria adulto, PU ultra 100%, sem custura e impermeável, com frisos em alto relevo, miolo removível e lubrificado; Peso: 410 a 450g; Circunferência: 68-70cm. Oficializada pela Federação Catarinense de Futebol. | E67: 30.14 | F67: Penalty/Pro S11 Brasil | G67: PECA | H67: 20 | I67: 20 | J67: 215 | K67: 10 | L67: =K67-(SUM(N67:Y67)) -> 10 | M67: =IF(L67<0,"ATENÇÃO","OK") -> OK | N67: 0 | O67: 0 | P67: 0 | Q67: 0 | R67: 0 | S67: 0 | T67: 0 | U67: 0 | V67: 0 | W67: 0 | X67: 0 | Y67: 0
C68: 7 | D68: BOLA PARA BASQUETEBOL, 6.4,72-74 DIAMETRO,510-565 PESO, 565,REMOVIVEL E LUBRIFICA, Bola de basquetebol, profissional, pró 6.4, matrizada, confeccionada em microfibra, sem custura e impermeável, com frisos em alto relevo; forro multiaxial, miolo removível e lubrificado; Peso: 510 a 565g; Circunferência: 72-74cm. Oficializada pela Federação Catarinense de Basquetebol. | E68: 30.14 | F68: Penalty/Pro 6,4 | G68: PECA | H68: 20 | I68: 20 | J68: 192 | K68: 15 | L68: =K68-(SUM(N68:Y68)) -> 15 | M68: =IF(L68<0,"ATENÇÃO","OK") -> OK | N68: 0 | O68: 0 | P68: 0 | Q68: 0 | R68: 0 | S68: 0 | T68: 0 | U68: 0 | V68: 0 | W68: 0 | X68: 0 | Y68: 0
C69: 8 | D69: BOLA PARA BASQUETEBOL, BASQUETE 7.4,DIAM 75-78,PESO 600-650,REMOVIVEL E LUBRIFICADA, Bola de basquetebol, profissional, pró 7.4, categoria masculino, matrizada, confeccionada em microfibra, sem custura e impermeável, com frisos em alto relevo; forro multiaxial, miolo removível e lubrificado; Peso: 600 a 675g; Circunferência: 75-77cm. Oficializada pela Federação Catarinense de Basquetebol. | E69: 30.14 | F69: Penalty/Pro 7,4 | G69: PECA | H69: 20 | I69: 20 | J69: 212 | K69: 15 | L69: =K69-(SUM(N69:Y69)) -> 15 | M69: =IF(L69<0,"ATENÇÃO","OK") -> OK | N69: 0 | O69: 0 | P69: 0 | Q69: 0 | R69: 0 | S69: 0 | T69: 0 | U69: 0 | V69: 0 | W69: 0 | X69: 0 | Y69: 0
C70: 9 | D70: BOLA PARA BASQUETEBOL, CATEGORIA MIRIM, Bola Basquete Pro 5.6. Bola de basquete categoria mirim, confeccionada em microfribra, na cor laranja, com câmara airbility, forro multiaxial, miolo Slip System (lubrificado e substituível), com peso entre 450 a 500 gramas, circunferência entre 72 a 74 cm, Aprovada pela FIBA - Federação Internacional de Basquetebol. | E70: 30.14 | F70: Penalty/Pro 5,6 | G70: PECA | H70: 20 | I70: 20 | J70: 170 | L70: =K70-(SUM(N70:Y70)) -> 0 | M70: =IF(L70<0,"ATENÇÃO","OK") -> OK | N70: 0 | O70: 0 | P70: 0 | Q70: 0 | R70: 0 | S70: 0 | T70: 0 | U70: 0 | V70: 0 | W70: 0 | X70: 0 | Y70: 0
C71: 10 | D71: BOLA PARA FUTEBOL DE SALAO, CATEGORIA ADULTO, Bola de futsal. Com 32 gomos costurados a mão. Circunferência: 61-64cm, peso aproximado 410-440g; PU; Miolo removível e lubrificado; sem custura e impermeável. | E71: 30.14 | F71: Penalty/Max500c/c | G71: PECA | H71: 20 | I71: 20 | J71: 139.9 | L71: =K71-(SUM(N71:Y71)) -> 0 | M71: =IF(L71<0,"ATENÇÃO","OK") -> OK | N71: 0 | O71: 0 | P71: 0 | Q71: 0 | R71: 0 | S71: 0 | T71: 0 | U71: 0 | V71: 0 | W71: 0 | X71: 0 | Y71: 0
C72: 11 | D72: BOLA PARA FUTEBOL DE SALAO, CATEGORIA INFANTIL, Bola oficial de futsal, tamanho infantil (sub-13), sem custura e impermeável, com 8 gomos, confeccionada em PU ultra 100%, com miolo removível e lubrificado. Com as seguintes dimensões: 55,0-59,0cm, peso: 350-380g. | E72: 30.14 | F72: Penalty/Max200 | G72: PECA | H72: 20 | I72: 20 | J72: 115 | L72: =K72-(SUM(N72:Y72)) -> 0 | M72: =IF(L72<0,"ATENÇÃO","OK") -> OK | N72: 0 | O72: 0 | P72: 0 | Q72: 0 | R72: 0 | S72: 0 | T72: 0 | U72: 0 | V72: 0 | W72: 0 | X72: 0 | Y72: 0
C73: 12 | D73: BOLA PARA FUTEBOL DE SALAO, DE COURO, Bola oficial de futsal, com 8 gomos, confeccionada em PU ultra 100%, sem custura e impermeável, com miolo removível e lubrificado. Com as seguintes dimensões: 62,5-63,5cm, peso: 410-430g. | E73: 30.14 | F73: Penalty/Max1000 | G73: PECA | H73: 20 | I73: 20 | J73: 161.2 | K73: 15 | L73: =K73-(SUM(N73:Y73)) -> 15 | M73: =IF(L73<0,"ATENÇÃO","OK") -> OK | N73: 0 | O73: 0 | P73: 0 | Q73: 0 | R73: 0 | S73: 0 | T73: 0 | U73: 0 | V73: 0 | W73: 0 | X73: 0 | Y73: 0
C74: 13 | D74: BOLA PARA HANDEBOL, CATEGORIA ADULTO,FEMININO,CONFECCIONDA EM PU, Bola oficial de handebol, tamanho feminino, costurada, com 32 gomos, confeccionada em PU, com miolo removível e lubrificado. Bola oficial da Confederação Brasileira de Handebol (CBHb) e aprovada pela Federação Internacional de Handebol (IHF) com as seguintes medidas: Circunferência 54-56cm; peso: 325-400g. | E74: 30.14 | F74: Penalty/H2L Suécia | G74: PECA | H74: 20 | I74: 20 | J74: 160 | L74: =K74-(SUM(N74:Y74)) -> 0 | M74: =IF(L74<0,"ATENÇÃO","OK") -> OK | N74: 0 | O74: 0 | P74: 0 | Q74: 0 | R74: 0 | S74: 0 | T74: 0 | U74: 0 | V74: 0 | W74: 0 | X74: 0 | Y74: 0
C75: 14 | D75: BOLA PARA HANDEBOL, CATEGORIA H1L, Bola de handebol costurada H1 Oficial, matrizada, com 32 gomos, confeccionada em PVC. Tamanho: 49-51 peso: 230-270g miolo removível e lubrificado. | E75: 30.14 | F75: Penalty/H1L PVC | G75: PECA | H75: 20 | I75: 20 | J75: 130 | L75: =K75-(SUM(N75:Y75)) -> 0 | M75: =IF(L75<0,"ATENÇÃO","OK") -> OK | N75: 0 | O75: 0 | P75: 0 | Q75: 0 | R75: 0 | S75: 0 | T75: 0 | U75: 0 | V75: 0 | W75: 0 | X75: 0 | Y75: 0
C76: 15 | D76: BOLA PARA HANDEBOL, CATEGORIA H2L, Bola de handebol costurada H2 , matrizada, com 32 gomos, confeccionada em PVC. Tamanho: 49-51 peso:230-270g miolo removível e lubrificado; frisps em alto relevo. | E76: 30.14 | F76: Penalty/H2L PVC | G76: PECA | H76: 20 | I76: 20 | J76: 144.9 | K76: 15 | L76: =K76-(SUM(N76:Y76)) -> 15 | M76: =IF(L76<0,"ATENÇÃO","OK") -> OK | N76: 0 | O76: 0 | P76: 0 | Q76: 0 | R76: 0 | S76: 0 | T76: 0 | U76: 0 | V76: 0 | W76: 0 | X76: 0 | Y76: 0
C77: 16 | D77: BOLA PARA HANDEBOL, CATEGORIA H2L, Bola de handebol, H2L, costurada, categoria adulto feminino, confeccionada com o exclusivo PU ultra grip; câmara airbility, forro multiaxial, miolo slip system removível e lubrificado; Peso: 325 a 400g; Circunferência: 54 a 56cm. Oficializada pela Confederação Brasileira de Handebol. | E77: 30.14 | F77: Penalty/H2L Suécia | G77: PECA | H77: 20 | I77: 20 | J77: 170 | L77: =K77-(SUM(N77:Y77)) -> 0 | M77: =IF(L77<0,"ATENÇÃO","OK") -> OK | N77: 0 | O77: 0 | P77: 0 | Q77: 0 | R77: 0 | S77: 0 | T77: 0 | U77: 0 | V77: 0 | W77: 0 | X77: 0 | Y77: 0
C78: 17 | D78: BOLA PARA HANDEBOL, MASCULINO,CATEGORIA H3L, Bola de handebol costurada H3 tamanho masculino, com 32 gomos, confeccionada com PU ultra grip, câmera de butil e miolo removível, com 58 a 60cm de circunferência, peso variado entre 425 a 475g. | E78: 30.14 | F78: Penalty/H3L Suécia | G78: PECA | H78: 20 | I78: 20 | J78: 168 | K78: 15 | L78: =K78-(SUM(N78:Y78)) -> 15 | M78: =IF(L78<0,"ATENÇÃO","OK") -> OK | N78: 0 | O78: 0 | P78: 0 | Q78: 0 | R78: 0 | S78: 0 | T78: 0 | U78: 0 | V78: 0 | W78: 0 | X78: 0 | Y78: 0
C79: 18 | D79: BOLA PARA HANDEBOL, MASCULINO,CATEGORIA H3L, Bola de handebol, H3L, costurada, categoria adulto masculino, confeccionada com o exclusivo PU ultra grip; câmara airbility, forro multiaxial, miolo slip system removível e lubrificado; Peso: 425 a 475g; Circunferência: 58 a 60cm. Oficializada pela Confederação Brasileira de Handebol. | E79: 30.14 | F79: Penalty/H3L Suécia | G79: PECA | H79: 20 | I79: 20 | J79: 126.9 | L79: =K79-(SUM(N79:Y79)) -> 0 | M79: =IF(L79<0,"ATENÇÃO","OK") -> OK | N79: 0 | O79: 0 | P79: 0 | Q79: 0 | R79: 0 | S79: 0 | T79: 0 | U79: 0 | V79: 0 | W79: 0 | X79: 0 | Y79: 0
C80: 19 | D80: BOLA PARA TENIS DE MESA, MODELO OFICIAL, Bola de tênis de mesa oficial, na cor laranja; com peso aproximado de 40g diâmetro de 4cm confecionado em acetato de celuloide. | E80: 30.14 | F80: Yashima 40 mm | G80: PECA | H80: 20 | I80: 20 | J80: 9.5 | L80: =K80-(SUM(N80:Y80)) -> 0 | M80: =IF(L80<0,"ATENÇÃO","OK") -> OK | N80: 0 | O80: 0 | P80: 0 | Q80: 0 | R80: 0 | S80: 0 | T80: 0 | U80: 0 | V80: 0 | W80: 0 | X80: 0 | Y80: 0
C81: 20 | D81: BOLA PARA VOLEI DE PRAIA, MODELO OFICIAL, Bola beach volley PRO, sem custura e impermeável, couro sintético com miolo removível, peso 250g. | E81: 30.14 | F81: Penalty/Beach Pro | G81: PECA | H81: 20 | I81: 20 | J81: 167.8 | L81: =K81-(SUM(N81:Y81)) -> 0 | M81: =IF(L81<0,"ATENÇÃO","OK") -> OK | N81: 0 | O81: 0 | P81: 0 | Q81: 0 | R81: 0 | S81: 0 | T81: 0 | U81: 0 | V81: 0 | W81: 0 | X81: 0 | Y81: 0
C82: 21 | D82: BOLA PARA VOLEI DE PRAIA, MODELO OFICIAL, Bola de voleibol de praia oficial, confeccionada em microfibra, costurada, câmara airbility; miolo slip system removível e lubrificado. Peso: 260 a 280g; Circunferência: 65 – 67cm.Oficializada pela Federação Catarinense de Voleibol. | E82: 30.14 | F82: Penalty/Pro Beach | G82: PECA | H82: 20 | I82: 20 | J82: 156 | L82: =K82-(SUM(N82:Y82)) -> 0 | M82: =IF(L82<0,"ATENÇÃO","OK") -> OK | N82: 0 | O82: 0 | P82: 0 | Q82: 0 | R82: 0 | S82: 0 | T82: 0 | U82: 0 | V82: 0 | W82: 0 | X82: 0 | Y82: 0
C83: 22 | D83: BOLA PARA VOLEIBOL, EM MATERIAL SINTETICO,COSTURADA,MODELO OFICIAL, Bola de voleibol de quadra, modelo pró 6.0, matrizada, confeccionada em microfibra; miolo removível e lubrificado; com frisos em alto relevo. Peso: 260 a 280g; Circunferência: 65 a 67cm. Oficializada pela Federação Catarinense de voleibol. | E83: 30.14 | F83: Penalty/Pro 6.0 | G83: PECA | H83: 20 | I83: 20 | J83: 195 | K83: 15 | L83: =K83-(SUM(N83:Y83)) -> 15 | M83: =IF(L83<0,"ATENÇÃO","OK") -> OK | N83: 0 | O83: 0 | P83: 0 | Q83: 0 | R83: 0 | S83: 0 | T83: 0 | U83: 0 | V83: 0 | W83: 0 | X83: 0 | Y83: 0
C84: 23 | D84: BOLA MEDICINE BALL, BOLA MEDICINE BALL DE 2 KG., Corpo de borracha sem costura, calibrável, lastro de borracha maciça. | E84: 30.14 | F84: Penalty/2Kg | G84: PECA | H84: 20 | I84: 20 | J84: 118.6 | L84: =K84-(SUM(N84:Y84)) -> 0 | M84: =IF(L84<0,"ATENÇÃO","OK") -> OK | N84: 0 | O84: 0 | P84: 0 | Q84: 0 | R84: 0 | S84: 0 | T84: 0 | U84: 0 | V84: 0 | W84: 0 | X84: 0 | Y84: 0
C85: 24 | D85: BOLA MEDICINE BALL, BOLA MEDICINE BALL DE 3 KG, Bola Medicine Ball de borracha com alças 3 KG. Indicada para uso fisioterápico e treinamentos específicos. Matrizada, confeccionada de borracha, com câmara airbility, forro multiaxial e miolo Slip System, lubrificado e substituível. Fácil para segurar, durável e impermeável. Acompanha DVD com instruções/dicas de uso. | E85: 30.14 | F85: All Gim/ 3Kg com alças | G85: PECA | H85: 20 | I85: 20 | J85: 220 | L85: =K85-(SUM(N85:Y85)) -> 0 | M85: =IF(L85<0,"ATENÇÃO","OK") -> OK | N85: 0 | O85: 0 | P85: 0 | Q85: 0 | R85: 0 | S85: 0 | T85: 0 | U85: 0 | V85: 0 | W85: 0 | X85: 0 | Y85: 0
C86: 25 | D86: BOLA MEDICINE BALL, BOLA MEDICINE BALL DE 3 KG, Bola Medicine Ball, de borracha 3 KG. Indicada para uso fisioterápico e treinamentos específicos. Matrizada, confeccionada de borracha com câmara airbility, forro multiaxial e miolo Slip System , lubrificado e substituível. | E86: 30.14 | F86: Penalty/3Kg | G86: PECA | H86: 20 | I86: 20 | J86: 142.6 | L86: =K86-(SUM(N86:Y86)) -> 0 | M86: =IF(L86<0,"ATENÇÃO","OK") -> OK | N86: 0 | O86: 0 | P86: 0 | Q86: 0 | R86: 0 | S86: 0 | T86: 0 | U86: 0 | V86: 0 | W86: 0 | X86: 0 | Y86: 0
A87: ZERMIANI COMERCIO DE ARTIGOS ESPORTIVOS LTDA ME | B87: 18 | C87: 1 | D87: MATERIAIS PARA REABILITACAO AQUATICA, CANELEIRA EM NYLON, 1KG, Caneleira emborrachada 1,0kg, confeccionada em nylon 600 capenil trançado, enchimento com esfera de ferro, acabamento em viés, fecho em velcro. | E87: 30.14 | F87: CR Costura | G87: PECA | H87: 20 | I87: 20 | J87: 26.31 | L87: =K87-(SUM(N87:Y87)) -> 0 | M87: =IF(L87<0,"ATENÇÃO","OK") -> OK | N87: 0 | O87: 0 | P87: 0 | Q87: 0 | R87: 0 | S87: 0 | T87: 0 | U87: 0 | V87: 0 | W87: 0 | X87: 0 | Y87: 0
C88: 2 | D88: MATERIAIS PARA REABILITACAO AQUATICA, CANELEIRA EM NYLON, 2KG, Caneleira emborrachada 2,0kg, confeccionada em nylon 600 capenil trançado, enchimento com esfera de ferro, acabamento em viés, fecho em velcro. | E88: 30.14 | F88: CR Costura | G88: PECA | H88: 20 | I88: 20 | J88: 32.56 | L88: =K88-(SUM(N88:Y88)) -> 0 | M88: =IF(L88<0,"ATENÇÃO","OK") -> OK | N88: 0 | O88: 0 | P88: 0 | Q88: 0 | R88: 0 | S88: 0 | T88: 0 | U88: 0 | V88: 0 | W88: 0 | X88: 0 | Y88: 0
C89: 3 | D89: MATERIAIS PARA REABILITACAO AQUATICA, CANELEIRA EM NYLON, 3KG, Caneleira emborrachada 3kg, confeccionada em nylon 600 capenil trançado, enchimento com esfera de ferro, acabamento em viés, fecho em velcro. | E89: 30.14 | F89: CR Costura | G89: PECA | H89: 20 | I89: 20 | J89: 40.89 | K89: 10 | L89: =K89-(SUM(N89:Y89)) -> 10 | M89: =IF(L89<0,"ATENÇÃO","OK") -> OK | N89: 0 | O89: 0 | P89: 0 | Q89: 0 | R89: 0 | S89: 0 | T89: 0 | U89: 0 | V89: 0 | W89: 0 | X89: 0 | Y89: 0
C90: 4 | D90: MATERIAIS PARA REABILITACAO AQUATICA, CANELEIRA EM NYLON, 4KG, Caneleira emborrachada 4kg, confeccionada em nylon 600 capenil trançado, enchimento com esfera de ferro, acabamento em viés, fecho em velcro. | E90: 30.14 | F90: CR Costura | G90: PECA | H90: 20 | I90: 20 | J90: 50.14 | K90: 10 | L90: =K90-(SUM(N90:Y90)) -> 10 | M90: =IF(L90<0,"ATENÇÃO","OK") -> OK | N90: 0 | O90: 0 | P90: 0 | Q90: 0 | R90: 0 | S90: 0 | T90: 0 | U90: 0 | V90: 0 | W90: 0 | X90: 0 | Y90: 0
C91: 5 | D91: MATERIAIS PARA REABILITACAO AQUATICA, CANELEIRA EM NYLON, 5KG, Caneleira emborrachada 5kg, confeccionada em nylon 600 capenil trançado, enchimento com esfera de ferro, acabamento em viés, fecho em velcro. | E91: 30.14 | F91: CR Costura | G91: PECA | H91: 20 | I91: 20 | J91: 56.39 | K91: 10 | L91: =K91-(SUM(N91:Y91)) -> 10 | M91: =IF(L91<0,"ATENÇÃO","OK") -> OK | N91: 0 | O91: 0 | P91: 0 | Q91: 0 | R91: 0 | S91: 0 | T91: 0 | U91: 0 | V91: 0 | W91: 0 | X91: 0 | Y91: 0
C92: 6 | D92: CANELEIRA, CANELEIRA 3KG, Caneleira emborrachada 3kg, confeccionada em nylon 600 capenil trançado, enchimento com esfera de ferro, acabamento em viés, fecho em velcro. Dimensões aproximadas (LXAXP): 18x20x10cm. Garantia do fabricante: seis meses de garantia contra defeitos de fabricação. | E92: 52.10 | F92: CR Costura | G92: PECA | H92: 20 | I92: 20 | J92: 21.61 | K92: 30 | L92: =K92-(SUM(N92:Y92)) -> 30 | M92: =IF(L92<0,"ATENÇÃO","OK") -> OK | N92: 0 | O92: 0 | P92: 0 | Q92: 0 | R92: 0 | S92: 0 | T92: 0 | U92: 0 | V92: 0 | W92: 0 | X92: 0 | Y92: 0
C93: 7 | D93: CANELEIRA, CANELEIRA 4KG, Caneleira emborrachada 4kg, confeccionada em nylon 600 capenil trançado, enchimento com esfera de ferro, acabamento em viés, fecho em velcro. Dimensões aproximadas (LXAXP): 21X22X10cm. Garantia do fabricante: seis meses contra defeito de fabricação. | E93: 52.10 | F93: CR Costura | G93: PECA | H93: 20 | I93: 20 | J93: 28.78 | K93: 30 | L93: =K93-(SUM(N93:Y93)) -> 30 | M93: =IF(L93<0,"ATENÇÃO","OK") -> OK | N93: 0 | O93: 0 | P93: 0 | Q93: 0 | R93: 0 | S93: 0 | T93: 0 | U93: 0 | V93: 0 | W93: 0 | X93: 0 | Y93: 0
C94: 8 | D94: CANELEIRA, CANELEIRA 5KG, Caneleira emborrachada 5kg, confeccionada em nylon 600 capenil trançado, enchimento com esfera de ferro, acabamento em viés, fecho em velcro. Dimensões aproximadas (LXAXP): 22x22x11cm. Garantia do fabricante: seis meses contra defeito de fabricação. | E94: 52.10 | F94: CR Costura | G94: PECA | H94: 20 | I94: 20 | J94: 34.65 | K94: 30 | L94: =K94-(SUM(N94:Y94)) -> 30 | M94: =IF(L94<0,"ATENÇÃO","OK") -> OK | N94: 0 | O94: 0 | P94: 0 | Q94: 0 | R94: 0 | S94: 0 | T94: 0 | U94: 0 | V94: 0 | W94: 0 | X94: 0 | Y94: 0
A95: SKINA 1820 INDUSTRI A ECOMERCIO LTDA | B95: 19 | C95: 1 | D95: BANDEIROLA, BANDEIRA DE ARBITRO COM CABO DE ALUMINIO, Bandeira de árbitro com cabo de alumínio para competições de atletismo. Feita de tubo de alumínio e tecido sintético. Cores: Amarela, Branca ou Vermelha | E95: 30.14 | F95: VINEX | G95: PECA | H95: 20 | I95: 20 | J95: 63.26 | L95: =K95-(SUM(N95:Y95)) -> 0 | M95: =IF(L95<0,"ATENÇÃO","OK") -> OK | N95: 0 | O95: 0 | P95: 0 | Q95: 0 | R95: 0 | S95: 0 | T95: 0 | U95: 0 | V95: 0 | W95: 0 | X95: 0 | Y95: 0
C96: 2 | D96: BASTAO PARA PROVAS DE REVEZAMENTO, DE PLASTICO, Bastão de Revezamento IAAF. Feito de plástico. Conjunto com 8 unidades | E96: 30.14 | F96: VINEX | G96: PECA | H96: 20 | I96: 20 | J96: 88.95 | L96: =K96-(SUM(N96:Y96)) -> 0 | M96: =IF(L96<0,"ATENÇÃO","OK") -> OK | N96: 0 | O96: 0 | P96: 0 | Q96: 0 | R96: 0 | S96: 0 | T96: 0 | U96: 0 | V96: 0 | W96: 0 | X96: 0 | Y96: 0
C97: 3 | D97: CABO PARA MARTELO, OFICIAL EM A«O GALVANIZADO, Cabo Oficial para Martelo. Fabricado de aço galvanizado (3 mm de espessura). Conforme especificações da IAAF. 982 mm - Indicado para martelos: de 4 kg com 95-99 mm de diâmetro; de 5 kg com 100-104 mm de diâmetro; de 6 kg com 111-119 mm de diâmetro; de 7,26 kg com 111-119 mm de diâmetro. | E97: 30.42 | F97: POLANIK | G97: PECA | H97: 20 | I97: 20 | J97: 37.45 | L97: =K97-(SUM(N97:Y97)) -> 0 | M97: =IF(L97<0,"ATENÇÃO","OK") -> OK | N97: 0 | O97: 0 | P97: 0 | Q97: 0 | R97: 0 | S97: 0 | T97: 0 | U97: 0 | V97: 0 | W97: 0 | X97: 0 | Y97: 0
C98: 4 | D98: DISCO DE BORRACHA, PESO 1 KG, DISCO DE ATLETISMO 1,00 KG. Feito de borracha dura de alta resistência. Indicado para treinamento de lançamentos | E98: 30.14 | F98: VINEX | G98: PECA | H98: 20 | I98: 20 | J98: 68.95 | L98: =K98-(SUM(N98:Y98)) -> 0 | M98: =IF(L98<0,"ATENÇÃO","OK") -> OK | N98: 0 | O98: 0 | P98: 0 | Q98: 0 | R98: 0 | S98: 0 | T98: 0 | U98: 0 | V98: 0 | W98: 0 | X98: 0 | Y98: 0
C99: 5 | D99: DISCO PARA PRATICA ESPORTIVA, DISCO DE ATLETISMO DE 2 KG, Disco de Atletismo 2,00 KG. Feito de borracha dura de alta resistência. | E99: 30.14 | F99: VINEX | G99: PECA | H99: 20 | I99: 20 | J99: 87.95 | L99: =K99-(SUM(N99:Y99)) -> 0 | M99: =IF(L99<0,"ATENÇÃO","OK") -> OK | N99: 0 | O99: 0 | P99: 0 | Q99: 0 | R99: 0 | S99: 0 | T99: 0 | U99: 0 | V99: 0 | W99: 0 | X99: 0 | Y99: 0
C100: 6 | D100: EMPUNHADURA PARA MARTELO, CURVADA, Empunhadura para martelo curvada 110 mm. Suporte e anel de aço, apoio de mão de alumínio. Pintura a pó de alta resistência. Comprimento de 110 mm, largura de 110 mm. Certificada pela IAA. | E100: 30.14 | F100: POLANIK | G100: PECA | H100: 20 | I100: 20 | J100: 51.95 | L100: =K100-(SUM(N100:Y100)) -> 0 | M100: =IF(L100<0,"ATENÇÃO","OK") -> OK | N100: 0 | O100: 0 | P100: 0 | Q100: 0 | R100: 0 | S100: 0 | T100: 0 | U100: 0 | V100: 0 | W100: 0 | X100: 0 | Y100: 0
...

Sheet CEFID
A1: PROCESSO: 0480/2014/UDESC | D1: OBJETO: Aquisição de material esportivo | J1: VIGÊNCIA DA ATA: 11/06/2014 até 11/06/2015 | N1: AF/OS nº xxxx/2014 Qtde. DT | O1: AF/OS nº xxxx/2014 Qtde. DT | P1: AF/OS nº xxxx/2014 Qtde. DT | Q1: AF/OS nº xxxx/2014 Qtde. DT | R1: AF/OS nº xxxx/2014 Qtde. DT | S1: AF/OS nº xxxx/2014 Qtde. DT | T1: AF/OS nº xxxx/2014 Qtde. DT | U1: AF/OS nº xxxx/2014 Qtde. DT | V1: AF/OS nº xxxx/2014 Qtde. DT | W1: AF/OS nº xxxx/2014 Qtde. DT | X1: AF/OS nº xxxx/2014 Qtde. DT | Y1: AF/OS nº xxxx/2014 Qtde. DT
A2: CENTRO PARTICIPANTE:
A3: FORNECEDOR | B3: LOTE | C3: ITEM | D3: PRODUTO - CARACTERÍSTICAS MÍNIMAS | E3: DETALHAMENTO | F3: MARCA/MODELO | G3: UNIDADE | H3: Entrega (Dias) | I3: Pagto. (Dias) | J3: Preço UNITÁRIO (R$) | K3: Qtde LICITADA | L3: Saldo / Automático | M3: ALERTA | N3: ...../...../...... | O3: ...../...../...... | P3: ...../...../...... | Q3: ...../...../...... | R3: ...../...../...... | S3: ...../...../...... | T3: ...../...../...... | U3: ...../...../...... | V3: ...../...../...... | W3: ...../...../...... | X3: ...../...../...... | Y3: ...../...../......
A4: ZERMIANI COMERCIO DE ARTIGOS ESPORTIVOS LTDA ME | B4: 1 | C4: 1 | D4: ANILHAS, KETTLEBELL, Kettlebell 4kg: anilha em ferro, utilizada para exercícios resistidos específicos. | E4: 52.10 | F4: WS | G4: PECA | H4: 20 | I4: 20 | J4: 47.9 | K4: 1 | L4: =K4-(SUM(N4:Y4)) -> 1 | M4: =IF(L4<0,"ATENÇÃO","OK") -> OK | N4: 0 | O4: 0 | P4: 0 | Q4: 0 | R4: 0 | S4: 0 | T4: 0 | U4: 0 | V4: 0 | W4: 0 | X4: 0 | Y4: 0
C5: 2 | D5: ANILHAS, KETTLEBELL, Kettlebell 6kg: anilha em ferro, utilizada para exercícios resistidos específicos. | E5: 52.10 | F5: WS | G5: PECA | H5: 20 | I5: 20 | J5: 72.9 | K5: 1 | L5: =K5-(SUM(N5:Y5)) -> 1 | M5: =IF(L5<0,"ATENÇÃO","OK") -> OK | N5: 0 | O5: 0 | P5: 0 | Q5: 0 | R5: 0 | S5: 0 | T5: 0 | U5: 0 | V5: 0 | W5: 0 | X5: 0 | Y5: 0
C6: 3 | D6: ANILHAS, KETTLEBELL, Kettlebell 8kg: anilha em ferro, utilizada para exercícios resistidos específicos. | E6: 52.10 | F6: WS | G6: PECA | H6: 20 | I6: 20 | J6: 96.9 | K6: 1 | L6: =K6-(SUM(N6:Y6)) -> 1 | M6: =IF(L6<0,"ATENÇÃO","OK") -> OK | N6: 0 | O6: 0 | P6: 0 | Q6: 0 | R6: 0 | S6: 0 | T6: 0 | U6: 0 | V6: 0 | W6: 0 | X6: 0 | Y6: 0
C7: 4 | D7: BARRA PARA APOIO, EM W PARA ANILHAS EM ACO CROMADO, Barra "w": barra maciça cromada, com pegadores emborrachados, para a realização de exercícios de musculação diversos. Dimensões: 1200mm X 30mm | E7: 52.10 | F7: WS | G7: PECA | H7: 20 | I7: 20 | J7: 170 | K7: 1 | L7: =K7-(SUM(N7:Y7)) -> 1 | M7: =IF(L7<0,"ATENÇÃO","OK") -> OK | N7: 0 | O7: 0 | P7: 0 | Q7: 0 | R7: 0 | S7: 0 | T7: 0 | U7: 0 | V7: 0 | W7: 0 | X7: 0 | Y7: 0
C8: 5 | D8: BARRA PARA APOIO, EM W PARA ANILHAS EM ACO CROMADO, TAMANHO: 1,20 m com Rosca. Barra maciça cromada e recartilhada. Cromada em sistema de banho com tecnologia e proteção ao meio ambiente. Indicada para execução de flexões, bíceps e tríceps. Composição: em aço 1020 polido. Dimensões aproximadas (C): 120 cm. Garantia do fabricante: 12 meses contra defeito de fabricação. | E8: 52.10 | F8: WS | G8: PECA | H8: 20 | I8: 20 | J8: 149 | L8: =K8-(SUM(N8:Y8)) -> 0 | M8: =IF(L8<0,"ATENÇÃO","OK") -> OK | N8: 0 | O8: 0 | P8: 0 | Q8: 0 | R8: 0 | S8: 0 | T8: 0 | U8: 0 | V8: 0 | W8: 0 | X8: 0 | Y8: 0
C9: 6 | D9: BARRA PARA APOIO, MEDINDO 1,20, Barra "H": barra maciça cromada, com pegadores emborrachados, para a realização de exercícios de musculação diversos. dimensões: 1200mm X 30mm. | E9: 52.10 | F9: WS | G9: PECA | H9: 20 | I9: 20 | J9: 196 | K9: 1 | L9: =K9-(SUM(N9:Y9)) -> 1 | M9: =IF(L9<0,"ATENÇÃO","OK") -> OK | N9: 0 | O9: 0 | P9: 0 | Q9: 0 | R9: 0 | S9: 0 | T9: 0 | U9: 0 | V9: 0 | W9: 0 | X9: 0 | Y9: 0
C10: 7 | D10: HALTERES, COM PESO DE 0,5 KG, Halter fabricado em ferro fundido e revestido por uma camada de vinil PVC colorida. Peso 0,5kg. | E10: 52.10 | F10: WS | G10: PECA | H10: 20 | I10: 20 | J10: 7.8 | K10: 6 | L10: =K10-(SUM(N10:Y10)) -> 6 | M10: =IF(L10<0,"ATENÇÃO","OK") -> OK | N10: 0 | O10: 0 | P10: 0 | Q10: 0 | R10: 0 | S10: 0 | T10: 0 | U10: 0 | V10: 0 | W10: 0 | X10: 0 | Y10: 0
C11: 8 | D11: HALTERES, COM PESO DE 1,0 KG, Halter fabricado em ferro fundido e revestido por uma camada de vinil PVC colorida. Peso 1,0kg. | E11: 52.10 | F11: WS | G11: PECA | H11: 20 | I11: 20 | J11: 14.5 | K11: 6 | L11: =K11-(SUM(N11:Y11)) -> 6 | M11: =IF(L11<0,"ATENÇÃO","OK") -> OK | N11: 0 | O11: 0 | P11: 0 | Q11: 0 | R11: 0 | S11: 0 | T11: 0 | U11: 0 | V11: 0 | W11: 0 | X11: 0 | Y11: 0
C12: 9 | D12: HALTERES, COM PESO DE 10 KG, Halter fabricado em ferro fundido e revestido por uma camada de vinil PVC colorida. Peso 10,0kg. | E12: 52.10 | F12: WS | G12: PECA | H12: 20 | I12: 20 | J12: 109 | L12: =K12-(SUM(N12:Y12)) -> 0 | M12: =IF(L12<0,"ATENÇÃO","OK") -> OK | N12: 0 | O12: 0 | P12: 0 | Q12: 0 | R12: 0 | S12: 0 | T12: 0 | U12: 0 | V12: 0 | W12: 0 | X12: 0 | Y12: 0
C13: 10 | D13: HALTERES, COM PESO DE 2,0 KG, Halter fabricado em ferro fundido e revestido por uma camada de vinil PVC colorida. Peso 2,0kg. | E13: 52.10 | F13: WS | G13: PECA | H13: 20 | I13: 20 | J13: 25 | K13: =6+4 -> 10 | L13: =K13-(SUM(N13:Y13)) -> 10 | M13: =IF(L13<0,"ATENÇÃO","OK") -> OK | N13: 0 | O13: 0 | P13: 0 | Q13: 0 | R13: 0 | S13: 0 | T13: 0 | U13: 0 | V13: 0 | W13: 0 | X13: 0 | Y13: 0
C14: 11 | D14: HALTERES, COM PESO DE 3,0 KG, Halter fabricado em ferro fundido e revestido por uma camada de vinil PVC colorida. Peso 3,0kg. | E14: 52.10 | F14: WS | G14: PECA | H14: 20 | I14: 20 | J14: 31 | K14: 6 | L14: =K14-(SUM(N14:Y14)) -> 6 | M14: =IF(L14<0,"ATENÇÃO","OK") -> OK | N14: 0 | O14: 0 | P14: 0 | Q14: 0 | R14: 0 | S14: 0 | T14: 0 | U14: 0 | V14: 0 | W14: 0 | X14: 0 | Y14: 0
C15: 12 | D15: HALTERES, COM PESO DE 4KG, Halter fabricado em ferro fundido e revestido por uma camada de vinil PVC colorida. Peso 4,0kg. | E15: 52.10 | F15: WS | G15: PECA | H15: 20 | I15: 20 | J15: 42 | K15: 12 | L15: =K15-(SUM(N15:Y15)) -> 12 | M15: =IF(L15<0,"ATENÇÃO","OK") -> OK | N15: 0 | O15: 0 | P15: 0 | Q15: 0 | R15: 0 | S15: 0 | T15: 0 | U15: 0 | V15: 0 | W15: 0 | X15: 0 | Y15: 0
C16: 13 | D16: HALTERES, COM PESO DE 5KG, Halter fabricado em ferro fundido e revestido por uma camada de vinil PVC colorida. Peso 5,0kg. | E16: 52.10 | F16: WS | G16: PECA | H16: 20 | I16: 20 | J16: 53 | K16: 6 | L16: =K16-(SUM(N16:Y16)) -> 6 | M16: =IF(L16<0,"ATENÇÃO","OK") -> OK | N16: 0 | O16: 0 | P16: 0 | Q16: 0 | R16: 0 | S16: 0 | T16: 0 | U16: 0 | V16: 0 | W16: 0 | X16: 0 | Y16: 0
C17: 14 | D17: HALTERES, COM PESO DE 6 KG, Halter fabricado em ferro fundido e revestido por uma camada de vinil PVC colorida. Peso 6,0kg. | E17: 52.10 | F17: WS | G17: PECA | H17: 20 | I17: 20 | J17: 43 | L17: =K17-(SUM(N17:Y17)) -> 0 | M17: =IF(L17<0,"ATENÇÃO","OK") -> OK | N17: 0 | O17: 0 | P17: 0 | Q17: 0 | R17: 0 | S17: 0 | T17: 0 | U17: 0 | V17: 0 | W17: 0 | X17: 0 | Y17: 0
C18: 15 | D18: HALTERES, COM PESO DE 8KG, Halter fabricado em ferro fundido e revestido por uma camada de vinil PVC colorida. Peso 8,0kg. | E18: 52.10 | F18: WS | G18: PECA | H18: 20 | I18: 20 | J18: 78 | L18: =K18-(SUM(N18:Y18)) -> 0 | M18: =IF(L18<0,"ATENÇÃO","OK") -> OK | N18: 0 | O18: 0 | P18: 0 | Q18: 0 | R18: 0 | S18: 0 | T18: 0 | U18: 0 | V18: 0 | W18: 0 | X18: 0 | Y18: 0
C19: 16 | D19: ROLO ABDOMINAL, TEXTURIZADO, A roda consiste em plástico moldado. A espessura maior da roda e seu revestimento de borracha proporcionam maior estabilidade e segurança na execução dos exercícios. Aparelho rolamentado. Suporta até 170Kg. Material polipropileno que não marca o piso. Manopla de borracha de fácil higienização. | E19: 52.10 | F19: Up Life | G19: PECA | H19: 20 | I19: 20 | J19: 44.9 | L19: =K19-(SUM(N19:Y19)) -> 0 | M19: =IF(L19<0,"ATENÇÃO","OK") -> OK | N19: 0 | O19: 0 | P19: 0 | Q19: 0 | R19: 0 | S19: 0 | T19: 0 | U19: 0 | V19: 0 | W19: 0 | X19: 0 | Y19: 0
C20: 17 | D20: SUPORTE PARA BOLAS INFLAVEIS, KIT COM 3 UNIDADES DE SUPORTES PARA BOLA INFLAVEL, Suporte para bolas infláveis. Kit com 3 unidades de suportes para bola inflável, composto em plástico e com regulagem de velcro que permite adpatar o suporte para os diferentes tamanhos de bola. | E20: 52.10 | F20: Up Life | G20: KIT | H20: 20 | I20: 20 | J20: 99 | K20: 2 | L20: =K20-(SUM(N20:Y20)) -> 2 | M20: =IF(L20<0,"ATENÇÃO","OK") -> OK | N20: 0 | O20: 0 | P20: 0 | Q20: 0 | R20: 0 | S20: 0 | T20: 0 | U20: 0 | V20: 0 | W20: 0 | X20: 0 | Y20: 0
C21: 18 | D21: SUPORTE PARA HALTERES, COM CAPACIDADE PARA 10 PARES, Suporte vertical (tipo torre) para 10 pares de halteres (de 1 a 10 kg). Feito com tubo de ferro pintado com tinta epóxi. Dimensões aproximadas: 1.35 (altura) x 0,47 (largura) x 0,45 (profundidade) metros. | E21: 52.10 | F21: Up Life | G21: PECA | H21: 20 | I21: 20 | J21: 251.9 | K21: 2 | L21: =K21-(SUM(N21:Y21)) -> 2 | M21: =IF(L21<0,"ATENÇÃO","OK") -> OK | N21: 0 | O21: 0 | P21: 0 | Q21: 0 | R21: 0 | S21: 0 | T21: 0 | U21: 0 | V21: 0 | W21: 0 | X21: 0 | Y21: 0
A22: ADBX COMERCIO E SERVIÇOS LTDA ME | B22: 2 | C22: 1 | D22: BARRA PARA EXERCICIOS, BARRA TRANSVERSAL ELASTICA PARA SALTOS COM PESOS, Barra Transversal Elástica para Saltos com pesos. Para treinamentos de saltos (altura e com vara). Extremidades com pesos. Comprimento: 4,5 metros | E22: 52.10 | F22: Pista Campo | G22: PECA | H22: 20 | I22: 20 | J22: 69.5 | K22: 2 | L22: =K22-(SUM(N22:Y22)) -> 2 | M22: =IF(L22<0,"ATENÇÃO","OK") -> OK | N22: 0 | O22: 0 | P22: 0 | Q22: 0 | R22: 0 | S22: 0 | T22: 0 | U22: 0 | V22: 0 | W22: 0 | X22: 0 | Y22: 0
C23: 2 | D23: BARREIRA DE ALTURA, EM PVC, LARGURA: 60CM E ALTURA: 40CM, Barreirinha de PVC para treinamento. Largura: 60 cm. Altura: 40 cm. Feita de material plástico de alta resistência. | E23: 52.10 | F23: Vinex | G23: PECA | H23: 20 | I23: 20 | J23: 80.5 | K23: 12 | L23: =K23-(SUM(N23:Y23)) -> 12 | M23: =IF(L23<0,"ATENÇÃO","OK") -> OK | N23: 0 | O23: 0 | P23: 0 | Q23: 0 | R23: 0 | S23: 0 | T23: 0 | U23: 0 | V23: 0 | W23: 0 | X23: 0 | Y23: 0
C24: 3 | D24: BLOCO DE PARTIDA (PARA DESPORTO), DE ACO UNIVERSAL IAAF, Estrutura única feita de aço galvanizado, extremamente resistente e apoio para os pés revestido em borracha sintética. Ajuste de cinco alturas e quinze distâncias diferentes para os pés. Utilização em qualquer tipo de pista. Possui alça para transporte. Certificado pela IAAF. Marca de referência: Polanik. | E24: 52.10 | F24: Vinex | G24: PECA | H24: 20 | I24: 20 | J24: 1120.1 | K24: 4 | L24: =K24-(SUM(N24:Y24)) -> 4 | M24: =IF(L24<0,"ATENÇÃO","OK") -> OK | N24: 0 | O24: 0 | P24: 0 | Q24: 0 | R24: 0 | S24: 0 | T24: 0 | U24: 0 | V24: 0 | W24: 0 | X24: 0 | Y24: 0
C25: 4 | D25: DARDO, DE DURALUMINIO DE 800G, Dardo de duralumínio/aço 800g. Estrutura de duralumínio (composto especial de alumínio, cobre e magnésio) de alta resistência e cabeça de aço galvanizado. Pintura a pó (resistente à corrosão, impacto, ação química etc) com efeito transparente. Certificado pela IAAF. | E25: 52.10 | F25: Polinik | G25: PECA | H25: 20 | I25: 20 | J25: 1141.35 | K25: 1 | L25: =K25-(SUM(N25:Y25)) -> 1 | M25: =IF(L25<0,"ATENÇÃO","OK") -> OK | N25: 0 | O25: 0 | P25: 0 | Q25: 0 | R25: 0 | S25: 0 | T25: 0 | U25: 0 | V25: 0 | W25: 0 | X25: 0 | Y25: 0
C26: 5 | D26: DARDO, DE DURALUMINIO/A«O DE 600G, Dardo de duralumínio/aço 600g. Estrutura de duralumínio (composto especial de alumínio, cobre e magnésio) de alta resistência e cabeça de aço galvanizado. Pintura a pó (resistente à corrosão, impacto, ação química etc) com efeito transparente. Certificado pela IAAF. | E26: 52.10 | F26: Polinik | G26: PECA | H26: 20 | I26: 20 | J26: 850 | K26: 3 | L26: =K26-(SUM(N26:Y26)) -> 3 | M26: =IF(L26<0,"ATENÇÃO","OK") -> OK | N26: 0 | O26: 0 | P26: 0 | Q26: 0 | R26: 0 | S26: 0 | T26: 0 | U26: 0 | V26: 0 | W26: 0 | X26: 0 | Y26: 0
C27: 6 | D27: DARDO, DE PLASTICO DE 300G, Dardo de plástico com ponteira de borracha, 300g. Corpo em plástico PVC de alta resistência, integrado com empunhadura em espiral para maior aderência às mãos. Comprimento 70cm e peso de 300 gramas. Ponteira substituível de borracha. Cores variadas. | E27: 52.10 | F27: Gill | G27: PECA | H27: 20 | I27: 20 | J27: 159.9 | K27: 2 | L27: =K27-(SUM(N27:Y27)) -> 2 | M27: =IF(L27<0,"ATENÇÃO","OK") -> OK | N27: 0 | O27: 0 | P27: 0 | Q27: 0 | R27: 0 | S27: 0 | T27: 0 | U27: 0 | V27: 0 | W27: 0 | X27: 0 | Y27: 0
C28: 7 | D28: DARDO, DE PLASTICO DE 400G, Dardo de plástico com ponteira de borracha, 400g. Corpo em plástico PVC de alta resistência, integrado com empunhadura em espiral para maior aderência às mãos. Comprimento 70cm e peso de 400 gramas. Ponteira substituível de borracha. Cores variadas. | E28: 52.10 | F28: Gill | G28: PECA | H28: 20 | I28: 20 | J28: 179.9 | K28: 2 | L28: =K28-(SUM(N28:Y28)) -> 2 | M28: =IF(L28<0,"ATENÇÃO","OK") -> OK | N28: 0 | O28: 0 | P28: 0 | Q28: 0 | R28: 0 | S28: 0 | T28: 0 | U28: 0 | V28: 0 | W28: 0 | X28: 0 | Y28: 0
C29: 8 | D29: MARTELO DE ARREMESSO, EM PVC DE 1KG, Martelo de PVC 1Kg. Ideal para iniciação. Feito de PVC macio. | E29: 52.10 | F29: Vinex | G29: PECA | H29: 20 | I29: 20 | J29: 99.9 | K29: 2 | L29: =K29-(SUM(N29:Y29)) -> 2 | M29: =IF(L29<0,"ATENÇÃO","OK") -> OK | N29: 0 | O29: 0 | P29: 0 | Q29: 0 | R29: 0 | S29: 0 | T29: 0 | U29: 0 | V29: 0 | W29: 0 | X29: 0 | Y29: 0
C30: 9 | D30: MARTELO DE ARREMESSO, EM PVC DE 500G, Martelo de PVC 500g. Feito de PVC macio, 500g. | E30: 52.10 | F30: Vinex | G30: PECA | H30: 20 | I30: 20 | J30: 79.9 | K30: 2 | L30: =K30-(SUM(N30:Y30)) -> 2 | M30: =IF(L30<0,"ATENÇÃO","OK") -> OK | N30: 0 | O30: 0 | P30: 0 | Q30: 0 | R30: 0 | S30: 0 | T30: 0 | U30: 0 | V30: 0 | W30: 0 | X30: 0 | Y30: 0
C31: 10 | D31: MARTELO DE ARREMESSO, PESANDO 3KG, Martelo de Atletismo de aço, 3 kg, 85 mm, para lançamento. Pode ser usado em competições e treinamento. Cabeça com diâmetro de 85 mm com acabamento rígido de aço galvanizado com pintura a pó e núcleo de chumbo, peso e diâmetro precisos, formato esférico, equilíbrio perfeito e superfície totalmente lisa. Cabo de aço galvanizado com 3,2 mm de espessura e 992 mm de comprimento. Empunhadura curvada de 110 mm de comprimento e largura com suporte e anel de aço e apoio de mão de alumínio. Peso total (incluindo cabo e empunhadura): 3,005 a 3,025 kg. Produto oficial, certificado pela IAAF. | E31: 52.10 | F31: Vinex | G31: PECA | H31: 20 | I31: 20 | J31: 249.45 | K31: 2 | L31: =K31-(SUM(N31:Y31)) -> 2 | M31: =IF(L31<0,"ATENÇÃO","OK") -> OK | N31: 0 | O31: 0 | P31: 0 | Q31: 0 | R31: 0 | S31: 0 | T31: 0 | U31: 0 | V31: 0 | W31: 0 | X31: 0 | Y31: 0
C32: 11 | D32: PESO PARA ARREMESSO, PESANDO 4KG, Peso de Atletismo Indoor, 4,00 KG para arremesso. Revestimento de PVC macio de alta resistência com recheio de microesferas de aço. Diâmetro de 135 mm. Peso: 4,00 kg. Produto oficial para competições indoor, conforme regras da IAAF. | E32: 52.10 | F32: Vinex | G32: PECA | H32: 20 | I32: 20 | J32: 179.9 | K32: 4 | L32: =K32-(SUM(N32:Y32)) -> 4 | M32: =IF(L32<0,"ATENÇÃO","OK") -> OK | N32: 0 | O32: 0 | P32: 0 | Q32: 0 | R32: 0 | S32: 0 | T32: 0 | U32: 0 | V32: 0 | W32: 0 | X32: 0 | Y32: 0
C33: 12 | D33: PESO PARA ARREMESSO, PESANDO 5KG, Peso de Atletismo Indoor, 5,00 kg para arremesso. Revestimento de PVC macio de alta resistência com recheio de microesferas de aço. Diâmetro de 135 mm. Peso: 5,00 kg. Produto oficial para competições indoor, conforme regras da IAAF. | E33: 52.10 | F33: Vinex | G33: PECA | H33: 20 | I33: 20 | J33: 254.9 | K33: 4 | L33: =K33-(SUM(N33:Y33)) -> 4 | M33: =IF(L33<0,"ATENÇÃO","OK") -> OK | N33: 0 | O33: 0 | P33: 0 | Q33: 0 | R33: 0 | S33: 0 | T33: 0 | U33: 0 | V33: 0 | W33: 0 | X33: 0 | Y33: 0
C34: 13 | D34: TRENO, PARA TREINAMENTO ESPORTIVO, Trenó para treinamento de força. Para uso na grama ou areia. Estrutura de aço tubular, pintura a pó. Inclui cinto ajustável com velcro e fita reforçada de nylon. Tamanho: 70 cm de comprimento x 30 cm de largura, peso de 2 kg. | E34: 52.10 | F34: Vinex | G34: PECA | H34: 20 | I34: 20 | J34: 184.95 | K34: 1 | L34: =K34-(SUM(N34:Y34)) -> 1 | M34: =IF(L34<0,"ATENÇÃO","OK") -> OK | N34: 0 | O34: 0 | P34: 0 | Q34: 0 | R34: 0 | S34: 0 | T34: 0 | U34: 0 | V34: 0 | W34: 0 | X34: 0 | Y34: 0
A35: FRATELLI COMERCIO DE MAQUINAS E EQUIPAMENTOS LTDA ME | B35: 3 | C35: 1 | D35: CARRO MANUAL PARA TRANSPORTE, DE BLOCOS DE PARTIDA, Carrinho para transporte de blocos de partida. Feito de aço e rodas Heavy Duty com dispositivo de bloqueio. Pintura a pó, resistente à corrosão, impacto, ação química, etc. Transporta até 10 blocos de partida. | E35: 52.10 | F35: Vinex | G35: PECA | H35: 20 | I35: 20 | J35: 679.9 | K35: 1 | L35: =K35-(SUM(N35:Y35)) -> 1 | M35: =IF(L35<0,"ATENÇÃO","OK") -> OK | N35: 0 | O35: 0 | P35: 0 | Q35: 0 | R35: 0 | S35: 0 | T35: 0 | U35: 0 | V35: 0 | W35: 0 | X35: 0 | Y35: 0
C36: 2 | D36: CARRO MANUAL PARA TRANSPORTE, DE DISCOS, PESOS E DARDOS, Carrinho para transporte de discos, pesos e dardos. Feito de aço tubular de alta resistência, rodas giratórias reforçadas. Pintura a pó, resistente à corrosão, impacto, ação química. Transporta 12 dardos, 12 pesos e 30 discos. | E36: 52.10 | F36: Vinex | G36: PECA | H36: 20 | I36: 20 | J36: 748 | K36: 1 | L36: =K36-(SUM(N36:Y36)) -> 1 | M36: =IF(L36<0,"ATENÇÃO","OK") -> OK | N36: 0 | O36: 0 | P36: 0 | Q36: 0 | R36: 0 | S36: 0 | T36: 0 | U36: 0 | V36: 0 | W36: 0 | X36: 0 | Y36: 0
A37: FRATELLI COMERCIO DE MAQUINAS E EQUIPAMENTOS LTDA ME | B37: 4 | C37: 1 | D37: CONTROLADOR DE 24 SEGUNDOS, PARA BASQUETEBOL, Controlador de 24 segundos para basquetebol com dois Módulos mostradores, dois dígitos por módulo, Cronômetro regressivo de 24 e 30 segundos selecionável por chave, Marcador de faltas individuais de jogador de 1 a 5, Alarme de Sirene intermitente de 120 dB acionada manualmente ou automaticamente quando tempo esgotado, Gabinete em alumínio com pintura eletrostática, parte Frontal dos Dígitos em Acrílico translúcido vermelho, Painel de Comandos Microcontrolado com display de cristal líquido, com comunicação wireless. | E37: 52.10 | F37: Tecnodis/HS24 | G37: PECA | H37: 20 | I37: 20 | J37: 1409 | K37: 4 | L37: =K37-(SUM(N37:Y37)) -> 4 | M37: =IF(L37<0,"ATENÇÃO","OK") -> OK | N37: 0 | O37: 0 | P37: 0 | Q37: 0 | R37: 0 | S37: 0 | T37: 0 | U37: 0 | V37: 0 | W37: 0 | X37: 0 | Y37: 0
C38: 2 | D38: PLACAR ELETRONICO, PARA GINASIO, Placar eletrônico para ginásios esportivos, resistente e de formato compacto. Para ginásios de pequeno porte, o placar eletrônico deve apresenta informações necessárias para jogos de basquetebol, futsal, handebol e vôlei, Equipado com alça de deslocamento, engates para fixação em paredes e pés de suporte, campainha que é acionada quando zera o cronômetro ou no pedido de tempo, de forma manual ou automática, cronômetro digital progressivo ou regressivo, memória para armazenamento de dados, comunicação via rádio freqüencia. Largura: 100cm, altura: 80cm, espessura: 5,5cm, peso: 16kg, consumo: 80watts, alimentação dos dados: teclado de comando com display altura do display: 14,5cm. Escores: de 0 a 199 indicação de faltas coletivas: de 0 a 19 indicação do período do jogo: de 0 a 19. | E38: 52.10 | F38: Tecnodis/ESP 15/1 | G38: PECA | H38: 20 | I38: 20 | J38: 3920.92 | K38: 2 | L38: =K38-(SUM(N38:Y38)) -> 2 | M38: =IF(L38<0,"ATENÇÃO","OK") -> OK | N38: 0 | O38: 0 | P38: 0 | Q38: 0 | R38: 0 | S38: 0 | T38: 0 | U38: 0 | V38: 0 | W38: 0 | X38: 0 | Y38: 0
A39: FRATELLI COMERCIO DE MAQUINAS E EQUIPAMENTOS LTDA ME | B39: 5 | C39: 1 | D39: ADIPOMETRO, PLICOMETRO CIENTIFICO, Plicômetro científico tradicional, com sensibilidade de 0,1 mm, amplitude de leitura de 85mm e pressão de 10g/mm². Montagem em base de alumínio com revestimento epoxi. Cabo e protetor em nylon technyl. Ponteiras (fixas) não metálicas. Molas em aço zincado. Relógio de alta precisão. | E39: 52.04 | F39: Cescorf | G39: PECA | H39: 20 | I39: 20 | J39: 850 | K39: 2 | L39: =K39-(SUM(N39:Y39)) -> 2 | M39: =IF(L39<0,"ATENÇÃO","OK") -> OK | N39: 0 | O39: 0 | P39: 0 | Q39: 0 | R39: 0 | S39: 0 | T39: 0 | U39: 0 | V39: 0 | W39: 0 | X39: 0 | Y39: 0
C40: 2 | D40: SIMETROGRAFO, ESTRUTURA DE ALUMINIO QUADRICULADO (P/FISIOTERAPIA), Confeccionado em ferro, com pintura epóxi de alta resistência. Maior detalhe na avaliação pois tem quadrados divididos de 5,0cm em 5,0cm. Dividido em 6 partes metálicas e acompanha 100m de elástico para marcar as linhas de medida. Tamanho: 190cm X 90cm. Garantia: 12 meses contra defeito de fabricação. | E40: 52.08 | F40: Sanny | G40: PECA | H40: 20 | I40: 20 | J40: 717 | L40: =K40-(SUM(N40:Y40)) -> 0 | M40: =IF(L40<0,"ATENÇÃO","OK") -> OK | N40: 0 | O40: 0 | P40: 0 | Q40: 0 | R40: 0 | S40: 0 | T40: 0 | U40: 0 | V40: 0 | W40: 0 | X40: 0 | Y40: 0
A41: SKINA 1820 INDUSTRI A ECOMERCIO LTDA | B41: 6 | C41: 1 | D41: DIVA, BAIXO COM TABLADO DE MADEIRA, revestido em courvin com espuma de 5 cm. Medidas aproximadas de: 1,86 x 0,44 x 1,35m | E41: 52.42 | F41: MEX | G41: PECA | H41: 20 | I41: 20 | J41: 825.23 | K41: 1 | L41: =K41-(SUM(N41:Y41)) -> 1 | M41: =IF(L41<0,"ATENÇÃO","OK") -> OK | N41: 0 | O41: 0 | P41: 0 | Q41: 0 | R41: 0 | S41: 0 | T41: 0 | U41: 0 | V41: 0 | W41: 0 | X41: 0 | Y41: 0
A42: WILSON TADEU EMERIM EIRELI ME / DELLA COMERCIO E REPRESENTAÇÕES | B42: 7 | C42: 1 | D42: FITA DE MEDIDAS ATROPOMETRICAS, TRENA EM FIBRA DE VIDRO, 150 CM., Trena para medições das circunferências do corpo, com medidas rápidas e precisas. Possui retração automática e trava na extremidade da fita para que com um único toque, no botão central, envolva a região a ser medida, liberando as mãos do profissional para as anotações. | E42: 52.10 | F42: Sanny/TR 4013 | G42: PECA | H42: 20 | I42: 20 | J42: 25.43 | L42: =K42-(SUM(N42:Y42)) -> 0 | M42: =IF(L42<0,"ATENÇÃO","OK") -> OK | N42: 0 | O42: 0 | P42: 0 | Q42: 0 | R42: 0 | S42: 0 | T42: 0 | U42: 0 | V42: 0 | W42: 0 | X42: 0 | Y42: 0
C43: 2 | D43: BALANCA, DIGITAL TIPO PLATAFORMA, CAPACIDADE 150 KG, Balança Digital com Plataforma de Vidro para uso pessoal para cargas de até 150Kg. Dados técnicos: Balança Digital com plataforma de vidro temperado de 8 mm, acionamento por toque, possui desligamento automático com um visor de LCD de fácil visualização e com capacidade para até 150 Kg. Garantia: 01 ano; Cor: Transparente; Tipo: Digital; Visor: cristal líquido; Plataforma de vidro temperado com 10 mm de espessura; Números grandes de fácil visualização; Peso máximo recomendado: 150kg; Peso do Produto: 1,5kg; Medidas: 3x30x30cm (AxLxC); Contém: 01 balança e 01 Bateria de lítio CRV2032 | E43: 52.04 | F43: G-Lite/CA 500 | G43: PECA | H43: 20 | I43: 20 | J43: 194.92 | K43: 6 | L43: =K43-(SUM(N43:Y43)) -> 6 | M43: =IF(L43<0,"ATENÇÃO","OK") -> OK | N43: 0 | O43: 0 | P43: 0 | Q43: 0 | R43: 0 | S43: 0 | T43: 0 | U43: 0 | V43: 0 | W43: 0 | X43: 0 | Y43: 0
C44: 3 | D44: BALANCA, DIGITAL,CAPACIDADE P/ 150 KG,MOD.2096, Balança digital com analisador de composição corporal por bioimpedância. Especificações técnicas: peso em Kg, % de gordura (taxa de gordura), % de água (taxa de líquidos), massa óssea, massa muscular, índice metabólico basal, idade metabólica, memória para 4 usuários, tecla “visitante” (sem armazenamento de dados), função “somente peso”, modo “atleta”, teclas de função iluminadas, resgate da última leitura de peso, % gordura, % água e massa muscular, capacidade: 150kg, graduação de peso: 0,1kg, graduação em %: 0,1%, suprimento de energia: 04 pilhas AA (inclusas). | E44: 52.04 | F44: Tanita/BC-553 | G44: PECA | H44: 20 | I44: 20 | J44: 2020.21 | K44: 1 | L44: =K44-(SUM(N44:Y44)) -> 1 | M44: =IF(L44<0,"ATENÇÃO","OK") -> OK | N44: 0 | O44: 0 | P44: 0 | Q44: 0 | R44: 0 | S44: 0 | T44: 0 | U44: 0 | V44: 0 | W44: 0 | X44: 0 | Y44: 0
A45: SKINA 1820 INDUSTRI A ECOMERCIO LTDA | B45: 8 | C45: 1 | D45: CATRACA, ELETRONICA PARA CONTROLE DE ACESSO DE PESSOAS, Catraca para academia com software de controle integrado. Braço bidirecional em aço inox (entra e sai). Sistema de giro suave. Paineis configuráveis com teclado. Acompanha software de gerenciamento de academias (dados cadastrais, matrícula, frequência, controle de acesso, bloqueios de acesso, controle de horários, relatórios em geral, financeiro, etc) para controle de no mínimo 400 pessoas. Acesso por digital, cartão ou senha. Deverá possibilitar o cadastro de foto com webcam (incluída). | E45: 52.99 | F45: DIMEP | G45: PECA | H45: 20 | I45: 20 | J45: 3046.66 | K45: 2 | L45: =K45-(SUM(N45:Y45)) -> 2 | M45: =IF(L45<0,"ATENÇÃO","OK") -> OK | N45: 0 | O45: 0 | P45: 0 | Q45: 0 | R45: 0 | S45: 0 | T45: 0 | U45: 0 | V45: 0 | W45: 0 | X45: 0 | Y45: 0
A46: FRATELLI COMERCIO DE MAQUINAS E EQUIPAMENTOS LTDA ME | B46: 9 | C46: 1 | D46: CRONOMETRO, CRONOMETRO PROFISSIONAL DIGITAL, Cronômetro de borda grande, em polietileno, com 70cm de diâmetro, para piscina. | E46: 52.04 | F46: ProSwin | G46: PECA | H46: 20 | I46: 20 | J46: 1570 | K46: 1 | L46: =K46-(SUM(N46:Y46)) -> 1 | M46: =IF(L46<0,"ATENÇÃO","OK") -> OK | N46: 0 | O46: 0 | P46: 0 | Q46: 0 | R46: 0 | S46: 0 | T46: 0 | U46: 0 | V46: 0 | W46: 0 | X46: 0 | Y46: 0
A47: SKINA 1820 INDUSTRI A ECOMERCIO LTDA | B47: 10 | C47: 1 | D47: MOLDURA, PARA ESPELHO DE POSTURA, Moldura para espelho de postura. Construída com madeira resistente e renovável, que tenha recebido processo de envernizamento e impermeabilização. Possui rodas. Permite colocação de espelho com medidas: 1650 x 510 mm | E47: 52.34 | F47: MULTIMEED | G47: PECA | H47: 20 | I47: 20 | J47: 365.41 | K47: 2 | L47: =K47-(SUM(N47:Y47)) -> 2 | M47: =IF(L47<0,"ATENÇÃO","OK") -> OK | N47: 0 | O47: 0 | P47: 0 | Q47: 0 | R47: 0 | S47: 0 | T47: 0 | U47: 0 | V47: 0 | W47: 0 | X47: 0 | Y47: 0
A48: SKINA 1820 INDUSTRI A ECOMERCIO LTDA | B48: 11 | C48: 1 | D48: CAMA ELASTICA, DIAMET.90CM,PROPRIOCEPTIVA,ALT.APROX.22CM,SUPORTA ATE 150KG, mini cama elastica, trampolim, aproximadamente com 90 cm | E48: 52.10 | F48: HIDROLIGHT | G48: PECA | H48: 20 | I48: 20 | J48: 374.19 | L48: =K48-(SUM(N48:Y48)) -> 0 | M48: =IF(L48<0,"ATENÇÃO","OK") -> OK | N48: 0 | O48: 0 | P48: 0 | Q48: 0 | R48: 0 | S48: 0 | T48: 0 | U48: 0 | V48: 0 | W48: 0 | X48: 0 | Y48: 0
C49: 2 | D49: CAMA ELASTICA, TAMANHO PEQUENO, Trampolim, Mini Cama Elástica Residencial. Confeccionado em tubo redondo aço 1010/1020, pintura em epóxi cor prata perolizado. Pés aparafusados, acompanhando chave estrela para fixar os mesmos. Tela sannet cor preta QR 3/2 costurada com linha de nylon a 30 alças de fita elástica, que garante o rebote, com reforço de fita militar de 50mm na parte superior contornando toda a tela. Sapatas em PVC cor preta, antiderrapante. Capacidade de peso: até 120kg. | E49: 52.12 | F49: HIDROLIGHT | G49: PECA | H49: 20 | I49: 20 | J49: 279.81 | K49: 1 | L49: =K49-(SUM(N49:Y49)) -> 1 | M49: =IF(L49<0,"ATENÇÃO","OK") -> OK | N49: 0 | O49: 0 | P49: 0 | Q49: 0 | R49: 0 | S49: 0 | T49: 0 | U49: 0 | V49: 0 | W49: 0 | X49: 0 | Y49: 0
A50: SKINA 1820 INDUSTRI A ECOMERCIO LTDA | B50: 12 | C50: 1 | D50: MEDIDOR DE ESTATURA, ESTADIOMETRO DE PAREDE, Medidor de Estatura/Altura - Estadiometro de parede com 2m. Campo de Uso: até 2,00 m. Resolução: em milímetros ( intervalos 5 mm). Tolerância: + / - 5 mm. Matéria Prima: Tubo e escala em Alumínio anodizado, Escala antropométrica litografada. Suporte para fixação em parede de fácil instalação. Acompanha Manual de instruções para instalação. | E50: 52.04 | F50: SANNY | G50: PECA | H50: 20 | I50: 20 | J50: 232.83 | K50: 6 | L50: =K50-(SUM(N50:Y50)) -> 6 | M50: =IF(L50<0,"ATENÇÃO","OK") -> OK | N50: 0 | O50: 0 | P50: 0 | Q50: 0 | R50: 0 | S50: 0 | T50: 0 | U50: 0 | V50: 0 | W50: 0 | X50: 0 | Y50: 0
A51: FRATELLI COMERCIO DE MAQUINAS E EQUIPAMENTOS LTDA ME | B51: 13 | C51: 1 | D51: PRANCHA DE STAND UP, PADDLE, COMPLETA, Composição do produto: Miolo - Poliuretano e poliestireno; Parte externa - Polietileno ou Skin; Remo - Cabo em alumínio e pá de plástico; Peso / Dimensões: Tamanho 9´8"; Largura 29"; Espessura 6"; Peso médio 16 Kgs. | E51: 52.20 | F51: Maré | G51: PECA | H51: 20 | I51: 20 | J51: 1730 | K51: 1 | L51: =K51-(SUM(N51:Y51)) -> 1 | M51: =IF(L51<0,"ATENÇÃO","OK") -> OK | N51: 0 | O51: 0 | P51: 0 | Q51: 0 | R51: 0 | S51: 0 | T51: 0 | U51: 0 | V51: 0 | W51: 0 | X51: 0 | Y51: 0
A52: SKINA 1820 INDUSTRI A ECOMERCIO LTDA | B52: 14 | C52: 1 | D52: APARELHO DE ULTRA-SOM, TERAPEUTICO, Microprocessado. Desligamento automático ao fim da aplicação e sinalização sonora. Temporizador Programável. Potência Máxima 10 Watts; Contínuo e Pulsado (5%, 10% e 20%). Freqüências de modulação 16, 48 e 100Hz; Cálculo automático de atenuação de tecidos; Cabeçote transdutor 1 MHz; Cabeçote ergonômico ultra leve (200g); Suporte para o cabeçote transdutor; - Display de Cristal Líquido com iluminação verde; Indicação de potência no display; Indicação de desacoplamento sonora e no display; mínimo de 10 memórias para salvar protocolos e 24 indicações de tratamentos. | E52: 52.08 | F52: SHOPFISIO | G52: PECA | H52: 20 | I52: 20 | J52: 1272 | K52: 5 | L52: =K52-(SUM(N52:Y52)) -> 5 | M52: =IF(L52<0,"ATENÇÃO","OK") -> OK | N52: 0 | O52: 0 | P52: 0 | Q52: 0 | R52: 0 | S52: 0 | T52: 0 | U52: 0 | V52: 0 | W52: 0 | X52: 0 | Y52: 0
C53: 2 | D53: APARELHO PARA FISIOTERAPIA, APARELHO DE MAGNETOTERAPIA ELETRONICO (MASSAGEADOR), Massageador terapêutico. Massageador vibrador portátil, com duas intensidades e 5 ponta para massagem, com bolsa para transporte, 220V. | E53: 52.08 | F53: SHOPFISIO | G53: PECA | H53: 20 | I53: 20 | J53: 122.5 | K53: 5 | L53: =K53-(SUM(N53:Y53)) -> 5 | M53: =IF(L53<0,"ATENÇÃO","OK") -> OK | N53: 0 | O53: 0 | P53: 0 | Q53: 0 | R53: 0 | S53: 0 | T53: 0 | U53: 0 | V53: 0 | W53: 0 | X53: 0 | Y53: 0
C54: 3 | D54: CONCENTRADOR DE OXIGENIO, DE OXIGENIO, Valor de fluxo: variável de 0,5 a 5LPM (litros por minuto); Energia: 220V. | E54: 52.08 | F54: SHOPFISIO | G54: PECA | H54: 20 | I54: 20 | J54: 3196.47 | K54: 2 | L54: =K54-(SUM(N54:Y54)) -> 2 | M54: =IF(L54<0,"ATENÇÃO","OK") -> OK | N54: 0 | O54: 0 | P54: 0 | Q54: 0 | R54: 0 | S54: 0 | T54: 0 | U54: 0 | V54: 0 | W54: 0 | X54: 0 | Y54: 0
C55: 4 | D55: ESFIGNOMANOMETRO, ESFIGMOMANOMETRO ANEROIDE ADULTO (D), Esfigmomanômetro grande aneróide adulto com pedestal; Esfigmomanômetro Aneróide com visor grande (15x15 cm) de 0 a 300 mmHg, caixa injetada em material termoplástico, mostrador plano de fácil leitura, base de ferro fundido com rodízios anti-ruido, haste de suporte em metal, alça para transporte, cesta para braçadeira, espiral em PVC, pêra e válvula. Componentes de metal com pintura eletrostática de alta resistência | E55: 52.08 | F55: MEDJET | G55: PECA | H55: 20 | I55: 20 | J55: 391.54 | K55: 3 | L55: =K55-(SUM(N55:Y55)) -> 3 | M55: =IF(L55<0,"ATENÇÃO","OK") -> OK | N55: 0 | O55: 0 | P55: 0 | Q55: 0 | R55: 0 | S55: 0 | T55: 0 | U55: 0 | V55: 0 | W55: 0 | X55: 0 | Y55: 0
C56: 5 | D56: ESTETOSCOPIO, CARDIOLOGICO ADULTO, Estetoscópio cardíaco de dois lados adulto e pediátrico. Com as seguintes caracteristicas: com desempenho acústico superior e altamente sensível. Com diafragma ajustável em cada um dos lados do auscultador. O lado maior auscuta em pacientes adultos, e o lado menor é para pacientes pediátricos ou pequenos, ao redor de curativos e para avaliação carótida. O lado pediátrico do auscultador deve ser convertido em um sino tradicional mediante a simples substituição do diafragma pelo anel de borracha ( sino) incluída na embalagem. - Sistema de diafragma de dupla freqüência de modo a permitir, com um único auscultador, o monitoramento dos sons de baixa e alta freqüência, sem a necessidade de rotação e perda de contato com o corpo do paciente. Auscultador de aço inoxidável.- Design de tubos em YAs olivas devem ser macias e confortáveis com um excelente selamento acústico. Molas internas ajustáveis, para proporcionar adequada tensão das hastes nos ouvidos. - Anel e diafragma com tratamento "anti-frio", mais confortável para o paciente.Com capacidade para a amplificação de sons cardíacos fracos, pulmonares ou de quaisquer outros sons corporais, bem como a auscultação normal e filtragem seletiva da freqüência. | E56: 52.08 | F56: 3M | G56: PECA | H56: 20 | I56: 20 | J56: 72.93 | L56: =K56-(SUM(N56:Y56)) -> 0 | M56: =IF(L56<0,"ATENÇÃO","OK") -> OK | N56: 0 | O56: 0 | P56: 0 | Q56: 0 | R56: 0 | S56: 0 | T56: 0 | U56: 0 | V56: 0 | W56: 0 | X56: 0 | Y56: 0
C57: 6 | D57: OXIMETRO, OXIMETRO PORTATIL, Tela de LCD colorido, SPO2: intervalo de aferição: 70-99; Precisão da aferição: +/- 2%; Frequência de Pulso (FP): intervalo:30=235BPM; Precisão: +/- 2%; Intensidade de Pulso: Indicação em gráfico de barras; Energia: 2 pilhas alcalinas AAA; Autonomia: para suportar mais de 30 horas de uso. | E57: 52.08 | F57: IMFTEC | G57: PECA | H57: 20 | I57: 20 | J57: 1274.5 | K57: 9 | L57: =K57-(SUM(N57:Y57)) -> 9 | M57: =IF(L57<0,"ATENÇÃO","OK") -> OK | N57: 0 | O57: 0 | P57: 0 | Q57: 0 | R57: 0 | S57: 0 | T57: 0 | U57: 0 | V57: 0 | W57: 0 | X57: 0 | Y57: 0
A58: WILSON TADEU EMERIM EIRELI ME / DELLA COMERCIO E REPRESENTAÇÕES | B58: 15 | C58: 1 | D58: PEDOMETRO, PEDOMETRO, Equipamento com as seguintes funções: contador de passos, contador de calorias, distância percorrida, relógio e cronômetro com resolução de 1/100 segundos. Sensor de caminhada e corrida e sistema “Flip-Up”. O equipamento deve acompanhas clip para cinto e bateria. Com garantia mínima de 12 meses a partir da data de entrega. | E58: 52.04 | F58: Nem Balance/Via Step | G58: PECA | H58: 20 | I58: 20 | J58: 203.5 | K58: 5 | L58: =K58-(SUM(N58:Y58)) -> 5 | M58: =IF(L58<0,"ATENÇÃO","OK") -> OK | N58: 0 | O58: 0 | P58: 0 | Q58: 0 | R58: 0 | S58: 0 | T58: 0 | U58: 0 | V58: 0 | W58: 0 | X58: 0 | Y58: 0
C59: 2 | D59: MONITOR CARDIACO, MONITOR CARDIACO, FREQUENCIMETRO C/SOFTWARE ENVIOS DE DADOS, Monitor Cardíaco; Principais Características: Hora; Luz Noturna; Data e dia da semana; Trava de botões; Frequência Cardíaca em BPM e em % da FC máxima; Zona-alvo manual em BPM e % - somente limite superior; HeartTouch: exibe informações alternadas no visor durante o exercício; Gasto calórico (em Kcal); Arquivo do exercício: 99 arquivos, com duraçao, calorias gastas (em Kcal), tempo dentro da zona-alvo e queima de gordura, média e máxima da FC do exercício; Arquivos totais: duraçao, nr de sessões e calorias (em Kcal); WearLink, transmissor codificado; Alarme: Despertador com soneca; visual e sonoro de zona-alvo Gráfico de zona alvo; Resistência à água: 50 m -OwnCode Polar (5kHz); Funcionamento: Bateria substituível; Peso Aproximado: 50 g; Garantia: Contra defeitos de fabricação; Acompanha transmissor e faixa regulável; Idiomas: textos em Inglês, alemão, sueco, finlandês, francês, espanhol, italiano e português | E59: 52.08 | F59: Polar/ RS 800 | G59: PECA | H59: 20 | I59: 20 | J59: 2440.27 | K59: 1 | L59: =K59-(SUM(N59:Y59)) -> 1 | M59: =IF(L59<0,"ATENÇÃO","OK") -> OK | N59: 0 | O59: 0 | P59: 0 | Q59: 0 | R59: 0 | S59: 0 | T59: 0 | U59: 0 | V59: 0 | W59: 0 | X59: 0 | Y59: 0
C60: 3 | D60: MONITOR CARDIACO, MONITOR CARDIACO, FREQUENCIMETRO C/SOFTWARE ENVIOS DE DADOS, Monitor de frequência cardíaca com frequência cardíaca e zona alvo em BPM. Heart Touch: com visualização de até três informações alternadas no visor: frequência cardíaca, temporizador e hora. | E60: 52.08 | F60: Polar/ FT1 BLK | G60: PECA | H60: 20 | I60: 20 | J60: 229.37 | K60: 23 | L60: =K60-(SUM(N60:Y60)) -> 23 | M60: =IF(L60<0,"ATENÇÃO","OK") -> OK | N60: 0 | O60: 0 | P60: 0 | Q60: 0 | R60: 0 | S60: 0 | T60: 0 | U60: 0 | V60: 0 | W60: 0 | X60: 0 | Y60: 0
A61: SKINA 1820 INDUSTRI A ECOMERCIO LTDA | B61: 16 | C61: 1 | D61: HASTE DE FERRO, SUPORTE DE REDE FUTSAL, Medidas de 3,00 x 2,00 m. Fabricado com tubos galvanizados de 3" e recuo com tubos de 1 ½", com 80 cm na parte de baixo e 50 cm na parte de cima para sustentação das redes. Deverá ainda ser fixados ganchos para colocação das redes. Pintada com tinta branca e esmalte sintético anti-ferrugem. | E61: 52.10 | F61: SPORTIN | G61: PECA | H61: 20 | I61: 20 | J61: 555 | L61: =K61-(SUM(N61:Y61)) -> 0 | M61: =IF(L61<0,"ATENÇÃO","OK") -> OK | N61: 0 | O61: 0 | P61: 0 | Q61: 0 | R61: 0 | S61: 0 | T61: 0 | U61: 0 | V61: 0 | W61: 0 | X61: 0 | Y61: 0
A62: ADBX COMERCIO E SERVIÇOS LTDA ME | B62: 17 | C62: 1 | D62: BOLA DE BORRACHA, DE FRESCOBOL, Bola de frescobol de borracha. Na cor azul, com preso aproximado e 67g e diâmetro de 6cm. | E62: 30.14 | F62: Lcm/N2 | G62: PECA | H62: 20 | I62: 20 | J62: 9.2 | K62: 90 | L62: =K62-(SUM(N62:Y62)) -> 90 | M62: =IF(L62<0,"ATENÇÃO","OK") -> OK | N62: 0 | O62: 0 | P62: 0 | Q62: 0 | R62: 0 | S62: 0 | T62: 0 | U62: 0 | V62: 0 | W62: 0 | X62: 0 | Y62: 0
C63: 2 | D63: BOLA DE BORRACHA, LATEX, S/COSTURA, PESANDO 1 KG (MEDICINEBOL), Bola Medicine Ball de 1kg. Corpo de borracha sem costura, calibrável, lastro de borracha maciça. | E63: 30.14 | F63: Penalty/1kg | G63: PECA | H63: 20 | I63: 20 | J63: 95 | K63: 5 | L63: =K63-(SUM(N63:Y63)) -> 5 | M63: =IF(L63<0,"ATENÇÃO","OK") -> OK | N63: 0 | O63: 0 | P63: 0 | Q63: 0 | R63: 0 | S63: 0 | T63: 0 | U63: 0 | V63: 0 | W63: 0 | X63: 0 | Y63: 0
C64: 3 | D64: BOLA DE BORRACHA, NUMERO 10, Bola de borracha nº 10. Medida: diâmetro 16cm. Peso: 350g. Composição: borracha natural e borracha sintética (polibutadieno). Cores a definir. | E64: 30.14 | F64: Lcm/Nº10 | G64: PECA | H64: 20 | I64: 20 | J64: 24 | K64: 20 | L64: =K64-(SUM(N64:Y64)) -> 20 | M64: =IF(L64<0,"ATENÇÃO","OK") -> OK | N64: 0 | O64: 0 | P64: 0 | Q64: 0 | R64: 0 | S64: 0 | T64: 0 | U64: 0 | V64: 0 | W64: 0 | X64: 0 | Y64: 0
C65: 4 | D65: BOLA DE BORRACHA, NUMERO 10, Bola de borracha nº 10. Medida: diâmetro 16cm. Peso: 350g. Composição: borracha natural e borracha sintética (polibutadieno). Cores a definir. | E65: 30.14 | F65: Pangue/2kg | G65: PECA | H65: 20 | I65: 20 | J65: 136 | K65: 2 | L65: =K65-(SUM(N65:Y65)) -> 2 | M65: =IF(L65<0,"ATENÇÃO","OK") -> OK | N65: 0 | O65: 0 | P65: 0 | Q65: 0 | R65: 0 | S65: 0 | T65: 0 | U65: 0 | V65: 0 | W65: 0 | X65: 0 | Y65: 0
C66: 5 | D66: BOLA DE TENIS DE CAMPO, (QUADRA),OFICIAL, ESTOJO COM 3 UNIDADES, Bola para tênis, oficial e aprovada pela IPF/CBT, em embalagem pressurizada (estojo), contendo no mínimo, três unidades por estojo. | E66: 30.14 | F66: Wilson/Shamp Ship | G66: ESTJO | H66: 20 | I66: 20 | J66: 28 | L66: =K66-(SUM(N66:Y66)) -> 0 | M66: =IF(L66<0,"ATENÇÃO","OK") -> OK | N66: 0 | O66: 0 | P66: 0 | Q66: 0 | R66: 0 | S66: 0 | T66: 0 | U66: 0 | V66: 0 | W66: 0 | X66: 0 | Y66: 0
C67: 6 | D67: BOLA P/FUTEBOL DE CAMPO, BRASIL,68-70CM DIAMETRO,410-450G PESO,PU ULTRA 100%, Bola de futebol de campo pró, PU, nº 5, categoria adulto, PU ultra 100%, sem custura e impermeável, com frisos em alto relevo, miolo removível e lubrificado; Peso: 410 a 450g; Circunferência: 68-70cm. Oficializada pela Federação Catarinense de Futebol. | E67: 30.14 | F67: Penalty/Pro S11 Brasil | G67: PECA | H67: 20 | I67: 20 | J67: 215 | K67: 70 | L67: =K67-(SUM(N67:Y67)) -> 70 | M67: =IF(L67<0,"ATENÇÃO","OK") -> OK | N67: 0 | O67: 0 | P67: 0 | Q67: 0 | R67: 0 | S67: 0 | T67: 0 | U67: 0 | V67: 0 | W67: 0 | X67: 0 | Y67: 0
C68: 7 | D68: BOLA PARA BASQUETEBOL, 6.4,72-74 DIAMETRO,510-565 PESO, 565,REMOVIVEL E LUBRIFICA, Bola de basquetebol, profissional, pró 6.4, matrizada, confeccionada em microfibra, sem custura e impermeável, com frisos em alto relevo; forro multiaxial, miolo removível e lubrificado; Peso: 510 a 565g; Circunferência: 72-74cm. Oficializada pela Federação Catarinense de Basquetebol. | E68: 30.14 | F68: Penalty/Pro 6,4 | G68: PECA | H68: 20 | I68: 20 | J68: 192 | K68: 30 | L68: =K68-(SUM(N68:Y68)) -> 30 | M68: =IF(L68<0,"ATENÇÃO","OK") -> OK | N68: 0 | O68: 0 | P68: 0 | Q68: 0 | R68: 0 | S68: 0 | T68: 0 | U68: 0 | V68: 0 | W68: 0 | X68: 0 | Y68: 0
C69: 8 | D69: BOLA PARA BASQUETEBOL, BASQUETE 7.4,DIAM 75-78,PESO 600-650,REMOVIVEL E LUBRIFICADA, Bola de basquetebol, profissional, pró 7.4, categoria masculino, matrizada, confeccionada em microfibra, sem custura e impermeável, com frisos em alto relevo; forro multiaxial, miolo removível e lubrificado; Peso: 600 a 675g; Circunferência: 75-77cm. Oficializada pela Federação Catarinense de Basquetebol. | E69: 30.14 | F69: Penalty/Pro 7,4 | G69: PECA | H69: 20 | I69: 20 | J69: 212 | K69: 90 | L69: =K69-(SUM(N69:Y69)) -> 90 | M69: =IF(L69<0,"ATENÇÃO","OK") -> OK | N69: 0 | O69: 0 | P69: 0 | Q69: 0 | R69: 0 | S69: 0 | T69: 0 | U69: 0 | V69: 0 | W69: 0 | X69: 0 | Y69: 0
C70: 9 | D70: BOLA PARA BASQUETEBOL, CATEGORIA MIRIM, Bola Basquete Pro 5.6. Bola de basquete categoria mirim, confeccionada em microfribra, na cor laranja, com câmara airbility, forro multiaxial, miolo Slip System (lubrificado e substituível), com peso entre 450 a 500 gramas, circunferência entre 72 a 74 cm, Aprovada pela FIBA - Federação Internacional de Basquetebol. | E70: 30.14 | F70: Penalty/Pro 5,6 | G70: PECA | H70: 20 | I70: 20 | J70: 170 | K70: 71 | L70: =K70-(SUM(N70:Y70)) -> 71 | M70: =IF(L70<0,"ATENÇÃO","OK") -> OK | N70: 0 | O70: 0 | P70: 0 | Q70: 0 | R70: 0 | S70: 0 | T70: 0 | U70: 0 | V70: 0 | W70: 0 | X70: 0 | Y70: 0
C71: 10 | D71: BOLA PARA FUTEBOL DE SALAO, CATEGORIA ADULTO, Bola de futsal. Com 32 gomos costurados a mão. Circunferência: 61-64cm, peso aproximado 410-440g; PU; Miolo removível e lubrificado; sem custura e impermeável. | E71: 30.14 | F71: Penalty/Max500c/c | G71: PECA | H71: 20 | I71: 20 | J71: 139.9 | L71: =K71-(SUM(N71:Y71)) -> 0 | M71: =IF(L71<0,"ATENÇÃO","OK") -> OK | N71: 0 | O71: 0 | P71: 0 | Q71: 0 | R71: 0 | S71: 0 | T71: 0 | U71: 0 | V71: 0 | W71: 0 | X71: 0 | Y71: 0
C72: 11 | D72: BOLA PARA FUTEBOL DE SALAO, CATEGORIA INFANTIL, Bola oficial de futsal, tamanho infantil (sub-13), sem custura e impermeável, com 8 gomos, confeccionada em PU ultra 100%, com miolo removível e lubrificado. Com as seguintes dimensões: 55,0-59,0cm, peso: 350-380g. | E72: 30.14 | F72: Penalty/Max200 | G72: PECA | H72: 20 | I72: 20 | J72: 115 | K72: 15 | L72: =K72-(SUM(N72:Y72)) -> 15 | M72: =IF(L72<0,"ATENÇÃO","OK") -> OK | N72: 0 | O72: 0 | P72: 0 | Q72: 0 | R72: 0 | S72: 0 | T72: 0 | U72: 0 | V72: 0 | W72: 0 | X72: 0 | Y72: 0
C73: 12 | D73: BOLA PARA FUTEBOL DE SALAO, DE COURO, Bola oficial de futsal, com 8 gomos, confeccionada em PU ultra 100%, sem custura e impermeável, com miolo removível e lubrificado. Com as seguintes dimensões: 62,5-63,5cm, peso: 410-430g. | E73: 30.14 | F73: Penalty/Max1000 | G73: PECA | H73: 20 | I73: 20 | J73: 161.2 | K73: 40 | L73: =K73-(SUM(N73:Y73)) -> 40 | M73: =IF(L73<0,"ATENÇÃO","OK") -> OK | N73: 0 | O73: 0 | P73: 0 | Q73: 0 | R73: 0 | S73: 0 | T73: 0 | U73: 0 | V73: 0 | W73: 0 | X73: 0 | Y73: 0
C74: 13 | D74: BOLA PARA HANDEBOL, CATEGORIA ADULTO,FEMININO,CONFECCIONDA EM PU, Bola oficial de handebol, tamanho feminino, costurada, com 32 gomos, confeccionada em PU, com miolo removível e lubrificado. Bola oficial da Confederação Brasileira de Handebol (CBHb) e aprovada pela Federação Internacional de Handebol (IHF) com as seguintes medidas: Circunferência 54-56cm; peso: 325-400g. | E74: 30.14 | F74: Penalty/H2L Suécia | G74: PECA | H74: 20 | I74: 20 | J74: 160 | K74: 60 | L74: =K74-(SUM(N74:Y74)) -> 60 | M74: =IF(L74<0,"ATENÇÃO","OK") -> OK | N74: 0 | O74: 0 | P74: 0 | Q74: 0 | R74: 0 | S74: 0 | T74: 0 | U74: 0 | V74: 0 | W74: 0 | X74: 0 | Y74: 0
C75: 14 | D75: BOLA PARA HANDEBOL, CATEGORIA H1L, Bola de handebol costurada H1 Oficial, matrizada, com 32 gomos, confeccionada em PVC. Tamanho: 49-51 peso: 230-270g miolo removível e lubrificado. | E75: 30.14 | F75: Penalty/H1L PVC | G75: PECA | H75: 20 | I75: 20 | J75: 130 | K75: 30 | L75: =K75-(SUM(N75:Y75)) -> 30 | M75: =IF(L75<0,"ATENÇÃO","OK") -> OK | N75: 0 | O75: 0 | P75: 0 | Q75: 0 | R75: 0 | S75: 0 | T75: 0 | U75: 0 | V75: 0 | W75: 0 | X75: 0 | Y75: 0
C76: 15 | D76: BOLA PARA HANDEBOL, CATEGORIA H2L, Bola de handebol costurada H2 , matrizada, com 32 gomos, confeccionada em PVC. Tamanho: 49-51 peso:230-270g miolo removível e lubrificado; frisps em alto relevo. | E76: 30.14 | F76: Penalty/H2L PVC | G76: PECA | H76: 20 | I76: 20 | J76: 144.9 | K76: 60 | L76: =K76-(SUM(N76:Y76)) -> 60 | M76: =IF(L76<0,"ATENÇÃO","OK") -> OK | N76: 0 | O76: 0 | P76: 0 | Q76: 0 | R76: 0 | S76: 0 | T76: 0 | U76: 0 | V76: 0 | W76: 0 | X76: 0 | Y76: 0
C77: 16 | D77: BOLA PARA HANDEBOL, CATEGORIA H2L, Bola de handebol, H2L, costurada, categoria adulto feminino, confeccionada com o exclusivo PU ultra grip; câmara airbility, forro multiaxial, miolo slip system removível e lubrificado; Peso: 325 a 400g; Circunferência: 54 a 56cm. Oficializada pela Confederação Brasileira de Handebol. | E77: 30.14 | F77: Penalty/H2L Suécia | G77: PECA | H77: 20 | I77: 20 | J77: 170 | L77: =K77-(SUM(N77:Y77)) -> 0 | M77: =IF(L77<0,"ATENÇÃO","OK") -> OK | N77: 0 | O77: 0 | P77: 0 | Q77: 0 | R77: 0 | S77: 0 | T77: 0 | U77: 0 | V77: 0 | W77: 0 | X77: 0 | Y77: 0
C78: 17 | D78: BOLA PARA HANDEBOL, MASCULINO,CATEGORIA H3L, Bola de handebol costurada H3 tamanho masculino, com 32 gomos, confeccionada com PU ultra grip, câmera de butil e miolo removível, com 58 a 60cm de circunferência, peso variado entre 425 a 475g. | E78: 30.14 | F78: Penalty/H3L Suécia | G78: PECA | H78: 20 | I78: 20 | J78: 168 | K78: 60 | L78: =K78-(SUM(N78:Y78)) -> 60 | M78: =IF(L78<0,"ATENÇÃO","OK") -> OK | N78: 0 | O78: 0 | P78: 0 | Q78: 0 | R78: 0 | S78: 0 | T78: 0 | U78: 0 | V78: 0 | W78: 0 | X78: 0 | Y78: 0
C79: 18 | D79: BOLA PARA HANDEBOL, MASCULINO,CATEGORIA H3L, Bola de handebol, H3L, costurada, categoria adulto masculino, confeccionada com o exclusivo PU ultra grip; câmara airbility, forro multiaxial, miolo slip system removível e lubrificado; Peso: 425 a 475g; Circunferência: 58 a 60cm. Oficializada pela Confederação Brasileira de Handebol. | E79: 30.14 | F79: Penalty/H3L Suécia | G79: PECA | H79: 20 | I79: 20 | J79: 126.9 | L79: =K79-(SUM(N79:Y79)) -> 0 | M79: =IF(L79<0,"ATENÇÃO","OK") -> OK | N79: 0 | O79: 0 | P79: 0 | Q79: 0 | R79: 0 | S79: 0 | T79: 0 | U79: 0 | V79: 0 | W79: 0 | X79: 0 | Y79: 0
C80: 19 | D80: BOLA PARA TENIS DE MESA, MODELO OFICIAL, Bola de tênis de mesa oficial, na cor laranja; com peso aproximado de 40g diâmetro de 4cm confecionado em acetato de celuloide. | E80: 30.14 | F80: Yashima 40 mm | G80: PECA | H80: 20 | I80: 20 | J80: 9.5 | L80: =K80-(SUM(N80:Y80)) -> 0 | M80: =IF(L80<0,"ATENÇÃO","OK") -> OK | N80: 0 | O80: 0 | P80: 0 | Q80: 0 | R80: 0 | S80: 0 | T80: 0 | U80: 0 | V80: 0 | W80: 0 | X80: 0 | Y80: 0
C81: 20 | D81: BOLA PARA VOLEI DE PRAIA, MODELO OFICIAL, Bola beach volley PRO, sem custura e impermeável, couro sintético com miolo removível, peso 250g. | E81: 30.14 | F81: Penalty/Beach Pro | G81: PECA | H81: 20 | I81: 20 | J81: 167.8 | K81: 5 | L81: =K81-(SUM(N81:Y81)) -> 5 | M81: =IF(L81<0,"ATENÇÃO","OK") -> OK | N81: 0 | O81: 0 | P81: 0 | Q81: 0 | R81: 0 | S81: 0 | T81: 0 | U81: 0 | V81: 0 | W81: 0 | X81: 0 | Y81: 0
C82: 21 | D82: BOLA PARA VOLEI DE PRAIA, MODELO OFICIAL, Bola de voleibol de praia oficial, confeccionada em microfibra, costurada, câmara airbility; miolo slip system removível e lubrificado. Peso: 260 a 280g; Circunferência: 65 – 67cm.Oficializada pela Federação Catarinense de Voleibol. | E82: 30.14 | F82: Penalty/Pro Beach | G82: PECA | H82: 20 | I82: 20 | J82: 156 | L82: =K82-(SUM(N82:Y82)) -> 0 | M82: =IF(L82<0,"ATENÇÃO","OK") -> OK | N82: 0 | O82: 0 | P82: 0 | Q82: 0 | R82: 0 | S82: 0 | T82: 0 | U82: 0 | V82: 0 | W82: 0 | X82: 0 | Y82: 0
C83: 22 | D83: BOLA PARA VOLEIBOL, EM MATERIAL SINTETICO,COSTURADA,MODELO OFICIAL, Bola de voleibol de quadra, modelo pró 6.0, matrizada, confeccionada em microfibra; miolo removível e lubrificado; com frisos em alto relevo. Peso: 260 a 280g; Circunferência: 65 a 67cm. Oficializada pela Federação Catarinense de voleibol. | E83: 30.14 | F83: Penalty/Pro 6.0 | G83: PECA | H83: 20 | I83: 20 | J83: 195 | K83: 90 | L83: =K83-(SUM(N83:Y83)) -> 90 | M83: =IF(L83<0,"ATENÇÃO","OK") -> OK | N83: 0 | O83: 0 | P83: 0 | Q83: 0 | R83: 0 | S83: 0 | T83: 0 | U83: 0 | V83: 0 | W83: 0 | X83: 0 | Y83: 0
C84: 23 | D84: BOLA MEDICINE BALL, BOLA MEDICINE BALL DE 2 KG., Corpo de borracha sem costura, calibrável, lastro de borracha maciça. | E84: 30.14 | F84: Penalty/2Kg | G84: PECA | H84: 20 | I84: 20 | J84: 118.6 | K84: 10 | L84: =K84-(SUM(N84:Y84)) -> 10 | M84: =IF(L84<0,"ATENÇÃO","OK") -> OK | N84: 0 | O84: 0 | P84: 0 | Q84: 0 | R84: 0 | S84: 0 | T84: 0 | U84: 0 | V84: 0 | W84: 0 | X84: 0 | Y84: 0
C85: 24 | D85: BOLA MEDICINE BALL, BOLA MEDICINE BALL DE 3 KG, Bola Medicine Ball de borracha com alças 3 KG. Indicada para uso fisioterápico e treinamentos específicos. Matrizada, confeccionada de borracha, com câmara airbility, forro multiaxial e miolo Slip System, lubrificado e substituível. Fácil para segurar, durável e impermeável. Acompanha DVD com instruções/dicas de uso. | E85: 30.14 | F85: All Gim/ 3Kg com alças | G85: PECA | H85: 20 | I85: 20 | J85: 220 | K85: 5 | L85: =K85-(SUM(N85:Y85)) -> 5 | M85: =IF(L85<0,"ATENÇÃO","OK") -> OK | N85: 0 | O85: 0 | P85: 0 | Q85: 0 | R85: 0 | S85: 0 | T85: 0 | U85: 0 | V85: 0 | W85: 0 | X85: 0 | Y85: 0
C86: 25 | D86: BOLA MEDICINE BALL, BOLA MEDICINE BALL DE 3 KG, Bola Medicine Ball, de borracha 3 KG. Indicada para uso fisioterápico e treinamentos específicos. Matrizada, confeccionada de borracha com câmara airbility, forro multiaxial e miolo Slip System , lubrificado e substituível. | E86: 30.14 | F86: Penalty/3Kg | G86: PECA | H86: 20 | I86: 20 | J86: 142.6 | K86: 10 | L86: =K86-(SUM(N86:Y86)) -> 10 | M86: =IF(L86<0,"ATENÇÃO","OK") -> OK | N86: 0 | O86: 0 | P86: 0 | Q86: 0 | R86: 0 | S86: 0 | T86: 0 | U86: 0 | V86: 0 | W86: 0 | X86: 0 | Y86: 0
A87: ZERMIANI COMERCIO DE ARTIGOS ESPORTIVOS LTDA ME | B87: 18 | C87: 1 | D87: MATERIAIS PARA REABILITACAO AQUATICA, CANELEIRA EM NYLON, 1KG, Caneleira emborrachada 1,0kg, confeccionada em nylon 600 capenil trançado, enchimento com esfera de ferro, acabamento em viés, fecho em velcro. | E87: 30.14 | F87: CR Costura | G87: PECA | H87: 20 | I87: 20 | J87: 26.31 | K87: 60 | L87: =K87-(SUM(N87:Y87)) -> 60 | M87: =IF(L87<0,"ATENÇÃO","OK") -> OK | N87: 0 | O87: 0 | P87: 0 | Q87: 0 | R87: 0 | S87: 0 | T87: 0 | U87: 0 | V87: 0 | W87: 0 | X87: 0 | Y87: 0
C88: 2 | D88: MATERIAIS PARA REABILITACAO AQUATICA, CANELEIRA EM NYLON, 2KG, Caneleira emborrachada 2,0kg, confeccionada em nylon 600 capenil trançado, enchimento com esfera de ferro, acabamento em viés, fecho em velcro. | E88: 30.14 | F88: CR Costura | G88: PECA | H88: 20 | I88: 20 | J88: 32.56 | K88: 14 | L88: =K88-(SUM(N88:Y88)) -> 14 | M88: =IF(L88<0,"ATENÇÃO","OK") -> OK | N88: 0 | O88: 0 | P88: 0 | Q88: 0 | R88: 0 | S88: 0 | T88: 0 | U88: 0 | V88: 0 | W88: 0 | X88: 0 | Y88: 0
C89: 3 | D89: MATERIAIS PARA REABILITACAO AQUATICA, CANELEIRA EM NYLON, 3KG, Caneleira emborrachada 3kg, confeccionada em nylon 600 capenil trançado, enchimento com esfera de ferro, acabamento em viés, fecho em velcro. | E89: 30.14 | F89: CR Costura | G89: PECA | H89: 20 | I89: 20 | J89: 40.89 | K89: 10 | L89: =K89-(SUM(N89:Y89)) -> 10 | M89: =IF(L89<0,"ATENÇÃO","OK") -> OK | N89: 0 | O89: 0 | P89: 0 | Q89: 0 | R89: 0 | S89: 0 | T89: 0 | U89: 0 | V89: 0 | W89: 0 | X89: 0 | Y89: 0
C90: 4 | D90: MATERIAIS PARA REABILITACAO AQUATICA, CANELEIRA EM NYLON, 4KG, Caneleira emborrachada 4kg, confeccionada em nylon 600 capenil trançado, enchimento com esfera de ferro, acabamento em viés, fecho em velcro. | E90: 30.14 | F90: CR Costura | G90: PECA | H90: 20 | I90: 20 | J90: 50.14 | K90: 10 | L90: =K90-(SUM(N90:Y90)) -> 10 | M90: =IF(L90<0,"ATENÇÃO","OK") -> OK | N90: 0 | O90: 0 | P90: 0 | Q90: 0 | R90: 0 | S90: 0 | T90: 0 | U90: 0 | V90: 0 | W90: 0 | X90: 0 | Y90: 0
C91: 5 | D91: MATERIAIS PARA REABILITACAO AQUATICA, CANELEIRA EM NYLON, 5KG, Caneleira emborrachada 5kg, confeccionada em nylon 600 capenil trançado, enchimento com esfera de ferro, acabamento em viés, fecho em velcro. | E91: 30.14 | F91: CR Costura | G91: PECA | H91: 20 | I91: 20 | J91: 56.39 | K91: 12 | L91: =K91-(SUM(N91:Y91)) -> 12 | M91: =IF(L91<0,"ATENÇÃO","OK") -> OK | N91: 0 | O91: 0 | P91: 0 | Q91: 0 | R91: 0 | S91: 0 | T91: 0 | U91: 0 | V91: 0 | W91: 0 | X91: 0 | Y91: 0
C92: 6 | D92: CANELEIRA, CANELEIRA 3KG, Caneleira emborrachada 3kg, confeccionada em nylon 600 capenil trançado, enchimento com esfera de ferro, acabamento em viés, fecho em velcro. Dimensões aproximadas (LXAXP): 18x20x10cm. Garantia do fabricante: seis meses de garantia contra defeitos de fabricação. | E92: 52.10 | F92: CR Costura | G92: PECA | H92: 20 | I92: 20 | J92: 21.61 | L92: =K92-(SUM(N92:Y92)) -> 0 | M92: =IF(L92<0,"ATENÇÃO","OK") -> OK | N92: 0 | O92: 0 | P92: 0 | Q92: 0 | R92: 0 | S92: 0 | T92: 0 | U92: 0 | V92: 0 | W92: 0 | X92: 0 | Y92: 0
C93: 7 | D93: CANELEIRA, CANELEIRA 4KG, Caneleira emborrachada 4kg, confeccionada em nylon 600 capenil trançado, enchimento com esfera de ferro, acabamento em viés, fecho em velcro. Dimensões aproximadas (LXAXP): 21X22X10cm. Garantia do fabricante: seis meses contra defeito de fabricação. | E93: 52.10 | F93: CR Costura | G93: PECA | H93: 20 | I93: 20 | J93: 28.78 | L93: =K93-(SUM(N93:Y93)) -> 0 | M93: =IF(L93<0,"ATENÇÃO","OK") -> OK | N93: 0 | O93: 0 | P93: 0 | Q93: 0 | R93: 0 | S93: 0 | T93: 0 | U93: 0 | V93: 0 | W93: 0 | X93: 0 | Y93: 0
C94: 8 | D94: CANELEIRA, CANELEIRA 5KG, Caneleira emborrachada 5kg, confeccionada em nylon 600 capenil trançado, enchimento com esfera de ferro, acabamento em viés, fecho em velcro. Dimensões aproximadas (LXAXP): 22x22x11cm. Garantia do fabricante: seis meses contra defeito de fabricação. | E94: 52.10 | F94: CR Costura | G94: PECA | H94: 20 | I94: 20 | J94: 34.65 | L94: =K94-(SUM(N94:Y94)) -> 0 | M94: =IF(L94<0,"ATENÇÃO","OK") -> OK | N94: 0 | O94: 0 | P94: 0 | Q94: 0 | R94: 0 | S94: 0 | T94: 0 | U94: 0 | V94: 0 | W94: 0 | X94: 0 | Y94: 0
A95: SKINA 1820 INDUSTRI A ECOMERCIO LTDA | B95: 19 | C95: 1 | D95: BANDEIROLA, BANDEIRA DE ARBITRO COM CABO DE ALUMINIO, Bandeira de árbitro com cabo de alumínio para competições de atletismo. Feita de tubo de alumínio e tecido sintético. Cores: Amarela, Branca ou Vermelha | E95: 30.14 | F95: VINEX | G95: PECA | H95: 20 | I95: 20 | J95: 63.26 | K95: 4 | L95: =K95-(SUM(N95:Y95)) -> 4 | M95: =IF(L95<0,"ATENÇÃO","OK") -> OK | N95: 0 | O95: 0 | P95: 0 | Q95: 0 | R95: 0 | S95: 0 | T95: 0 | U95: 0 | V95: 0 | W95: 0 | X95: 0 | Y95: 0
C96: 2 | D96: BASTAO PARA PROVAS DE REVEZAMENTO, DE PLASTICO, Bastão de Revezamento IAAF. Feito de plástico. Conjunto com 8 unidades | E96: 30.14 | F96: VINEX | G96: PECA | H96: 20 | I96: 20 | J96: 88.95 | K96: 1 | L96: =K96-(SUM(N96:Y96)) -> 1 | M96: =IF(L96<0,"ATENÇÃO","OK") -> OK | N96: 0 | O96: 0 | P96: 0 | Q96: 0 | R96: 0 | S96: 0 | T96: 0 | U96: 0 | V96: 0 | W96: 0 | X96: 0 | Y96: 0
C97: 3 | D97: CABO PARA MARTELO, OFICIAL EM A«O GALVANIZADO, Cabo Oficial para Martelo. Fabricado de aço galvanizado (3 mm de espessura). Conforme especificações da IAAF. 982 mm - Indicado para martelos: de 4 kg com 95-99 mm de diâmetro; de 5 kg com 100-104 mm de diâmetro; de 6 kg com 111-119 mm de diâmetro; de 7,26 kg com 111-119 mm de diâmetro. | E97: 30.42 | F97: POLANIK | G97: PECA | H97: 20 | I97: 20 | J97: 37.45 | K97: 10 | L97: =K97-(SUM(N97:Y97)) -> 10 | M97: =IF(L97<0,"ATENÇÃO","OK") -> OK | N97: 0 | O97: 0 | P97: 0 | Q97: 0 | R97: 0 | S97: 0 | T97: 0 | U97: 0 | V97: 0 | W97: 0 | X97: 0 | Y97: 0
C98: 4 | D98: DISCO DE BORRACHA, PESO 1 KG, DISCO DE ATLETISMO 1,00 KG. Feito de borracha dura de alta resistência. Indicado para treinamento de lançamentos | E98: 30.14 | F98: VINEX | G98: PECA | H98: 20 | I98: 20 | J98: 68.95 | K98: 4 | L98: =K98-(SUM(N98:Y98)) -> 4 | M98: =IF(L98<0,"ATENÇÃO","OK") -> OK | N98: 0 | O98: 0 | P98: 0 | Q98: 0 | R98: 0 | S98: 0 | T98: 0 | U98: 0 | V98: 0 | W98: 0 | X98: 0 | Y98: 0
C99: 5 | D99: DISCO PARA PRATICA ESPORTIVA, DISCO DE ATLETISMO DE 2 KG, Disco de Atletismo 2,00 KG. Feito de borracha dura de alta resistência. | E99: 30.14 | F99: VINEX | G99: PECA | H99: 20 | I99: 20 | J99: 87.95 | K99: 1 | L99: =K99-(SUM(N99:Y99)) -> 1 | M99: =IF(L99<0,"ATENÇÃO","OK") -> OK | N99: 0 | O99: 0 | P99: 0 | Q99: 0 | R99: 0 | S99: 0 | T99: 0 | U99: 0 | V99: 0 | W99: 0 | X99: 0 | Y99: 0
C100: 6 | D100: EMPUNHADURA PARA MARTELO, CURVADA, Empunhadura para martelo curvada 110 mm. Suporte e anel de aço, apoio de mão de alumínio. Pintura a pó de alta resistência. Comprimento de 110 mm, largura de 110 mm. Certificada pela IAA. | E100: 30.14 | F100: POLANIK | G100: PECA | H100: 20 | I100: 20 | J100: 51.95 | K100: 4 | L100: =K100-(SUM(N100:Y100)) -> 4 | M100: =IF(L100<0,"ATENÇÃO","OK") -> OK | N100: 0 | O100: 0 | P100: 0 | Q100: 0 | R100: 0 | S100: 0 | T100: 0 | U100: 0 | V100: 0 | W100: 0 | X100: 0 | Y100: 0
...

Sheet REITORIA
A1: PROCESSO: 0480/2014/UDESC | D1: OBJETO: Aquisição de material esportivo | J1: VIGÊNCIA DA ATA: 11/06/2014 até 11/06/2015 | N1: AF/OS nº xxxx/2014 Qtde. DT | O1: AF/OS nº xxxx/2014 Qtde. DT | P1: AF/OS nº xxxx/2014 Qtde. DT | Q1: AF/OS nº xxxx/2014 Qtde. DT | R1: AF/OS nº xxxx/2014 Qtde. DT | S1: AF/OS nº xxxx/2014 Qtde. DT | T1: AF/OS nº xxxx/2014 Qtde. DT | U1: AF/OS nº xxxx/2014 Qtde. DT | V1: AF/OS nº xxxx/2014 Qtde. DT | W1: AF/OS nº xxxx/2014 Qtde. DT | X1: AF/OS nº xxxx/2014 Qtde. DT | Y1: AF/OS nº xxxx/2014 Qtde. DT
A2: CENTRO PARTICIPANTE:
A3: FORNECEDOR | B3: LOTE | C3: ITEM | D3: PRODUTO - CARACTERÍSTICAS MÍNIMAS | E3: DETALHAMENTO | F3: MARCA/MODELO | G3: UNIDADE | H3: Entrega (Dias) | I3: Pagto. (Dias) | J3: Preço UNITÁRIO (R$) | K3: Qtde LICITADA | L3: Saldo / Automático | M3: ALERTA | N3: ...../...../...... | O3: ...../...../...... | P3: ...../...../...... | Q3: ...../...../...... | R3: ...../...../...... | S3: ...../...../...... | T3: ...../...../...... | U3: ...../...../...... | V3: ...../...../...... | W3: ...../...../...... | X3: ...../...../...... | Y3: ...../...../......
A4: ZERMIANI COMERCIO DE ARTIGOS ESPORTIVOS LTDA ME | B4: 1 | C4: 1 | D4: ANILHAS, KETTLEBELL, Kettlebell 4kg: anilha em ferro, utilizada para exercícios resistidos específicos. | E4: 52.10 | F4: WS | G4: PECA | H4: 20 | I4: 20 | J4: 47.9 | L4: =K4-(SUM(N4:Y4)) -> 0 | M4: =IF(L4<0,"ATENÇÃO","OK") -> OK | N4: 0 | O4: 0 | P4: 0 | Q4: 0 | R4: 0 | S4: 0 | T4: 0 | U4: 0 | V4: 0 | W4: 0 | X4: 0 | Y4: 0
C5: 2 | D5: ANILHAS, KETTLEBELL, Kettlebell 6kg: anilha em ferro, utilizada para exercícios resistidos específicos. | E5: 52.10 | F5: WS | G5: PECA | H5: 20 | I5: 20 | J5: 72.9 | L5: =K5-(SUM(N5:Y5)) -> 0 | M5: =IF(L5<0,"ATENÇÃO","OK") -> OK | N5: 0 | O5: 0 | P5: 0 | Q5: 0 | R5: 0 | S5: 0 | T5: 0 | U5: 0 | V5: 0 | W5: 0 | X5: 0 | Y5: 0
C6: 3 | D6: ANILHAS, KETTLEBELL, Kettlebell 8kg: anilha em ferro, utilizada para exercícios resistidos específicos. | E6: 52.10 | F6: WS | G6: PECA | H6: 20 | I6: 20 | J6: 96.9 | L6: =K6-(SUM(N6:Y6)) -> 0 | M6: =IF(L6<0,"ATENÇÃO","OK") -> OK | N6: 0 | O6: 0 | P6: 0 | Q6: 0 | R6: 0 | S6: 0 | T6: 0 | U6: 0 | V6: 0 | W6: 0 | X6: 0 | Y6: 0
C7: 4 | D7: BARRA PARA APOIO, EM W PARA ANILHAS EM ACO CROMADO, Barra "w": barra maciça cromada, com pegadores emborrachados, para a realização de exercícios de musculação diversos. Dimensões: 1200mm X 30mm | E7: 52.10 | F7: WS | G7: PECA | H7: 20 | I7: 20 | J7: 170 | L7: =K7-(SUM(N7:Y7)) -> 0 | M7: =IF(L7<0,"ATENÇÃO","OK") -> OK | N7: 0 | O7: 0 | P7: 0 | Q7: 0 | R7: 0 | S7: 0 | T7: 0 | U7: 0 | V7: 0 | W7: 0 | X7: 0 | Y7: 0
C8: 5 | D8: BARRA PARA APOIO, EM W PARA ANILHAS EM ACO CROMADO, TAMANHO: 1,20 m com Rosca. Barra maciça cromada e recartilhada. Cromada em sistema de banho com tecnologia e proteção ao meio ambiente. Indicada para execução de flexões, bíceps e tríceps. Composição: em aço 1020 polido. Dimensões aproximadas (C): 120 cm. Garantia do fabricante: 12 meses contra defeito de fabricação. | E8: 52.10 | F8: WS | G8: PECA | H8: 20 | I8: 20 | J8: 149 | L8: =K8-(SUM(N8:Y8)) -> 0 | M8: =IF(L8<0,"ATENÇÃO","OK") -> OK | N8: 0 | O8: 0 | P8: 0 | Q8: 0 | R8: 0 | S8: 0 | T8: 0 | U8: 0 | V8: 0 | W8: 0 | X8: 0 | Y8: 0
C9: 6 | D9: BARRA PARA APOIO, MEDINDO 1,20, Barra "H": barra maciça cromada, com pegadores emborrachados, para a realização de exercícios de musculação diversos. dimensões: 1200mm X 30mm. | E9: 52.10 | F9: WS | G9: PECA | H9: 20 | I9: 20 | J9: 196 | L9: =K9-(SUM(N9:Y9)) -> 0 | M9: =IF(L9<0,"ATENÇÃO","OK") -> OK | N9: 0 | O9: 0 | P9: 0 | Q9: 0 | R9: 0 | S9: 0 | T9: 0 | U9: 0 | V9: 0 | W9: 0 | X9: 0 | Y9: 0
C10: 7 | D10: HALTERES, COM PESO DE 0,5 KG, Halter fabricado em ferro fundido e revestido por uma camada de vinil PVC colorida. Peso 0,5kg. | E10: 52.10 | F10: WS | G10: PECA | H10: 20 | I10: 20 | J10: 7.8 | L10: =K10-(SUM(N10:Y10)) -> 0 | M10: =IF(L10<0,"ATENÇÃO","OK") -> OK | N10: 0 | O10: 0 | P10: 0 | Q10: 0 | R10: 0 | S10: 0 | T10: 0 | U10: 0 | V10: 0 | W10: 0 | X10: 0 | Y10: 0
C11: 8 | D11: HALTERES, COM PESO DE 1,0 KG, Halter fabricado em ferro fundido e revestido por uma camada de vinil PVC colorida. Peso 1,0kg. | E11: 52.10 | F11: WS | G11: PECA | H11: 20 | I11: 20 | J11: 14.5 | L11: =K11-(SUM(N11:Y11)) -> 0 | M11: =IF(L11<0,"ATENÇÃO","OK") -> OK | N11: 0 | O11: 0 | P11: 0 | Q11: 0 | R11: 0 | S11: 0 | T11: 0 | U11: 0 | V11: 0 | W11: 0 | X11: 0 | Y11: 0
C12: 9 | D12: HALTERES, COM PESO DE 10 KG, Halter fabricado em ferro fundido e revestido por uma camada de vinil PVC colorida. Peso 10,0kg. | E12: 52.10 | F12: WS | G12: PECA | H12: 20 | I12: 20 | J12: 109 | L12: =K12-(SUM(N12:Y12)) -> 0 | M12: =IF(L12<0,"ATENÇÃO","OK") -> OK | N12: 0 | O12: 0 | P12: 0 | Q12: 0 | R12: 0 | S12: 0 | T12: 0 | U12: 0 | V12: 0 | W12: 0 | X12: 0 | Y12: 0
C13: 10 | D13: HALTERES, COM PESO DE 2,0 KG, Halter fabricado em ferro fundido e revestido por uma camada de vinil PVC colorida. Peso 2,0kg. | E13: 52.10 | F13: WS | G13: PECA | H13: 20 | I13: 20 | J13: 25 | L13: =K13-(SUM(N13:Y13)) -> 0 | M13: =IF(L13<0,"ATENÇÃO","OK") -> OK | N13: 0 | O13: 0 | P13: 0 | Q13: 0 | R13: 0 | S13: 0 | T13: 0 | U13: 0 | V13: 0 | W13: 0 | X13: 0 | Y13: 0
C14: 11 | D14: HALTERES, COM PESO DE 3,0 KG, Halter fabricado em ferro fundido e revestido por uma camada de vinil PVC colorida. Peso 3,0kg. | E14: 52.10 | F14: WS | G14: PECA | H14: 20 | I14: 20 | J14: 31 | L14: =K14-(SUM(N14:Y14)) -> 0 | M14: =IF(L14<0,"ATENÇÃO","OK") -> OK | N14: 0 | O14: 0 | P14: 0 | Q14: 0 | R14: 0 | S14: 0 | T14: 0 | U14: 0 | V14: 0 | W14: 0 | X14: 0 | Y14: 0
C15: 12 | D15: HALTERES, COM PESO DE 4KG, Halter fabricado em ferro fundido e revestido por uma camada de vinil PVC colorida. Peso 4,0kg. | E15: 52.10 | F15: WS | G15: PECA | H15: 20 | I15: 20 | J15: 42 | L15: =K15-(SUM(N15:Y15)) -> 0 | M15: =IF(L15<0,"ATENÇÃO","OK") -> OK | N15: 0 | O15: 0 | P15: 0 | Q15: 0 | R15: 0 | S15: 0 | T15: 0 | U15: 0 | V15: 0 | W15: 0 | X15: 0 | Y15: 0
C16: 13 | D16: HALTERES, COM PESO DE 5KG, Halter fabricado em ferro fundido e revestido por uma camada de vinil PVC colorida. Peso 5,0kg. | E16: 52.10 | F16: WS | G16: PECA | H16: 20 | I16: 20 | J16: 53 | L16: =K16-(SUM(N16:Y16)) -> 0 | M16: =IF(L16<0,"ATENÇÃO","OK") -> OK | N16: 0 | O16: 0 | P16: 0 | Q16: 0 | R16: 0 | S16: 0 | T16: 0 | U16: 0 | V16: 0 | W16: 0 | X16: 0 | Y16: 0
... C18: 15 | D18: HALTERES, COM PESO DE 8KG, Halter fabricado em ferro fundido e revestido por uma camada de vinil PVC colorida. Peso 8,0kg. | E18: 52.10 | F18: WS | G18: PECA | H18: 20 | I18: 20 | J18: 78 | L18: =K18-(SUM(N18:Y18)) -> 0 | M18: =IF(L18<0,"ATENÇÃO","OK") -> OK | N18: 0 | O18: 0 | P18: 0 | Q18: 0 | R18: 0 | S18: 0 | T18: 0 | U18: 0 | V18: 0 | W18: 0 | X18: 0 | Y18: 0
C19: 16 | D19: ROLO ABDOMINAL, TEXTURIZADO, A roda consiste em plástico moldado. A espessura maior da roda e seu revestimento de borracha proporcionam maior estabilidade e segurança na execução dos exercícios. Aparelho rolamentado. Suporta até 170Kg. Material polipropileno que não marca o piso. Manopla de borracha de fácil higienização. | E19: 52.10 | F19: Up Life | G19: PECA | H19: 20 | I19: 20 | J19: 44.9 | K19: 1 | L19: =K19-(SUM(N19:Y19)) -> 1 | M19: =IF(L19<0,"ATENÇÃO","OK") -> OK | N19: 0 | O19: 0 | P19: 0 | Q19: 0 | R19: 0 | S19: 0 | T19: 0 | U19: 0 | V19: 0 | W19: 0 | X19: 0 | Y19: 0
C20: 17 | D20: SUPORTE PARA BOLAS INFLAVEIS, KIT COM 3 UNIDADES DE SUPORTES PARA BOLA INFLAVEL, Suporte para bolas infláveis. Kit com 3 unidades de suportes para bola inflável, composto em plástico e com regulagem de velcro que permite adpatar o suporte para os diferentes tamanhos de bola. | E20: 52.10 | F20: Up Life | G20: KIT | H20: 20 | I20: 20 | J20: 99 | L20: =K20-(SUM(N20:Y20)) -> 0 | M20: =IF(L20<0,"ATENÇÃO","OK") -> OK | N20: 0 | O20: 0 | P20: 0 | Q20: 0 | R20: 0 | S20: 0 | T20: 0 | U20: 0 | V20: 0 | W20: 0 | X20: 0 | Y20: 0
C21: 18 | D21: SUPORTE PARA HALTERES, COM CAPACIDADE PARA 10 PARES, Suporte vertical (tipo torre) para 10 pares de halteres (de 1 a 10 kg). Feito com tubo de ferro pintado com tinta epóxi. Dimensões aproximadas: 1.35 (altura) x 0,47 (largura) x 0,45 (profundidade) metros. | E21: 52.10 | F21: Up Life | G21: PECA | H21: 20 | I21: 20 | J21: 251.9 | L21: =K21-(SUM(N21:Y21)) -> 0 | M21: =IF(L21<0,"ATENÇÃO","OK") -> OK | N21: 0 | O21: 0 | P21: 0 | Q21: 0 | R21: 0 | S21: 0 | T21: 0 | U21: 0 | V21: 0 | W21: 0 | X21: 0 | Y21: 0
A22: ADBX COMERCIO E SERVIÇOS LTDA ME | B22: 2 | C22: 1 | D22: BARRA PARA EXERCICIOS, BARRA TRANSVERSAL ELASTICA PARA SALTOS COM PESOS, Barra Transversal Elástica para Saltos com pesos. Para treinamentos de saltos (altura e com vara). Extremidades com pesos. Comprimento: 4,5 metros | E22: 52.10 | F22: Pista Campo | G22: PECA | H22: 20 | I22: 20 | J22: 69.5 | L22: =K22-(SUM(N22:Y22)) -> 0 | M22: =IF(L22<0,"ATENÇÃO","OK") -> OK | N22: 0 | O22: 0 | P22: 0 | Q22: 0 | R22: 0 | S22: 0 | T22: 0 | U22: 0 | V22: 0 | W22: 0 | X22: 0 | Y22: 0
C23: 2 | D23: BARREIRA DE ALTURA, EM PVC, LARGURA: 60CM E ALTURA: 40CM, Barreirinha de PVC para treinamento. Largura: 60 cm. Altura: 40 cm. Feita de material plástico de alta resistência. | E23: 52.10 | F23: Vinex | G23: PECA | H23: 20 | I23: 20 | J23: 80.5 | L23: =K23-(SUM(N23:Y23)) -> 0 | M23: =IF(L23<0,"ATENÇÃO","OK") -> OK | N23: 0 | O23: 0 | P23: 0 | Q23: 0 | R23: 0 | S23: 0 | T23: 0 | U23: 0 | V23: 0 | W23: 0 | X23: 0 | Y23: 0
C24: 3 | D24: BLOCO DE PARTIDA (PARA DESPORTO), DE ACO UNIVERSAL IAAF, Estrutura única feita de aço galvanizado, extremamente resistente e apoio para os pés revestido em borracha sintética. Ajuste de cinco alturas e quinze distâncias diferentes para os pés. Utilização em qualquer tipo de pista. Possui alça para transporte. Certificado pela IAAF. Marca de referência: Polanik. | E24: 52.10 | F24: Vinex | G24: PECA | H24: 20 | I24: 20 | J24: 1120.1 | L24: =K24-(SUM(N24:Y24)) -> 0 | M24: =IF(L24<0,"ATENÇÃO","OK") -> OK | N24: 0 | O24: 0 | P24: 0 | Q24: 0 | R24: 0 | S24: 0 | T24: 0 | U24: 0 | V24: 0 | W24: 0 | X24: 0 | Y24: 0
C25: 4 | D25: DARDO, DE DURALUMINIO DE 800G, Dardo de duralumínio/aço 800g. Estrutura de duralumínio (composto especial de alumínio, cobre e magnésio) de alta resistência e cabeça de aço galvanizado. Pintura a pó (resistente à corrosão, impacto, ação química etc) com efeito transparente. Certificado pela IAAF. | E25: 52.10 | F25: Polinik | G25: PECA | H25: 20 | I25: 20 | J25: 1141.35 | L25: =K25-(SUM(N25:Y25)) -> 0 | M25: =IF(L25<0,"ATENÇÃO","OK") -> OK | N25: 0 | O25: 0 | P25: 0 | Q25: 0 | R25: 0 | S25: 0 | T25: 0 | U25: 0 | V25: 0 | W25: 0 | X25: 0 | Y25: 0
C26: 5 | D26: DARDO, DE DURALUMINIO/A«O DE 600G, Dardo de duralumínio/aço 600g. Estrutura de duralumínio (composto especial de alumínio, cobre e magnésio) de alta resistência e cabeça de aço galvanizado. Pintura a pó (resistente à corrosão, impacto, ação química etc) com efeito transparente. Certificado pela IAAF. | E26: 52.10 | F26: Polinik | G26: PECA | H26: 20 | I26: 20 | J26: 850 | L26: =K26-(SUM(N26:Y26)) -> 0 | M26: =IF(L26<0,"ATENÇÃO","OK") -> OK | N26: 0 | O26: 0 | P26: 0 | Q26: 0 | R26: 0 | S26: 0 | T26: 0 | U26: 0 | V26: 0 | W26: 0 | X26: 0 | Y26: 0
C27: 6 | D27: DARDO, DE PLASTICO DE 300G, Dardo de plástico com ponteira de borracha, 300g. Corpo em plástico PVC de alta resistência, integrado com empunhadura em espiral para maior aderência às mãos. Comprimento 70cm e peso de 300 gramas. Ponteira substituível de borracha. Cores variadas. | E27: 52.10 | F27: Gill | G27: PECA | H27: 20 | I27: 20 | J27: 159.9 | L27: =K27-(SUM(N27:Y27)) -> 0 | M27: =IF(L27<0,"ATENÇÃO","OK") -> OK | N27: 0 | O27: 0 | P27: 0 | Q27: 0 | R27: 0 | S27: 0 | T27: 0 | U27: 0 | V27: 0 | W27: 0 | X27: 0 | Y27: 0
C28: 7 | D28: DARDO, DE PLASTICO DE 400G, Dardo de plástico com ponteira de borracha, 400g. Corpo em plástico PVC de alta resistência, integrado com empunhadura em espiral para maior aderência às mãos. Comprimento 70cm e peso de 400 gramas. Ponteira substituível de borracha. Cores variadas. | E28: 52.10 | F28: Gill | G28: PECA | H28: 20 | I28: 20 | J28: 179.9 | L28: =K28-(SUM(N28:Y28)) -> 0 | M28: =IF(L28<0,"ATENÇÃO","OK") -> OK | N28: 0 | O28: 0 | P28: 0 | Q28: 0 | R28: 0 | S28: 0 | T28: 0 | U28: 0 | V28: 0 | W28: 0 | X28: 0 | Y28: 0
C29: 8 | D29: MARTELO DE ARREMESSO, EM PVC DE 1KG, Martelo de PVC 1Kg. Ideal para iniciação. Feito de PVC macio. | E29: 52.10 | F29: Vinex | G29: PECA | H29: 20 | I29: 20 | J29: 99.9 | L29: =K29-(SUM(N29:Y29)) -> 0 | M29: =IF(L29<0,"ATENÇÃO","OK") -> OK | N29: 0 | O29: 0 | P29: 0 | Q29: 0 | R29: 0 | S29: 0 | T29: 0 | U29: 0 | V29: 0 | W29: 0 | X29: 0 | Y29: 0
C30: 9 | D30: MARTELO DE ARREMESSO, EM PVC DE 500G, Martelo de PVC 500g. Feito de PVC macio, 500g. | E30: 52.10 | F30: Vinex | G30: PECA | H30: 20 | I30: 20 | J30: 79.9 | L30: =K30-(SUM(N30:Y30)) -> 0 | M30: =IF(L30<0,"ATENÇÃO","OK") -> OK | N30: 0 | O30: 0 | P30: 0 | Q30: 0 | R30: 0 | S30: 0 | T30: 0 | U30: 0 | V30: 0 | W30: 0 | X30: 0 | Y30: 0
C31: 10 | D31: MARTELO DE ARREMESSO, PESANDO 3KG, Martelo de Atletismo de aço, 3 kg, 85 mm, para lançamento. Pode ser usado em competições e treinamento. Cabeça com diâmetro de 85 mm com acabamento rígido de aço galvanizado com pintura a pó e núcleo de chumbo, peso e diâmetro precisos, formato esférico, equilíbrio perfeito e superfície totalmente lisa. Cabo de aço galvanizado com 3,2 mm de espessura e 992 mm de comprimento. Empunhadura curvada de 110 mm de comprimento e largura com suporte e anel de aço e apoio de mão de alumínio. Peso total (incluindo cabo e empunhadura): 3,005 a 3,025 kg. Produto oficial, certificado pela IAAF. | E31: 52.10 | F31: Vinex | G31: PECA | H31: 20 | I31: 20 | J31: 249.45 | L31: =K31-(SUM(N31:Y31)) -> 0 | M31: =IF(L31<0,"ATENÇÃO","OK") -> OK | N31: 0 | O31: 0 | P31: 0 | Q31: 0 | R31: 0 | S31: 0 | T31: 0 | U31: 0 | V31: 0 | W31: 0 | X31: 0 | Y31: 0
C32: 11 | D32: PESO PARA ARREMESSO, PESANDO 4KG, Peso de Atletismo Indoor, 4,00 KG para arremesso. Revestimento de PVC macio de alta resistência com recheio de microesferas de aço. Diâmetro de 135 mm. Peso: 4,00 kg. Produto oficial para competições indoor, conforme regras da IAAF. | E32: 52.10 | F32: Vinex | G32: PECA | H32: 20 | I32: 20 | J32: 179.9 | L32: =K32-(SUM(N32:Y32)) -> 0 | M32: =IF(L32<0,"ATENÇÃO","OK") -> OK | N32: 0 | O32: 0 | P32: 0 | Q32: 0 | R32: 0 | S32: 0 | T32: 0 | U32: 0 | V32: 0 | W32: 0 | X32: 0 | Y32: 0
C33: 12 | D33: PESO PARA ARREMESSO, PESANDO 5KG, Peso de Atletismo Indoor, 5,00 kg para arremesso. Revestimento de PVC macio de alta resistência com recheio de microesferas de aço. Diâmetro de 135 mm. Peso: 5,00 kg. Produto oficial para competições indoor, conforme regras da IAAF. | E33: 52.10 | F33: Vinex | G33: PECA | H33: 20 | I33: 20 | J33: 254.9 | L33: =K33-(SUM(N33:Y33)) -> 0 | M33: =IF(L33<0,"ATENÇÃO","OK") -> OK | N33: 0 | O33: 0 | P33: 0 | Q33: 0 | R33: 0 | S33: 0 | T33: 0 | U33: 0 | V33: 0 | W33: 0 | X33: 0 | Y33: 0
C34: 13 | D34: TRENO, PARA TREINAMENTO ESPORTIVO, Trenó para treinamento de força. Para uso na grama ou areia. Estrutura de aço tubular, pintura a pó. Inclui cinto ajustável com velcro e fita reforçada de nylon. Tamanho: 70 cm de comprimento x 30 cm de largura, peso de 2 kg. | E34: 52.10 | F34: Vinex | G34: PECA | H34: 20 | I34: 20 | J34: 184.95 | L34: =K34-(SUM(N34:Y34)) -> 0 | M34: =IF(L34<0,"ATENÇÃO","OK") -> OK | N34: 0 | O34: 0 | P34: 0 | Q34: 0 | R34: 0 | S34: 0 | T34: 0 | U34: 0 | V34: 0 | W34: 0 | X34: 0 | Y34: 0
A35: FRATELLI COMERCIO DE MAQUINAS E EQUIPAMENTOS LTDA ME | B35: 3 | C35: 1 | D35: CARRO MANUAL PARA TRANSPORTE, DE BLOCOS DE PARTIDA, Carrinho para transporte de blocos de partida. Feito de aço e rodas Heavy Duty com dispositivo de bloqueio. Pintura a pó, resistente à corrosão, impacto, ação química, etc. Transporta até 10 blocos de partida. | E35: 52.10 | F35: Vinex | G35: PECA | H35: 20 | I35: 20 | J35: 679.9 | L35: =K35-(SUM(N35:Y35)) -> 0 | M35: =IF(L35<0,"ATENÇÃO","OK") -> OK | N35: 0 | O35: 0 | P35: 0 | Q35: 0 | R35: 0 | S35: 0 | T35: 0 | U35: 0 | V35: 0 | W35: 0 | X35: 0 | Y35: 0
C36: 2 | D36: CARRO MANUAL PARA TRANSPORTE, DE DISCOS, PESOS E DARDOS, Carrinho para transporte de discos, pesos e dardos. Feito de aço tubular de alta resistência, rodas giratórias reforçadas. Pintura a pó, resistente à corrosão, impacto, ação química. Transporta 12 dardos, 12 pesos e 30 discos. | E36: 52.10 | F36: Vinex | G36: PECA | H36: 20 | I36: 20 | J36: 748 | L36: =K36-(SUM(N36:Y36)) -> 0 | M36: =IF(L36<0,"ATENÇÃO","OK") -> OK | N36: 0 | O36: 0 | P36: 0 | Q36: 0 | R36: 0 | S36: 0 | T36: 0 | U36: 0 | V36: 0 | W36: 0 | X36: 0 | Y36: 0
A37: FRATELLI COMERCIO DE MAQUINAS E EQUIPAMENTOS LTDA ME | B37: 4 | C37: 1 | D37: CONTROLADOR DE 24 SEGUNDOS, PARA BASQUETEBOL, Controlador de 24 segundos para basquetebol com dois Módulos mostradores, dois dígitos por módulo, Cronômetro regressivo de 24 e 30 segundos selecionável por chave, Marcador de faltas individuais de jogador de 1 a 5, Alarme de Sirene intermitente de 120 dB acionada manualmente ou automaticamente quando tempo esgotado, Gabinete em alumínio com pintura eletrostática, parte Frontal dos Dígitos em Acrílico translúcido vermelho, Painel de Comandos Microcontrolado com display de cristal líquido, com comunicação wireless. | E37: 52.10 | F37: Tecnodis/HS24 | G37: PECA | H37: 20 | I37: 20 | J37: 1409 | L37: =K37-(SUM(N37:Y37)) -> 0 | M37: =IF(L37<0,"ATENÇÃO","OK") -> OK | N37: 0 | O37: 0 | P37: 0 | Q37: 0 | R37: 0 | S37: 0 | T37: 0 | U37: 0 | V37: 0 | W37: 0 | X37: 0 | Y37: 0
C38: 2 | D38: PLACAR ELETRONICO, PARA GINASIO, Placar eletrônico para ginásios esportivos, resistente e de formato compacto. Para ginásios de pequeno porte, o placar eletrônico deve apresenta informações necessárias para jogos de basquetebol, futsal, handebol e vôlei, Equipado com alça de deslocamento, engates para fixação em paredes e pés de suporte, campainha que é acionada quando zera o cronômetro ou no pedido de tempo, de forma manual ou automática, cronômetro digital progressivo ou regressivo, memória para armazenamento de dados, comunicação via rádio freqüencia. Largura: 100cm, altura: 80cm, espessura: 5,5cm, peso: 16kg, consumo: 80watts, alimentação dos dados: teclado de comando com display altura do display: 14,5cm. Escores: de 0 a 199 indicação de faltas coletivas: de 0 a 19 indicação do período do jogo: de 0 a 19. | E38: 52.10 | F38: Tecnodis/ESP 15/1 | G38: PECA | H38: 20 | I38: 20 | J38: 3920.92 | L38: =K38-(SUM(N38:Y38)) -> 0 | M38: =IF(L38<0,"ATENÇÃO","OK") -> OK | N38: 0 | O38: 0 | P38: 0 | Q38: 0 | R38: 0 | S38: 0 | T38: 0 | U38: 0 | V38: 0 | W38: 0 | X38: 0 | Y38: 0
A39: FRATELLI COMERCIO DE MAQUINAS E EQUIPAMENTOS LTDA ME | B39: 5 | C39: 1 | D39: ADIPOMETRO, PLICOMETRO CIENTIFICO, Plicômetro científico tradicional, com sensibilidade de 0,1 mm, amplitude de leitura de 85mm e pressão de 10g/mm². Montagem em base de alumínio com revestimento epoxi. Cabo e protetor em nylon technyl. Ponteiras (fixas) não metálicas. Molas em aço zincado. Relógio de alta precisão. | E39: 52.04 | F39: Cescorf | G39: PECA | H39: 20 | I39: 20 | J39: 850 | L39: =K39-(SUM(N39:Y39)) -> 0 | M39: =IF(L39<0,"ATENÇÃO","OK") -> OK | N39: 0 | O39: 0 | P39: 0 | Q39: 0 | R39: 0 | S39: 0 | T39: 0 | U39: 0 | V39: 0 | W39: 0 | X39: 0 | Y39: 0
C40: 2 | D40: SIMETROGRAFO, ESTRUTURA DE ALUMINIO QUADRICULADO (P/FISIOTERAPIA), Confeccionado em ferro, com pintura epóxi de alta resistência. Maior detalhe na avaliação pois tem quadrados divididos de 5,0cm em 5,0cm. Dividido em 6 partes metálicas e acompanha 100m de elástico para marcar as linhas de medida. Tamanho: 190cm X 90cm. Garantia: 12 meses contra defeito de fabricação. | E40: 52.08 | F40: Sanny | G40: PECA | H40: 20 | I40: 20 | J40: 717 | L40: =K40-(SUM(N40:Y40)) -> 0 | M40: =IF(L40<0,"ATENÇÃO","OK") -> OK | N40: 0 | O40: 0 | P40: 0 | Q40: 0 | R40: 0 | S40: 0 | T40: 0 | U40: 0 | V40: 0 | W40: 0 | X40: 0 | Y40: 0
A41: SKINA 1820 INDUSTRI A ECOMERCIO LTDA | B41: 6 | C41: 1 | D41: DIVA, BAIXO COM TABLADO DE MADEIRA, revestido em courvin com espuma de 5 cm. Medidas aproximadas de: 1,86 x 0,44 x 1,35m | E41: 52.42 | F41: MEX | G41: PECA | H41: 20 | I41: 20 | J41: 825.23 | L41: =K41-(SUM(N41:Y41)) -> 0 | M41: =IF(L41<0,"ATENÇÃO","OK") -> OK | N41: 0 | O41: 0 | P41: 0 | Q41: 0 | R41: 0 | S41: 0 | T41: 0 | U41: 0 | V41: 0 | W41: 0 | X41: 0 | Y41: 0
A42: WILSON TADEU EMERIM EIRELI ME / DELLA COMERCIO E REPRESENTAÇÕES | B42: 7 | C42: 1 | D42: FITA DE MEDIDAS ATROPOMETRICAS, TRENA EM FIBRA DE VIDRO, 150 CM., Trena para medições das circunferências do corpo, com medidas rápidas e precisas. Possui retração automática e trava na extremidade da fita para que com um único toque, no botão central, envolva a região a ser medida, liberando as mãos do profissional para as anotações. | E42: 52.10 | F42: Sanny/TR 4013 | G42: PECA | H42: 20 | I42: 20 | J42: 25.43 | L42: =K42-(SUM(N42:Y42)) -> 0 | M42: =IF(L42<0,"ATENÇÃO","OK") -> OK | N42: 0 | O42: 0 | P42: 0 | Q42: 0 | R42: 0 | S42: 0 | T42: 0 | U42: 0 | V42: 0 | W42: 0 | X42: 0 | Y42: 0
C43: 2 | D43: BALANCA, DIGITAL TIPO PLATAFORMA, CAPACIDADE 150 KG, Balança Digital com Plataforma de Vidro para uso pessoal para cargas de até 150Kg. Dados técnicos: Balança Digital com plataforma de vidro temperado de 8 mm, acionamento por toque, possui desligamento automático com um visor de LCD de fácil visualização e com capacidade para até 150 Kg. Garantia: 01 ano; Cor: Transparente; Tipo: Digital; Visor: cristal líquido; Plataforma de vidro temperado com 10 mm de espessura; Números grandes de fácil visualização; Peso máximo recomendado: 150kg; Peso do Produto: 1,5kg; Medidas: 3x30x30cm (AxLxC); Contém: 01 balança e 01 Bateria de lítio CRV2032 | E43: 52.04 | F43: G-Lite/CA 500 | G43: PECA | H43: 20 | I43: 20 | J43: 194.92 | K43: 2 | L43: =K43-(SUM(N43:Y43)) -> 2 | M43: =IF(L43<0,"ATENÇÃO","OK") -> OK | N43: 0 | O43: 0 | P43: 0 | Q43: 0 | R43: 0 | S43: 0 | T43: 0 | U43: 0 | V43: 0 | W43: 0 | X43: 0 | Y43: 0
C44: 3 | D44: BALANCA, DIGITAL,CAPACIDADE P/ 150 KG,MOD.2096, Balança digital com analisador de composição corporal por bioimpedância. Especificações técnicas: peso em Kg, % de gordura (taxa de gordura), % de água (taxa de líquidos), massa óssea, massa muscular, índice metabólico basal, idade metabólica, memória para 4 usuários, tecla “visitante” (sem armazenamento de dados), função “somente peso”, modo “atleta”, teclas de função iluminadas, resgate da última leitura de peso, % gordura, % água e massa muscular, capacidade: 150kg, graduação de peso: 0,1kg, graduação em %: 0,1%, suprimento de energia: 04 pilhas AA (inclusas). | E44: 52.04 | F44: Tanita/BC-553 | G44: PECA | H44: 20 | I44: 20 | J44: 2020.21 | L44: =K44-(SUM(N44:Y44)) -> 0 | M44: =IF(L44<0,"ATENÇÃO","OK") -> OK | N44: 0 | O44: 0 | P44: 0 | Q44: 0 | R44: 0 | S44: 0 | T44: 0 | U44: 0 | V44: 0 | W44: 0 | X44: 0 | Y44: 0
A45: SKINA 1820 INDUSTRI A ECOMERCIO LTDA | B45: 8 | C45: 1 | D45: CATRACA, ELETRONICA PARA CONTROLE DE ACESSO DE PESSOAS, Catraca para academia com software de controle integrado. Braço bidirecional em aço inox (entra e sai). Sistema de giro suave. Paineis configuráveis com teclado. Acompanha software de gerenciamento de academias (dados cadastrais, matrícula, frequência, controle de acesso, bloqueios de acesso, controle de horários, relatórios em geral, financeiro, etc) para controle de no mínimo 400 pessoas. Acesso por digital, cartão ou senha. Deverá possibilitar o cadastro de foto com webcam (incluída). | E45: 52.99 | F45: DIMEP | G45: PECA | H45: 20 | I45: 20 | J45: 3046.66 | L45: =K45-(SUM(N45:Y45)) -> 0 | M45: =IF(L45<0,"ATENÇÃO","OK") -> OK | N45: 0 | O45: 0 | P45: 0 | Q45: 0 | R45: 0 | S45: 0 | T45: 0 | U45: 0 | V45: 0 | W45: 0 | X45: 0 | Y45: 0
A46: FRATELLI COMERCIO DE MAQUINAS E EQUIPAMENTOS LTDA ME | B46: 9 | C46: 1 | D46: CRONOMETRO, CRONOMETRO PROFISSIONAL DIGITAL, Cronômetro de borda grande, em polietileno, com 70cm de diâmetro, para piscina. | E46: 52.04 | F46: ProSwin | G46: PECA | H46: 20 | I46: 20 | J46: 1570 | L46: =K46-(SUM(N46:Y46)) -> 0 | M46: =IF(L46<0,"ATENÇÃO","OK") -> OK | N46: 0 | O46: 0 | P46: 0 | Q46: 0 | R46: 0 | S46: 0 | T46: 0 | U46: 0 | V46: 0 | W46: 0 | X46: 0 | Y46: 0
A47: SKINA 1820 INDUSTRI A ECOMERCIO LTDA | B47: 10 | C47: 1 | D47: MOLDURA, PARA ESPELHO DE POSTURA, Moldura para espelho de postura. Construída com madeira resistente e renovável, que tenha recebido processo de envernizamento e impermeabilização. Possui rodas. Permite colocação de espelho com medidas: 1650 x 510 mm | E47: 52.34 | F47: MULTIMEED | G47: PECA | H47: 20 | I47: 20 | J47: 365.41 | L47: =K47-(SUM(N47:Y47)) -> 0 | M47: =IF(L47<0,"ATENÇÃO","OK") -> OK | N47: 0 | O47: 0 | P47: 0 | Q47: 0 | R47: 0 | S47: 0 | T47: 0 | U47: 0 | V47: 0 | W47: 0 | X47: 0 | Y47: 0
A48: SKINA 1820 INDUSTRI A ECOMERCIO LTDA | B48: 11 | C48: 1 | D48: CAMA ELASTICA, DIAMET.90CM,PROPRIOCEPTIVA,ALT.APROX.22CM,SUPORTA ATE 150KG, mini cama elastica, trampolim, aproximadamente com 90 cm | E48: 52.10 | F48: HIDROLIGHT | G48: PECA | H48: 20 | I48: 20 | J48: 374.19 | K48: 1 | L48: =K48-(SUM(N48:Y48)) -> 1 | M48: =IF(L48<0,"ATENÇÃO","OK") -> OK | N48: 0 | O48: 0 | P48: 0 | Q48: 0 | R48: 0 | S48: 0 | T48: 0 | U48: 0 | V48: 0 | W48: 0 | X48: 0 | Y48: 0
C49: 2 | D49: CAMA ELASTICA, TAMANHO PEQUENO, Trampolim, Mini Cama Elástica Residencial. Confeccionado em tubo redondo aço 1010/1020, pintura em epóxi cor prata perolizado. Pés aparafusados, acompanhando chave estrela para fixar os mesmos. Tela sannet cor preta QR 3/2 costurada com linha de nylon a 30 alças de fita elástica, que garante o rebote, com reforço de fita militar de 50mm na parte superior contornando toda a tela. Sapatas em PVC cor preta, antiderrapante. Capacidade de peso: até 120kg. | E49: 52.12 | F49: HIDROLIGHT | G49: PECA | H49: 20 | I49: 20 | J49: 279.81 | L49: =K49-(SUM(N49:Y49)) -> 0 | M49: =IF(L49<0,"ATENÇÃO","OK") -> OK | N49: 0 | O49: 0 | P49: 0 | Q49: 0 | R49: 0 | S49: 0 | T49: 0 | U49: 0 | V49: 0 | W49: 0 | X49: 0 | Y49: 0
A50: SKINA 1820 INDUSTRI A ECOMERCIO LTDA | B50: 12 | C50: 1 | D50: MEDIDOR DE ESTATURA, ESTADIOMETRO DE PAREDE, Medidor de Estatura/Altura - Estadiometro de parede com 2m. Campo de Uso: até 2,00 m. Resolução: em milímetros ( intervalos 5 mm). Tolerância: + / - 5 mm. Matéria Prima: Tubo e escala em Alumínio anodizado, Escala antropométrica litografada. Suporte para fixação em parede de fácil instalação. Acompanha Manual de instruções para instalação. | E50: 52.04 | F50: SANNY | G50: PECA | H50: 20 | I50: 20 | J50: 232.83 | L50: =K50-(SUM(N50:Y50)) -> 0 | M50: =IF(L50<0,"ATENÇÃO","OK") -> OK | N50: 0 | O50: 0 | P50: 0 | Q50: 0 | R50: 0 | S50: 0 | T50: 0 | U50: 0 | V50: 0 | W50: 0 | X50: 0 | Y50: 0
A51: FRATELLI COMERCIO DE MAQUINAS E EQUIPAMENTOS LTDA ME | B51: 13 | C51: 1 | D51: PRANCHA DE STAND UP, PADDLE, COMPLETA, Composição do produto: Miolo - Poliuretano e poliestireno; Parte externa - Polietileno ou Skin; Remo - Cabo em alumínio e pá de plástico; Peso / Dimensões: Tamanho 9´8"; Largura 29"; Espessura 6"; Peso médio 16 Kgs. | E51: 52.20 | F51: Maré | G51: PECA | H51: 20 | I51: 20 | J51: 1730 | L51: =K51-(SUM(N51:Y51)) -> 0 | M51: =IF(L51<0,"ATENÇÃO","OK") -> OK | N51: 0 | O51: 0 | P51: 0 | Q51: 0 | R51: 0 | S51: 0 | T51: 0 | U51: 0 | V51: 0 | W51: 0 | X51: 0 | Y51: 0
A52: SKINA 1820 INDUSTRI A ECOMERCIO LTDA | B52: 14 | C52: 1 | D52: APARELHO DE ULTRA-SOM, TERAPEUTICO, Microprocessado. Desligamento automático ao fim da aplicação e sinalização sonora. Temporizador Programável. Potência Máxima 10 Watts; Contínuo e Pulsado (5%, 10% e 20%). Freqüências de modulação 16, 48 e 100Hz; Cálculo automático de atenuação de tecidos; Cabeçote transdutor 1 MHz; Cabeçote ergonômico ultra leve (200g); Suporte para o cabeçote transdutor; - Display de Cristal Líquido com iluminação verde; Indicação de potência no display; Indicação de desacoplamento sonora e no display; mínimo de 10 memórias para salvar protocolos e 24 indicações de tratamentos. | E52: 52.08 | F52: SHOPFISIO | G52: PECA | H52: 20 | I52: 20 | J52: 1272 | L52: =K52-(SUM(N52:Y52)) -> 0 | M52: =IF(L52<0,"ATENÇÃO","OK") -> OK | N52: 0 | O52: 0 | P52: 0 | Q52: 0 | R52: 0 | S52: 0 | T52: 0 | U52: 0 | V52: 0 | W52: 0 | X52: 0 | Y52: 0
C53: 2 | D53: APARELHO PARA FISIOTERAPIA, APARELHO DE MAGNETOTERAPIA ELETRONICO (MASSAGEADOR), Massageador terapêutico. Massageador vibrador portátil, com duas intensidades e 5 ponta para massagem, com bolsa para transporte, 220V. | E53: 52.08 | F53: SHOPFISIO | G53: PECA | H53: 20 | I53: 20 | J53: 122.5 | L53: =K53-(SUM(N53:Y53)) -> 0 | M53: =IF(L53<0,"ATENÇÃO","OK") -> OK | N53: 0 | O53: 0 | P53: 0 | Q53: 0 | R53: 0 | S53: 0 | T53: 0 | U53: 0 | V53: 0 | W53: 0 | X53: 0 | Y53: 0
C54: 3 | D54: CONCENTRADOR DE OXIGENIO, DE OXIGENIO, Valor de fluxo: variável de 0,5 a 5LPM (litros por minuto); Energia: 220V. | E54: 52.08 | F54: SHOPFISIO | G54: PECA | H54: 20 | I54: 20 | J54: 3196.47 | L54: =K54-(SUM(N54:Y54)) -> 0 | M54: =IF(L54<0,"ATENÇÃO","OK") -> OK | N54: 0 | O54: 0 | P54: 0 | Q54: 0 | R54: 0 | S54: 0 | T54: 0 | U54: 0 | V54: 0 | W54: 0 | X54: 0 | Y54: 0
C55: 4 | D55: ESFIGNOMANOMETRO, ESFIGMOMANOMETRO ANEROIDE ADULTO (D), Esfigmomanômetro grande aneróide adulto com pedestal; Esfigmomanômetro Aneróide com visor grande (15x15 cm) de 0 a 300 mmHg, caixa injetada em material termoplástico, mostrador plano de fácil leitura, base de ferro fundido com rodízios anti-ruido, haste de suporte em metal, alça para transporte, cesta para braçadeira, espiral em PVC, pêra e válvula. Componentes de metal com pintura eletrostática de alta resistência | E55: 52.08 | F55: MEDJET | G55: PECA | H55: 20 | I55: 20 | J55: 391.54 | L55: =K55-(SUM(N55:Y55)) -> 0 | M55: =IF(L55<0,"ATENÇÃO","OK") -> OK | N55: 0 | O55: 0 | P55: 0 | Q55: 0 | R55: 0 | S55: 0 | T55: 0 | U55: 0 | V55: 0 | W55: 0 | X55: 0 | Y55: 0
C56: 5 | D56: ESTETOSCOPIO, CARDIOLOGICO ADULTO, Estetoscópio cardíaco de dois lados adulto e pediátrico. Com as seguintes caracteristicas: com desempenho acústico superior e altamente sensível. Com diafragma ajustável em cada um dos lados do auscultador. O lado maior auscuta em pacientes adultos, e o lado menor é para pacientes pediátricos ou pequenos, ao redor de curativos e para avaliação carótida. O lado pediátrico do auscultador deve ser convertido em um sino tradicional mediante a simples substituição do diafragma pelo anel de borracha ( sino) incluída na embalagem. - Sistema de diafragma de dupla freqüência de modo a permitir, com um único auscultador, o monitoramento dos sons de baixa e alta freqüência, sem a necessidade de rotação e perda de contato com o corpo do paciente. Auscultador de aço inoxidável.- Design de tubos em YAs olivas devem ser macias e confortáveis com um excelente selamento acústico. Molas internas ajustáveis, para proporcionar adequada tensão das hastes nos ouvidos. - Anel e diafragma com tratamento "anti-frio", mais confortável para o paciente.Com capacidade para a amplificação de sons cardíacos fracos, pulmonares ou de quaisquer outros sons corporais, bem como a auscultação normal e filtragem seletiva da freqüência. | E56: 52.08 | F56: 3M | G56: PECA | H56: 20 | I56: 20 | J56: 72.93 | L56: =K56-(SUM(N56:Y56)) -> 0 | M56: =IF(L56<0,"ATENÇÃO","OK") -> OK | N56: 0 | O56: 0 | P56: 0 | Q56: 0 | R56: 0 | S56: 0 | T56: 0 | U56: 0 | V56: 0 | W56: 0 | X56: 0 | Y56: 0
C57: 6 | D57: OXIMETRO, OXIMETRO PORTATIL, Tela de LCD colorido, SPO2: intervalo de aferição: 70-99; Precisão da aferição: +/- 2%; Frequência de Pulso (FP): intervalo:30=235BPM; Precisão: +/- 2%; Intensidade de Pulso: Indicação em gráfico de barras; Energia: 2 pilhas alcalinas AAA; Autonomia: para suportar mais de 30 horas de uso. | E57: 52.08 | F57: IMFTEC | G57: PECA | H57: 20 | I57: 20 | J57: 1274.5 | L57: =K57-(SUM(N57:Y57)) -> 0 | M57: =IF(L57<0,"ATENÇÃO","OK") -> OK | N57: 0 | O57: 0 | P57: 0 | Q57: 0 | R57: 0 | S57: 0 | T57: 0 | U57: 0 | V57: 0 | W57: 0 | X57: 0 | Y57: 0
A58: WILSON TADEU EMERIM EIRELI ME / DELLA COMERCIO E REPRESENTAÇÕES | B58: 15 | C58: 1 | D58: PEDOMETRO, PEDOMETRO, Equipamento com as seguintes funções: contador de passos, contador de calorias, distância percorrida, relógio e cronômetro com resolução de 1/100 segundos. Sensor de caminhada e corrida e sistema “Flip-Up”. O equipamento deve acompanhas clip para cinto e bateria. Com garantia mínima de 12 meses a partir da data de entrega. | E58: 52.04 | F58: Nem Balance/Via Step | G58: PECA | H58: 20 | I58: 20 | J58: 203.5 | L58: =K58-(SUM(N58:Y58)) -> 0 | M58: =IF(L58<0,"ATENÇÃO","OK") -> OK | N58: 0 | O58: 0 | P58: 0 | Q58: 0 | R58: 0 | S58: 0 | T58: 0 | U58: 0 | V58: 0 | W58: 0 | X58: 0 | Y58: 0
C59: 2 | D59: MONITOR CARDIACO, MONITOR CARDIACO, FREQUENCIMETRO C/SOFTWARE ENVIOS DE DADOS, Monitor Cardíaco; Principais Características: Hora; Luz Noturna; Data e dia da semana; Trava de botões; Frequência Cardíaca em BPM e em % da FC máxima; Zona-alvo manual em BPM e % - somente limite superior; HeartTouch: exibe informações alternadas no visor durante o exercício; Gasto calórico (em Kcal); Arquivo do exercício: 99 arquivos, com duraçao, calorias gastas (em Kcal), tempo dentro da zona-alvo e queima de gordura, média e máxima da FC do exercício; Arquivos totais: duraçao, nr de sessões e calorias (em Kcal); WearLink, transmissor codificado; Alarme: Despertador com soneca; visual e sonoro de zona-alvo Gráfico de zona alvo; Resistência à água: 50 m -OwnCode Polar (5kHz); Funcionamento: Bateria substituível; Peso Aproximado: 50 g; Garantia: Contra defeitos de fabricação; Acompanha transmissor e faixa regulável; Idiomas: textos em Inglês, alemão, sueco, finlandês, francês, espanhol, italiano e português | E59: 52.08 | F59: Polar/ RS 800 | G59: PECA | H59: 20 | I59: 20 | J59: 2440.27 | L59: =K59-(SUM(N59:Y59)) -> 0 | M59: =IF(L59<0,"ATENÇÃO","OK") -> OK | N59: 0 | O59: 0 | P59: 0 | Q59: 0 | R59: 0 | S59: 0 | T59: 0 | U59: 0 | V59: 0 | W59: 0 | X59: 0 | Y59: 0
C60: 3 | D60: MONITOR CARDIACO, MONITOR CARDIACO, FREQUENCIMETRO C/SOFTWARE ENVIOS DE DADOS, Monitor de frequência cardíaca com frequência cardíaca e zona alvo em BPM. Heart Touch: com visualização de até três informações alternadas no visor: frequência cardíaca, temporizador e hora. | E60: 52.08 | F60: Polar/ FT1 BLK | G60: PECA | H60: 20 | I60: 20 | J60: 229.37 | L60: =K60-(SUM(N60:Y60)) -> 0 | M60: =IF(L60<0,"ATENÇÃO","OK") -> OK | N60: 0 | O60: 0 | P60: 0 | Q60: 0 | R60: 0 | S60: 0 | T60: 0 | U60: 0 | V60: 0 | W60: 0 | X60: 0 | Y60: 0
A61: SKINA 1820 INDUSTRI A ECOMERCIO LTDA | B61: 16 | C61: 1 | D61: HASTE DE FERRO, SUPORTE DE REDE FUTSAL, Medidas de 3,00 x 2,00 m. Fabricado com tubos galvanizados de 3" e recuo com tubos de 1 ½", com 80 cm na parte de baixo e 50 cm na parte de cima para sustentação das redes. Deverá ainda ser fixados ganchos para colocação das redes. Pintada com tinta branca e esmalte sintético anti-ferrugem. | E61: 52.10 | F61: SPORTIN | G61: PECA | H61: 20 | I61: 20 | J61: 555 | L61: =K61-(SUM(N61:Y61)) -> 0 | M61: =IF(L61<0,"ATENÇÃO","OK") -> OK | N61: 0 | O61: 0 | P61: 0 | Q61: 0 | R61: 0 | S61: 0 | T61: 0 | U61: 0 | V61: 0 | W61: 0 | X61: 0 | Y61: 0
A62: ADBX COMERCIO E SERVIÇOS LTDA ME | B62: 17 | C62: 1 | D62: BOLA DE BORRACHA, DE FRESCOBOL, Bola de frescobol de borracha. Na cor azul, com preso aproximado e 67g e diâmetro de 6cm. | E62: 30.14 | F62: Lcm/N2 | G62: PECA | H62: 20 | I62: 20 | J62: 9.2 | L62: =K62-(SUM(N62:Y62)) -> 0 | M62: =IF(L62<0,"ATENÇÃO","OK") -> OK | N62: 0 | O62: 0 | P62: 0 | Q62: 0 | R62: 0 | S62: 0 | T62: 0 | U62: 0 | V62: 0 | W62: 0 | X62: 0 | Y62: 0
C63: 2 | D63: BOLA DE BORRACHA, LATEX, S/COSTURA, PESANDO 1 KG (MEDICINEBOL), Bola Medicine Ball de 1kg. Corpo de borracha sem costura, calibrável, lastro de borracha maciça. | E63: 30.14 | F63: Penalty/1kg | G63: PECA | H63: 20 | I63: 20 | J63: 95 | K63: 2 | L63: =K63-(SUM(N63:Y63)) -> 2 | M63: =IF(L63<0,"ATENÇÃO","OK") -> OK | N63: 0 | O63: 0 | P63: 0 | Q63: 0 | R63: 0 | S63: 0 | T63: 0 | U63: 0 | V63: 0 | W63: 0 | X63: 0 | Y63: 0
C64: 3 | D64: BOLA DE BORRACHA, NUMERO 10, Bola de borracha nº 10. Medida: diâmetro 16cm. Peso: 350g. Composição: borracha natural e borracha sintética (polibutadieno). Cores a definir. | E64: 30.14 | F64: Lcm/Nº10 | G64: PECA | H64: 20 | I64: 20 | J64: 24 | L64: =K64-(SUM(N64:Y64)) -> 0 | M64: =IF(L64<0,"ATENÇÃO","OK") -> OK | N64: 0 | O64: 0 | P64: 0 | Q64: 0 | R64: 0 | S64: 0 | T64: 0 | U64: 0 | V64: 0 | W64: 0 | X64: 0 | Y64: 0
C65: 4 | D65: BOLA DE BORRACHA, NUMERO 10, Bola de borracha nº 10. Medida: diâmetro 16cm. Peso: 350g. Composição: borracha natural e borracha sintética (polibutadieno). Cores a definir. | E65: 30.14 | F65: Pangue/2kg | G65: PECA | H65: 20 | I65: 20 | J65: 136 | K65: 4 | L65: =K65-(SUM(N65:Y65)) -> 4 | M65: =IF(L65<0,"ATENÇÃO","OK") -> OK | N65: 0 | O65: 0 | P65: 0 | Q65: 0 | R65: 0 | S65: 0 | T65: 0 | U65: 0 | V65: 0 | W65: 0 | X65: 0 | Y65: 0
C66: 5 | D66: BOLA DE TENIS DE CAMPO, (QUADRA),OFICIAL, ESTOJO COM 3 UNIDADES, Bola para tênis, oficial e aprovada pela IPF/CBT, em embalagem pressurizada (estojo), contendo no mínimo, três unidades por estojo. | E66: 30.14 | F66: Wilson/Shamp Ship | G66: ESTJO | H66: 20 | I66: 20 | J66: 28 | K66: 12 | L66: =K66-(SUM(N66:Y66)) -> 12 | M66: =IF(L66<0,"ATENÇÃO","OK") -> OK | N66: 0 | O66: 0 | P66: 0 | Q66: 0 | R66: 0 | S66: 0 | T66: 0 | U66: 0 | V66: 0 | W66: 0 | X66: 0 | Y66: 0
C67: 6 | D67: BOLA P/FUTEBOL DE CAMPO, BRASIL,68-70CM DIAMETRO,410-450G PESO,PU ULTRA 100%, Bola de futebol de campo pró, PU, nº 5, categoria adulto, PU ultra 100%, sem custura e impermeável, com frisos em alto relevo, miolo removível e lubrificado; Peso: 410 a 450g; Circunferência: 68-70cm. Oficializada pela Federação Catarinense de Futebol. | E67: 30.14 | F67: Penalty/Pro S11 Brasil | G67: PECA | H67: 20 | I67: 20 | J67: 215 | K67: 40 | L67: =K67-(SUM(N67:Y67)) -> 40 | M67: =IF(L67<0,"ATENÇÃO","OK") -> OK | N67: 0 | O67: 0 | P67: 0 | Q67: 0 | R67: 0 | S67: 0 | T67: 0 | U67: 0 | V67: 0 | W67: 0 | X67: 0 | Y67: 0
C68: 7 | D68: BOLA PARA BASQUETEBOL, 6.4,72-74 DIAMETRO,510-565 PESO, 565,REMOVIVEL E LUBRIFICA, Bola de basquetebol, profissional, pró 6.4, matrizada, confeccionada em microfibra, sem custura e impermeável, com frisos em alto relevo; forro multiaxial, miolo removível e lubrificado; Peso: 510 a 565g; Circunferência: 72-74cm. Oficializada pela Federação Catarinense de Basquetebol. | E68: 30.14 | F68: Penalty/Pro 6,4 | G68: PECA | H68: 20 | I68: 20 | J68: 192 | K68: 15 | L68: =K68-(SUM(N68:Y68)) -> 15 | M68: =IF(L68<0,"ATENÇÃO","OK") -> OK | N68: 0 | O68: 0 | P68: 0 | Q68: 0 | R68: 0 | S68: 0 | T68: 0 | U68: 0 | V68: 0 | W68: 0 | X68: 0 | Y68: 0
C69: 8 | D69: BOLA PARA BASQUETEBOL, BASQUETE 7.4,DIAM 75-78,PESO 600-650,REMOVIVEL E LUBRIFICADA, Bola de basquetebol, profissional, pró 7.4, categoria masculino, matrizada, confeccionada em microfibra, sem custura e impermeável, com frisos em alto relevo; forro multiaxial, miolo removível e lubrificado; Peso: 600 a 675g; Circunferência: 75-77cm. Oficializada pela Federação Catarinense de Basquetebol. | E69: 30.14 | F69: Penalty/Pro 7,4 | G69: PECA | H69: 20 | I69: 20 | J69: 212 | K69: 15 | L69: =K69-(SUM(N69:Y69)) -> 15 | M69: =IF(L69<0,"ATENÇÃO","OK") -> OK | N69: 0 | O69: 0 | P69: 0 | Q69: 0 | R69: 0 | S69: 0 | T69: 0 | U69: 0 | V69: 0 | W69: 0 | X69: 0 | Y69: 0
C70: 9 | D70: BOLA PARA BASQUETEBOL, CATEGORIA MIRIM, Bola Basquete Pro 5.6. Bola de basquete categoria mirim, confeccionada em microfribra, na cor laranja, com câmara airbility, forro multiaxial, miolo Slip System (lubrificado e substituível), com peso entre 450 a 500 gramas, circunferência entre 72 a 74 cm, Aprovada pela FIBA - Federação Internacional de Basquetebol. | E70: 30.14 | F70: Penalty/Pro 5,6 | G70: PECA | H70: 20 | I70: 20 | J70: 170 | L70: =K70-(SUM(N70:Y70)) -> 0 | M70: =IF(L70<0,"ATENÇÃO","OK") -> OK | N70: 0 | O70: 0 | P70: 0 | Q70: 0 | R70: 0 | S70: 0 | T70: 0 | U70: 0 | V70: 0 | W70: 0 | X70: 0 | Y70: 0
C71: 10 | D71: BOLA PARA FUTEBOL DE SALAO, CATEGORIA ADULTO, Bola de futsal. Com 32 gomos costurados a mão. Circunferência: 61-64cm, peso aproximado 410-440g; PU; Miolo removível e lubrificado; sem custura e impermeável. | E71: 30.14 | F71: Penalty/Max500c/c | G71: PECA | H71: 20 | I71: 20 | J71: 139.9 | K71: 15 | L71: =K71-(SUM(N71:Y71)) -> 15 | M71: =IF(L71<0,"ATENÇÃO","OK") -> OK | N71: 0 | O71: 0 | P71: 0 | Q71: 0 | R71: 0 | S71: 0 | T71: 0 | U71: 0 | V71: 0 | W71: 0 | X71: 0 | Y71: 0
C72: 11 | D72: BOLA PARA FUTEBOL DE SALAO, CATEGORIA INFANTIL, Bola oficial de futsal, tamanho infantil (sub-13), sem custura e impermeável, com 8 gomos, confeccionada em PU ultra 100%, com miolo removível e lubrificado. Com as seguintes dimensões: 55,0-59,0cm, peso: 350-380g. | E72: 30.14 | F72: Penalty/Max200 | G72: PECA | H72: 20 | I72: 20 | J72: 115 | L72: =K72-(SUM(N72:Y72)) -> 0 | M72: =IF(L72<0,"ATENÇÃO","OK") -> OK | N72: 0 | O72: 0 | P72: 0 | Q72: 0 | R72: 0 | S72: 0 | T72: 0 | U72: 0 | V72: 0 | W72: 0 | X72: 0 | Y72: 0
C73: 12 | D73: BOLA PARA FUTEBOL DE SALAO, DE COURO, Bola oficial de futsal, com 8 gomos, confeccionada em PU ultra 100%, sem custura e impermeável, com miolo removível e lubrificado. Com as seguintes dimensões: 62,5-63,5cm, peso: 410-430g. | E73: 30.14 | F73: Penalty/Max1000 | G73: PECA | H73: 20 | I73: 20 | J73: 161.2 | K73: 10 | L73: =K73-(SUM(N73:Y73)) -> 10 | M73: =IF(L73<0,"ATENÇÃO","OK") -> OK | N73: 0 | O73: 0 | P73: 0 | Q73: 0 | R73: 0 | S73: 0 | T73: 0 | U73: 0 | V73: 0 | W73: 0 | X73: 0 | Y73: 0
C74: 13 | D74: BOLA PARA HANDEBOL, CATEGORIA ADULTO,FEMININO,CONFECCIONDA EM PU, Bola oficial de handebol, tamanho feminino, costurada, com 32 gomos, confeccionada em PU, com miolo removível e lubrificado. Bola oficial da Confederação Brasileira de Handebol (CBHb) e aprovada pela Federação Internacional de Handebol (IHF) com as seguintes medidas: Circunferência 54-56cm; peso: 325-400g. | E74: 30.14 | F74: Penalty/H2L Suécia | G74: PECA | H74: 20 | I74: 20 | J74: 160 | L74: =K74-(SUM(N74:Y74)) -> 0 | M74: =IF(L74<0,"ATENÇÃO","OK") -> OK | N74: 0 | O74: 0 | P74: 0 | Q74: 0 | R74: 0 | S74: 0 | T74: 0 | U74: 0 | V74: 0 | W74: 0 | X74: 0 | Y74: 0
C75: 14 | D75: BOLA PARA HANDEBOL, CATEGORIA H1L, Bola de handebol costurada H1 Oficial, matrizada, com 32 gomos, confeccionada em PVC. Tamanho: 49-51 peso: 230-270g miolo removível e lubrificado. | E75: 30.14 | F75: Penalty/H1L PVC | G75: PECA | H75: 20 | I75: 20 | J75: 130 | L75: =K75-(SUM(N75:Y75)) -> 0 | M75: =IF(L75<0,"ATENÇÃO","OK") -> OK | N75: 0 | O75: 0 | P75: 0 | Q75: 0 | R75: 0 | S75: 0 | T75: 0 | U75: 0 | V75: 0 | W75: 0 | X75: 0 | Y75: 0
C76: 15 | D76: BOLA PARA HANDEBOL, CATEGORIA H2L, Bola de handebol costurada H2 , matrizada, com 32 gomos, confeccionada em PVC. Tamanho: 49-51 peso:230-270g miolo removível e lubrificado; frisps em alto relevo. | E76: 30.14 | F76: Penalty/H2L PVC | G76: PECA | H76: 20 | I76: 20 | J76: 144.9 | L76: =K76-(SUM(N76:Y76)) -> 0 | M76: =IF(L76<0,"ATENÇÃO","OK") -> OK | N76: 0 | O76: 0 | P76: 0 | Q76: 0 | R76: 0 | S76: 0 | T76: 0 | U76: 0 | V76: 0 | W76: 0 | X76: 0 | Y76: 0
C77: 16 | D77: BOLA PARA HANDEBOL, CATEGORIA H2L, Bola de handebol, H2L, costurada, categoria adulto feminino, confeccionada com o exclusivo PU ultra grip; câmara airbility, forro multiaxial, miolo slip system removível e lubrificado; Peso: 325 a 400g; Circunferência: 54 a 56cm. Oficializada pela Confederação Brasileira de Handebol. | E77: 30.14 | F77: Penalty/H2L Suécia | G77: PECA | H77: 20 | I77: 20 | J77: 170 | K77: 15 | L77: =K77-(SUM(N77:Y77)) -> 15 | M77: =IF(L77<0,"ATENÇÃO","OK") -> OK | N77: 0 | O77: 0 | P77: 0 | Q77: 0 | R77: 0 | S77: 0 | T77: 0 | U77: 0 | V77: 0 | W77: 0 | X77: 0 | Y77: 0
C78: 17 | D78: BOLA PARA HANDEBOL, MASCULINO,CATEGORIA H3L, Bola de handebol costurada H3 tamanho masculino, com 32 gomos, confeccionada com PU ultra grip, câmera de butil e miolo removível, com 58 a 60cm de circunferência, peso variado entre 425 a 475g. | E78: 30.14 | F78: Penalty/H3L Suécia | G78: PECA | H78: 20 | I78: 20 | J78: 168 | L78: =K78-(SUM(N78:Y78)) -> 0 | M78: =IF(L78<0,"ATENÇÃO","OK") -> OK | N78: 0 | O78: 0 | P78: 0 | Q78: 0 | R78: 0 | S78: 0 | T78: 0 | U78: 0 | V78: 0 | W78: 0 | X78: 0 | Y78: 0
C79: 18 | D79: BOLA PARA HANDEBOL, MASCULINO,CATEGORIA H3L, Bola de handebol, H3L, costurada, categoria adulto masculino, confeccionada com o exclusivo PU ultra grip; câmara airbility, forro multiaxial, miolo slip system removível e lubrificado; Peso: 425 a 475g; Circunferência: 58 a 60cm. Oficializada pela Confederação Brasileira de Handebol. | E79: 30.14 | F79: Penalty/H3L Suécia | G79: PECA | H79: 20 | I79: 20 | J79: 126.9 | K79: 15 | L79: =K79-(SUM(N79:Y79)) -> 15 | M79: =IF(L79<0,"ATENÇÃO","OK") -> OK | N79: 0 | O79: 0 | P79: 0 | Q79: 0 | R79: 0 | S79: 0 | T79: 0 | U79: 0 | V79: 0 | W79: 0 | X79: 0 | Y79: 0
C80: 19 | D80: BOLA PARA TENIS DE MESA, MODELO OFICIAL, Bola de tênis de mesa oficial, na cor laranja; com peso aproximado de 40g diâmetro de 4cm confecionado em acetato de celuloide. | E80: 30.14 | F80: Yashima 40 mm | G80: PECA | H80: 20 | I80: 20 | J80: 9.5 | L80: =K80-(SUM(N80:Y80)) -> 0 | M80: =IF(L80<0,"ATENÇÃO","OK") -> OK | N80: 0 | O80: 0 | P80: 0 | Q80: 0 | R80: 0 | S80: 0 | T80: 0 | U80: 0 | V80: 0 | W80: 0 | X80: 0 | Y80: 0
C81: 20 | D81: BOLA PARA VOLEI DE PRAIA, MODELO OFICIAL, Bola beach volley PRO, sem custura e impermeável, couro sintético com miolo removível, peso 250g. | E81: 30.14 | F81: Penalty/Beach Pro | G81: PECA | H81: 20 | I81: 20 | J81: 167.8 | L81: =K81-(SUM(N81:Y81)) -> 0 | M81: =IF(L81<0,"ATENÇÃO","OK") -> OK | N81: 0 | O81: 0 | P81: 0 | Q81: 0 | R81: 0 | S81: 0 | T81: 0 | U81: 0 | V81: 0 | W81: 0 | X81: 0 | Y81: 0
C82: 21 | D82: BOLA PARA VOLEI DE PRAIA, MODELO OFICIAL, Bola de voleibol de praia oficial, confeccionada em microfibra, costurada, câmara airbility; miolo slip system removível e lubrificado. Peso: 260 a 280g; Circunferência: 65 – 67cm.Oficializada pela Federação Catarinense de Voleibol. | E82: 30.14 | F82: Penalty/Pro Beach | G82: PECA | H82: 20 | I82: 20 | J82: 156 | K82: 4 | L82: =K82-(SUM(N82:Y82)) -> 4 | M82: =IF(L82<0,"ATENÇÃO","OK") -> OK | N82: 0 | O82: 0 | P82: 0 | Q82: 0 | R82: 0 | S82: 0 | T82: 0 | U82: 0 | V82: 0 | W82: 0 | X82: 0 | Y82: 0
C83: 22 | D83: BOLA PARA VOLEIBOL, EM MATERIAL SINTETICO,COSTURADA,MODELO OFICIAL, Bola de voleibol de quadra, modelo pró 6.0, matrizada, confeccionada em microfibra; miolo removível e lubrificado; com frisos em alto relevo. Peso: 260 a 280g; Circunferência: 65 a 67cm. Oficializada pela Federação Catarinense de voleibol. | E83: 30.14 | F83: Penalty/Pro 6.0 | G83: PECA | H83: 20 | I83: 20 | J83: 195 | K83: 7 | L83: =K83-(SUM(N83:Y83)) -> 7 | M83: =IF(L83<0,"ATENÇÃO","OK") -> OK | N83: 0 | O83: 0 | P83: 0 | Q83: 0 | R83: 0 | S83: 0 | T83: 0 | U83: 0 | V83: 0 | W83: 0 | X83: 0 | Y83: 0
C84: 23 | D84: BOLA MEDICINE BALL, BOLA MEDICINE BALL DE 2 KG., Corpo de borracha sem costura, calibrável, lastro de borracha maciça. | E84: 30.14 | F84: Penalty/2Kg | G84: PECA | H84: 20 | I84: 20 | J84: 118.6 | K84: 1 | L84: =K84-(SUM(N84:Y84)) -> 1 | M84: =IF(L84<0,"ATENÇÃO","OK") -> OK | N84: 0 | O84: 0 | P84: 0 | Q84: 0 | R84: 0 | S84: 0 | T84: 0 | U84: 0 | V84: 0 | W84: 0 | X84: 0 | Y84: 0
C85: 24 | D85: BOLA MEDICINE BALL, BOLA MEDICINE BALL DE 3 KG, Bola Medicine Ball de borracha com alças 3 KG. Indicada para uso fisioterápico e treinamentos específicos. Matrizada, confeccionada de borracha, com câmara airbility, forro multiaxial e miolo Slip System, lubrificado e substituível. Fácil para segurar, durável e impermeável. Acompanha DVD com instruções/dicas de uso. | E85: 30.14 | F85: All Gim/ 3Kg com alças | G85: PECA | H85: 20 | I85: 20 | J85: 220 | L85: =K85-(SUM(N85:Y85)) -> 0 | M85: =IF(L85<0,"ATENÇÃO","OK") -> OK | N85: 0 | O85: 0 | P85: 0 | Q85: 0 | R85: 0 | S85: 0 | T85: 0 | U85: 0 | V85: 0 | W85: 0 | X85: 0 | Y85: 0
C86: 25 | D86: BOLA MEDICINE BALL, BOLA MEDICINE BALL DE 3 KG, Bola Medicine Ball, de borracha 3 KG. Indicada para uso fisioterápico e treinamentos específicos. Matrizada, confeccionada de borracha com câmara airbility, forro multiaxial e miolo Slip System , lubrificado e substituível. | E86: 30.14 | F86: Penalty/3Kg | G86: PECA | H86: 20 | I86: 20 | J86: 142.6 | K86: 1 | L86: =K86-(SUM(N86:Y86)) -> 1 | M86: =IF(L86<0,"ATENÇÃO","OK") -> OK | N86: 0 | O86: 0 | P86: 0 | Q86: 0 | R86: 0 | S86: 0 | T86: 0 | U86: 0 | V86: 0 | W86: 0 | X86: 0 | Y86: 0
A87: ZERMIANI COMERCIO DE ARTIGOS ESPORTIVOS LTDA ME | B87: 18 | C87: 1 | D87: MATERIAIS PARA REABILITACAO AQUATICA, CANELEIRA EM NYLON, 1KG, Caneleira emborrachada 1,0kg, confeccionada em nylon 600 capenil trançado, enchimento com esfera de ferro, acabamento em viés, fecho em velcro. | E87: 30.14 | F87: CR Costura | G87: PECA | H87: 20 | I87: 20 | J87: 26.31 | L87: =K87-(SUM(N87:Y87)) -> 0 | M87: =IF(L87<0,"ATENÇÃO","OK") -> OK | N87: 0 | O87: 0 | P87: 0 | Q87: 0 | R87: 0 | S87: 0 | T87: 0 | U87: 0 | V87: 0 | W87: 0 | X87: 0 | Y87: 0
C88: 2 | D88: MATERIAIS PARA REABILITACAO AQUATICA, CANELEIRA EM NYLON, 2KG, Caneleira emborrachada 2,0kg, confeccionada em nylon 600 capenil trançado, enchimento com esfera de ferro, acabamento em viés, fecho em velcro. | E88: 30.14 | F88: CR Costura | G88: PECA | H88: 20 | I88: 20 | J88: 32.56 | L88: =K88-(SUM(N88:Y88)) -> 0 | M88: =IF(L88<0,"ATENÇÃO","OK") -> OK | N88: 0 | O88: 0 | P88: 0 | Q88: 0 | R88: 0 | S88: 0 | T88: 0 | U88: 0 | V88: 0 | W88: 0 | X88: 0 | Y88: 0
C89: 3 | D89: MATERIAIS PARA REABILITACAO AQUATICA, CANELEIRA EM NYLON, 3KG, Caneleira emborrachada 3kg, confeccionada em nylon 600 capenil trançado, enchimento com esfera de ferro, acabamento em viés, fecho em velcro. | E89: 30.14 | F89: CR Costura | G89: PECA | H89: 20 | I89: 20 | J89: 40.89 | L89: =K89-(SUM(N89:Y89)) -> 0 | M89: =IF(L89<0,"ATENÇÃO","OK") -> OK | N89: 0 | O89: 0 | P89: 0 | Q89: 0 | R89: 0 | S89: 0 | T89: 0 | U89: 0 | V89: 0 | W89: 0 | X89: 0 | Y89: 0
C90: 4 | D90: MATERIAIS PARA REABILITACAO AQUATICA, CANELEIRA EM NYLON, 4KG, Caneleira emborrachada 4kg, confeccionada em nylon 600 capenil trançado, enchimento com esfera de ferro, acabamento em viés, fecho em velcro. | E90: 30.14 | F90: CR Costura | G90: PECA | H90: 20 | I90: 20 | J90: 50.14 | L90: =K90-(SUM(N90:Y90)) -> 0 | M90: =IF(L90<0,"ATENÇÃO","OK") -> OK | N90: 0 | O90: 0 | P90: 0 | Q90: 0 | R90: 0 | S90: 0 | T90: 0 | U90: 0 | V90: 0 | W90: 0 | X90: 0 | Y90: 0
C91: 5 | D91: MATERIAIS PARA REABILITACAO AQUATICA, CANELEIRA EM NYLON, 5KG, Caneleira emborrachada 5kg, confeccionada em nylon 600 capenil trançado, enchimento com esfera de ferro, acabamento em viés, fecho em velcro. | E91: 30.14 | F91: CR Costura | G91: PECA | H91: 20 | I91: 20 | J91: 56.39 | K91: 8 | L91: =K91-(SUM(N91:Y91)) -> 8 | M91: =IF(L91<0,"ATENÇÃO","OK") -> OK | N91: 0 | O91: 0 | P91: 0 | Q91: 0 | R91: 0 | S91: 0 | T91: 0 | U91: 0 | V91: 0 | W91: 0 | X91: 0 | Y91: 0
C92: 6 | D92: CANELEIRA, CANELEIRA 3KG, Caneleira emborrachada 3kg, confeccionada em nylon 600 capenil trançado, enchimento com esfera de ferro, acabamento em viés, fecho em velcro. Dimensões aproximadas (LXAXP): 18x20x10cm. Garantia do fabricante: seis meses de garantia contra defeitos de fabricação. | E92: 52.10 | F92: CR Costura | G92: PECA | H92: 20 | I92: 20 | J92: 21.61 | L92: =K92-(SUM(N92:Y92)) -> 0 | M92: =IF(L92<0,"ATENÇÃO","OK") -> OK | N92: 0 | O92: 0 | P92: 0 | Q92: 0 | R92: 0 | S92: 0 | T92: 0 | U92: 0 | V92: 0 | W92: 0 | X92: 0 | Y92: 0
C93: 7 | D93: CANELEIRA, CANELEIRA 4KG, Caneleira emborrachada 4kg, confeccionada em nylon 600 capenil trançado, enchimento com esfera de ferro, acabamento em viés, fecho em velcro. Dimensões aproximadas (LXAXP): 21X22X10cm. Garantia do fabricante: seis meses contra defeito de fabricação. | E93: 52.10 | F93: CR Costura | G93: PECA | H93: 20 | I93: 20 | J93: 28.78 | L93: =K93-(SUM(N93:Y93)) -> 0 | M93: =IF(L93<0,"ATENÇÃO","OK") -> OK | N93: 0 | O93: 0 | P93: 0 | Q93: 0 | R93: 0 | S93: 0 | T93: 0 | U93: 0 | V93: 0 | W93: 0 | X93: 0 | Y93: 0
C94: 8 | D94: CANELEIRA, CANELEIRA 5KG, Caneleira emborrachada 5kg, confeccionada em nylon 600 capenil trançado, enchimento com esfera de ferro, acabamento em viés, fecho em velcro. Dimensões aproximadas (LXAXP): 22x22x11cm. Garantia do fabricante: seis meses contra defeito de fabricação. | E94: 52.10 | F94: CR Costura | G94: PECA | H94: 20 | I94: 20 | J94: 34.65 | L94: =K94-(SUM(N94:Y94)) -> 0 | M94: =IF(L94<0,"ATENÇÃO","OK") -> OK | N94: 0 | O94: 0 | P94: 0 | Q94: 0 | R94: 0 | S94: 0 | T94: 0 | U94: 0 | V94: 0 | W94: 0 | X94: 0 | Y94: 0
A95: SKINA 1820 INDUSTRI A ECOMERCIO LTDA | B95: 19 | C95: 1 | D95: BANDEIROLA, BANDEIRA DE ARBITRO COM CABO DE ALUMINIO, Bandeira de árbitro com cabo de alumínio para competições de atletismo. Feita de tubo de alumínio e tecido sintético. Cores: Amarela, Branca ou Vermelha | E95: 30.14 | F95: VINEX | G95: PECA | H95: 20 | I95: 20 | J95: 63.26 | L95: =K95-(SUM(N95:Y95)) -> 0 | M95: =IF(L95<0,"ATENÇÃO","OK") -> OK | N95: 0 | O95: 0 | P95: 0 | Q95: 0 | R95: 0 | S95: 0 | T95: 0 | U95: 0 | V95: 0 | W95: 0 | X95: 0 | Y95: 0
C96: 2 | D96: BASTAO PARA PROVAS DE REVEZAMENTO, DE PLASTICO, Bastão de Revezamento IAAF. Feito de plástico. Conjunto com 8 unidades | E96: 30.14 | F96: VINEX | G96: PECA | H96: 20 | I96: 20 | J96: 88.95 | L96: =K96-(SUM(N96:Y96)) -> 0 | M96: =IF(L96<0,"ATENÇÃO","OK") -> OK | N96: 0 | O96: 0 | P96: 0 | Q96: 0 | R96: 0 | S96: 0 | T96: 0 | U96: 0 | V96: 0 | W96: 0 | X96: 0 | Y96: 0
C97: 3 | D97: CABO PARA MARTELO, OFICIAL EM A«O GALVANIZADO, Cabo Oficial para Martelo. Fabricado de aço galvanizado (3 mm de espessura). Conforme especificações da IAAF. 982 mm - Indicado para martelos: de 4 kg com 95-99 mm de diâmetro; de 5 kg com 100-104 mm de diâmetro; de 6 kg com 111-119 mm de diâmetro; de 7,26 kg com 111-119 mm de diâmetro. | E97: 30.42 | F97: POLANIK | G97: PECA | H97: 20 | I97: 20 | J97: 37.45 | L97: =K97-(SUM(N97:Y97)) -> 0 | M97: =IF(L97<0,"ATENÇÃO","OK") -> OK | N97: 0 | O97: 0 | P97: 0 | Q97: 0 | R97: 0 | S97: 0 | T97: 0 | U97: 0 | V97: 0 | W97: 0 | X97: 0 | Y97: 0
C98: 4 | D98: DISCO DE BORRACHA, PESO 1 KG, DISCO DE ATLETISMO 1,00 KG. Feito de borracha dura de alta resistência. Indicado para treinamento de lançamentos | E98: 30.14 | F98: VINEX | G98: PECA | H98: 20 | I98: 20 | J98: 68.95 | L98: =K98-(SUM(N98:Y98)) -> 0 | M98: =IF(L98<0,"ATENÇÃO","OK") -> OK | N98: 0 | O98: 0 | P98: 0 | Q98: 0 | R98: 0 | S98: 0 | T98: 0 | U98: 0 | V98: 0 | W98: 0 | X98: 0 | Y98: 0
C99: 5 | D99: DISCO PARA PRATICA ESPORTIVA, DISCO DE ATLETISMO DE 2 KG, Disco de Atletismo 2,00 KG. Feito de borracha dura de alta resistência. | E99: 30.14 | F99: VINEX | G99: PECA | H99: 20 | I99: 20 | J99: 87.95 | L99: =K99-(SUM(N99:Y99)) -> 0 | M99: =IF(L99<0,"ATENÇÃO","OK") -> OK | N99: 0 | O99: 0 | P99: 0 | Q99: 0 | R99: 0 | S99: 0 | T99: 0 | U99: 0 | V99: 0 | W99: 0 | X99: 0 | Y99: 0
C100: 6 | D100: EMPUNHADURA PARA MARTELO, CURVADA, Empunhadura para martelo curvada 110 mm. Suporte e anel de aço, apoio de mão de alumínio. Pintura a pó de alta resistência. Comprimento de 110 mm, largura de 110 mm. Certificada pela IAA. | E100: 30.14 | F100: POLANIK | G100: PECA | H100: 20 | I100: 20 | J100: 51.95 | L100: =K100-(SUM(N100:Y100)) -> 0 | M100: =IF(L100<0,"ATENÇÃO","OK") -> OK | N100: 0 | O100: 0 | P100: 0 | Q100: 0 | R100: 0 | S100: 0 | T100: 0 | U100: 0 | V100: 0 | W100: 0 | X100: 0 | Y100: 0
C101: 7 | D101: FITA DEMARCATORIA, DE SETOR, 25M, Faixa de demarcação. Feita de material sintético impermeável, acompanha presilhas de fixação. Tamanho: 25 m de comprimento por 50 mm de largura. Desenvolvida conforme especificações da CBAT/ IAAF. | E101: 30.14 | F101: 3M | G101: PECA | H101: 20 | I101: 20 | J101: 69.9 | L101: =K101-(SUM(N101:Y101)) -> 0 | M101: =IF(L101<0,"ATENÇÃO","OK") -> OK | N101: 0 | O101: 0 | P101: 0 | Q101: 0 | R101: 0 | S101: 0 | T101: 0 | U101: 0 | V101: 0 | W101: 0 | X101: 0 | Y101: 0
...

Sheet CEO
A1: PROCESSO: 0480/2014/UDESC | D1: OBJETO: Aquisição de material esportivo | J1: VIGÊNCIA DA ATA: 11/06/2014 até 11/06/2015 | N1: AF/OS nº xxxx/2014 Qtde. DT | O1: AF/OS nº xxxx/2014 Qtde. DT | P1: AF/OS nº xxxx/2014 Qtde. DT | Q1: AF/OS nº xxxx/2014 Qtde. DT | R1: AF/OS nº xxxx/2014 Qtde. DT | S1: AF/OS nº xxxx/2014 Qtde. DT | T1: AF/OS nº xxxx/2014 Qtde. DT | U1: AF/OS nº xxxx/2014 Qtde. DT | V1: AF/OS nº xxxx/2014 Qtde. DT | W1: AF/OS nº xxxx/2014 Qtde. DT | X1: AF/OS nº xxxx/2014 Qtde. DT | Y1: AF/OS nº xxxx/2014 Qtde. DT
A2: CENTRO PARTICIPANTE:
A3: FORNECEDOR | B3: LOTE | C3: ITEM | D3: PRODUTO - CARACTERÍSTICAS MÍNIMAS | E3: DETALHAMENTO | F3: MARCA/MODELO | G3: UNIDADE | H3: Entrega (Dias) | I3: Pagto. (Dias) | J3: Preço UNITÁRIO (R$) | K3: Qtde LICITADA | L3: Saldo / Automático | M3: ALERTA | N3: ...../...../...... | O3: ...../...../...... | P3: ...../...../...... | Q3: ...../...../...... | R3: ...../...../...... | S3: ...../...../...... | T3: ...../...../...... | U3: ...../...../...... | V3: ...../...../...... | W3: ...../...../...... | X3: ...../...../...... | Y3: ...../...../......
A4: ZERMIANI COMERCIO DE ARTIGOS ESPORTIVOS LTDA ME | B4: 1 | C4: 1 | D4: ANILHAS, KETTLEBELL, Kettlebell 4kg: anilha em ferro, utilizada para exercícios resistidos específicos. | E4: 52.10 | F4: WS | G4: PECA | H4: 20 | I4: 20 | J4: 47.9 | L4: =K4-(SUM(N4:Y4)) -> 0 | M4: =IF(L4<0,"ATENÇÃO","OK") -> OK | N4: 0 | O4: 0 | P4: 0 | Q4: 0 | R4: 0 | S4: 0 | T4: 0 | U4: 0 | V4: 0 | W4: 0 | X4: 0 | Y4: 0
C5: 2 | D5: ANILHAS, KETTLEBELL, Kettlebell 6kg: anilha em ferro, utilizada para exercícios resistidos específicos. | E5: 52.10 | F5: WS | G5: PECA | H5: 20 | I5: 20 | J5: 72.9 | L5: =K5-(SUM(N5:Y5)) -> 0 | M5: =IF(L5<0,"ATENÇÃO","OK") -> OK | N5: 0 | O5: 0 | P5: 0 | Q5: 0 | R5: 0 | S5: 0 | T5: 0 | U5: 0 | V5: 0 | W5: 0 | X5: 0 | Y5: 0
C6: 3 | D6: ANILHAS, KETTLEBELL, Kettlebell 8kg: anilha em ferro, utilizada para exercícios resistidos específicos. | E6: 52.10 | F6: WS | G6: PECA | H6: 20 | I6: 20 | J6: 96.9 | L6: =K6-(SUM(N6:Y6)) -> 0 | M6: =IF(L6<0,"ATENÇÃO","OK") -> OK | N6: 0 | O6: 0 | P6: 0 | Q6: 0 | R6: 0 | S6: 0 | T6: 0 | U6: 0 | V6: 0 | W6: 0 | X6: 0 | Y6: 0
C7: 4 | D7: BARRA PARA APOIO, EM W PARA ANILHAS EM ACO CROMADO, Barra "w": barra maciça cromada, com pegadores emborrachados, para a realização de exercícios de musculação diversos. Dimensões: 1200mm X 30mm | E7: 52.10 | F7: WS | G7: PECA | H7: 20 | I7: 20 | J7: 170 | L7: =K7-(SUM(N7:Y7)) -> 0 | M7: =IF(L7<0,"ATENÇÃO","OK") -> OK | N7: 0 | O7: 0 | P7: 0 | Q7: 0 | R7: 0 | S7: 0 | T7: 0 | U7: 0 | V7: 0 | W7: 0 | X7: 0 | Y7: 0
C8: 5 | D8: BARRA PARA APOIO, EM W PARA ANILHAS EM ACO CROMADO, TAMANHO: 1,20 m com Rosca. Barra maciça cromada e recartilhada. Cromada em sistema de banho com tecnologia e proteção ao meio ambiente. Indicada para execução de flexões, bíceps e tríceps. Composição: em aço 1020 polido. Dimensões aproximadas (C): 120 cm. Garantia do fabricante: 12 meses contra defeito de fabricação. | E8: 52.10 | F8: WS | G8: PECA | H8: 20 | I8: 20 | J8: 149 | L8: =K8-(SUM(N8:Y8)) -> 0 | M8: =IF(L8<0,"ATENÇÃO","OK") -> OK | N8: 0 | O8: 0 | P8: 0 | Q8: 0 | R8: 0 | S8: 0 | T8: 0 | U8: 0 | V8: 0 | W8: 0 | X8: 0 | Y8: 0
C9: 6 | D9: BARRA PARA APOIO, MEDINDO 1,20, Barra "H": barra maciça cromada, com pegadores emborrachados, para a realização de exercícios de musculação diversos. dimensões: 1200mm X 30mm. | E9: 52.10 | F9: WS | G9: PECA | H9: 20 | I9: 20 | J9: 196 | L9: =K9-(SUM(N9:Y9)) -> 0 | M9: =IF(L9<0,"ATENÇÃO","OK") -> OK | N9: 0 | O9: 0 | P9: 0 | Q9: 0 | R9: 0 | S9: 0 | T9: 0 | U9: 0 | V9: 0 | W9: 0 | X9: 0 | Y9: 0
C10: 7 | D10: HALTERES, COM PESO DE 0,5 KG, Halter fabricado em ferro fundido e revestido por uma camada de vinil PVC colorida. Peso 0,5kg. | E10: 52.10 | F10: WS | G10: PECA | H10: 20 | I10: 20 | J10: 7.8 | L10: =K10-(SUM(N10:Y10)) -> 0 | M10: =IF(L10<0,"ATENÇÃO","OK") -> OK | N10: 0 | O10: 0 | P10: 0 | Q10: 0 | R10: 0 | S10: 0 | T10: 0 | U10: 0 | V10: 0 | W10: 0 | X10: 0 | Y10: 0
C11: 8 | D11: HALTERES, COM PESO DE 1,0 KG, Halter fabricado em ferro fundido e revestido por uma camada de vinil PVC colorida. Peso 1,0kg. | E11: 52.10 | F11: WS | G11: PECA | H11: 20 | I11: 20 | J11: 14.5 | L11: =K11-(SUM(N11:Y11)) -> 0 | M11: =IF(L11<0,"ATENÇÃO","OK") -> OK | N11: 0 | O11: 0 | P11: 0 | Q11: 0 | R11: 0 | S11: 0 | T11: 0 | U11: 0 | V11: 0 | W11: 0 | X11: 0 | Y11: 0
C12: 9 | D12: HALTERES, COM PESO DE 10 KG, Halter fabricado em ferro fundido e revestido por uma camada de vinil PVC colorida. Peso 10,0kg. | E12: 52.10 | F12: WS | G12: PECA | H12: 20 | I12: 20 | J12: 109 | L12: =K12-(SUM(N12:Y12)) -> 0 | M12: =IF(L12<0,"ATENÇÃO","OK") -> OK | N12: 0 | O12: 0 | P12: 0 | Q12: 0 | R12: 0 | S12: 0 | T12: 0 | U12: 0 | V12: 0 | W12: 0 | X12: 0 | Y12: 0
C13: 10 | D13: HALTERES, COM PESO DE 2,0 KG, Halter fabricado em ferro fundido e revestido por uma camada de vinil PVC colorida. Peso 2,0kg. | E13: 52.10 | F13: WS | G13: PECA | H13: 20 | I13: 20 | J13: 25 | L13: =K13-(SUM(N13:Y13)) -> 0 | M13: =IF(L13<0,"ATENÇÃO","OK") -> OK | N13: 0 | O13: 0 | P13: 0 | Q13: 0 | R13: 0 | S13: 0 | T13: 0 | U13: 0 | V13: 0 | W13: 0 | X13: 0 | Y13: 0
C14: 11 | D14: HALTERES, COM PESO DE 3,0 KG, Halter fabricado em ferro fundido e revestido por uma camada de vinil PVC colorida. Peso 3,0kg. | E14: 52.10 | F14: WS | G14: PECA | H14: 20 | I14: 20 | J14: 31 | L14: =K14-(SUM(N14:Y14)) -> 0 | M14: =IF(L14<0,"ATENÇÃO","OK") -> OK | N14: 0 | O14: 0 | P14: 0 | Q14: 0 | R14: 0 | S14: 0 | T14: 0 | U14: 0 | V14: 0 | W14: 0 | X14: 0 | Y14: 0
C15: 12 | D15: HALTERES, COM PESO DE 4KG, Halter fabricado em ferro fundido e revestido por uma camada de vinil PVC colorida. Peso 4,0kg. | E15: 52.10 | F15: WS | G15: PECA | H15: 20 | I15: 20 | J15: 42 | L15: =K15-(SUM(N15:Y15)) -> 0 | M15: =IF(L15<0,"ATENÇÃO","OK") -> OK | N15: 0 | O15: 0 | P15: 0 | Q15: 0 | R15: 0 | S15: 0 | T15: 0 | U15: 0 | V15: 0 | W15: 0 | X15: 0 | Y15: 0
C16: 13 | D16: HALTERES, COM PESO DE 5KG, Halter fabricado em ferro fundido e revestido por uma camada de vinil PVC colorida. Peso 5,0kg. | E16: 52.10 | F16: WS | G16: PECA | H16: 20 | I16: 20 | J16: 53 | L16: =K16-(SUM(N16:Y16)) -> 0 | M16: =IF(L16<0,"ATENÇÃO","OK") -> OK | N16: 0 | O16: 0 | P16: 0 | Q16: 0 | R16: 0 | S16: 0 | T16: 0 | U16: 0 | V16: 0 | W16: 0 | X16: 0 | Y16: 0
... C21: 18 | D21: SUPORTE PARA HALTERES, COM CAPACIDADE PARA 10 PARES, Suporte vertical (tipo torre) para 10 pares de halteres (de 1 a 10 kg). Feito com tubo de ferro pintado com tinta epóxi. Dimensões aproximadas: 1.35 (altura) x 0,47 (largura) x 0,45 (profundidade) metros. | E21: 52.10 | F21: Up Life | G21: PECA | H21: 20 | I21: 20 | J21: 251.9 | L21: =K21-(SUM(N21:Y21)) -> 0 | M21: =IF(L21<0,"ATENÇÃO","OK") -> OK | N21: 0 | O21: 0 | P21: 0 | Q21: 0 | R21: 0 | S21: 0 | T21: 0 | U21: 0 | V21: 0 | W21: 0 | X21: 0 | Y21: 0
A22: ADBX COMERCIO E SERVIÇOS LTDA ME | B22: 2 | C22: 1 | D22: BARRA PARA EXERCICIOS, BARRA TRANSVERSAL ELASTICA PARA SALTOS COM PESOS, Barra Transversal Elástica para Saltos com pesos. Para treinamentos de saltos (altura e com vara). Extremidades com pesos. Comprimento: 4,5 metros | E22: 52.10 | F22: Pista Campo | G22: PECA | H22: 20 | I22: 20 | J22: 69.5 | L22: =K22-(SUM(N22:Y22)) -> 0 | M22: =IF(L22<0,"ATENÇÃO","OK") -> OK | N22: 0 | O22: 0 | P22: 0 | Q22: 0 | R22: 0 | S22: 0 | T22: 0 | U22: 0 | V22: 0 | W22: 0 | X22: 0 | Y22: 0
C23: 2 | D23: BARREIRA DE ALTURA, EM PVC, LARGURA: 60CM E ALTURA: 40CM, Barreirinha de PVC para treinamento. Largura: 60 cm. Altura: 40 cm. Feita de material plástico de alta resistência. | E23: 52.10 | F23: Vinex | G23: PECA | H23: 20 | I23: 20 | J23: 80.5 | L23: =K23-(SUM(N23:Y23)) -> 0 | M23: =IF(L23<0,"ATENÇÃO","OK") -> OK | N23: 0 | O23: 0 | P23: 0 | Q23: 0 | R23: 0 | S23: 0 | T23: 0 | U23: 0 | V23: 0 | W23: 0 | X23: 0 | Y23: 0
C24: 3 | D24: BLOCO DE PARTIDA (PARA DESPORTO), DE ACO UNIVERSAL IAAF, Estrutura única feita de aço galvanizado, extremamente resistente e apoio para os pés revestido em borracha sintética. Ajuste de cinco alturas e quinze distâncias diferentes para os pés. Utilização em qualquer tipo de pista. Possui alça para transporte. Certificado pela IAAF. Marca de referência: Polanik. | E24: 52.10 | F24: Vinex | G24: PECA | H24: 20 | I24: 20 | J24: 1120.1 | L24: =K24-(SUM(N24:Y24)) -> 0 | M24: =IF(L24<0,"ATENÇÃO","OK") -> OK | N24: 0 | O24: 0 | P24: 0 | Q24: 0 | R24: 0 | S24: 0 | T24: 0 | U24: 0 | V24: 0 | W24: 0 | X24: 0 | Y24: 0
C25: 4 | D25: DARDO, DE DURALUMINIO DE 800G, Dardo de duralumínio/aço 800g. Estrutura de duralumínio (composto especial de alumínio, cobre e magnésio) de alta resistência e cabeça de aço galvanizado. Pintura a pó (resistente à corrosão, impacto, ação química etc) com efeito transparente. Certificado pela IAAF. | E25: 52.10 | F25: Polinik | G25: PECA | H25: 20 | I25: 20 | J25: 1141.35 | L25: =K25-(SUM(N25:Y25)) -> 0 | M25: =IF(L25<0,"ATENÇÃO","OK") -> OK | N25: 0 | O25: 0 | P25: 0 | Q25: 0 | R25: 0 | S25: 0 | T25: 0 | U25: 0 | V25: 0 | W25: 0 | X25: 0 | Y25: 0
C26: 5 | D26: DARDO, DE DURALUMINIO/A«O DE 600G, Dardo de duralumínio/aço 600g. Estrutura de duralumínio (composto especial de alumínio, cobre e magnésio) de alta resistência e cabeça de aço galvanizado. Pintura a pó (resistente à corrosão, impacto, ação química etc) com efeito transparente. Certificado pela IAAF. | E26: 52.10 | F26: Polinik | G26: PECA | H26: 20 | I26: 20 | J26: 850 | L26: =K26-(SUM(N26:Y26)) -> 0 | M26: =IF(L26<0,"ATENÇÃO","OK") -> OK | N26: 0 | O26: 0 | P26: 0 | Q26: 0 | R26: 0 | S26: 0 | T26: 0 | U26: 0 | V26: 0 | W26: 0 | X26: 0 | Y26: 0
C27: 6 | D27: DARDO, DE PLASTICO DE 300G, Dardo de plástico com ponteira de borracha, 300g. Corpo em plástico PVC de alta resistência, integrado com empunhadura em espiral para maior aderência às mãos. Comprimento 70cm e peso de 300 gramas. Ponteira substituível de borracha. Cores variadas. | E27: 52.10 | F27: Gill | G27: PECA | H27: 20 | I27: 20 | J27: 159.9 | L27: =K27-(SUM(N27:Y27)) -> 0 | M27: =IF(L27<0,"ATENÇÃO","OK") -> OK | N27: 0 | O27: 0 | P27: 0 | Q27: 0 | R27: 0 | S27: 0 | T27: 0 | U27: 0 | V27: 0 | W27: 0 | X27: 0 | Y27: 0
C28: 7 | D28: DARDO, DE PLASTICO DE 400G, Dardo de plástico com ponteira de borracha, 400g. Corpo em plástico PVC de alta resistência, integrado com empunhadura em espiral para maior aderência às mãos. Comprimento 70cm e peso de 400 gramas. Ponteira substituível de borracha. Cores variadas. | E28: 52.10 | F28: Gill | G28: PECA | H28: 20 | I28: 20 | J28: 179.9 | L28: =K28-(SUM(N28:Y28)) -> 0 | M28: =IF(L28<0,"ATENÇÃO","OK") -> OK | N28: 0 | O28: 0 | P28: 0 | Q28: 0 | R28: 0 | S28: 0 | T28: 0 | U28: 0 | V28: 0 | W28: 0 | X28: 0 | Y28: 0
C29: 8 | D29: MARTELO DE ARREMESSO, EM PVC DE 1KG, Martelo de PVC 1Kg. Ideal para iniciação. Feito de PVC macio. | E29: 52.10 | F29: Vinex | G29: PECA | H29: 20 | I29: 20 | J29: 99.9 | L29: =K29-(SUM(N29:Y29)) -> 0 | M29: =IF(L29<0,"ATENÇÃO","OK") -> OK | N29: 0 | O29: 0 | P29: 0 | Q29: 0 | R29: 0 | S29: 0 | T29: 0 | U29: 0 | V29: 0 | W29: 0 | X29: 0 | Y29: 0
C30: 9 | D30: MARTELO DE ARREMESSO, EM PVC DE 500G, Martelo de PVC 500g. Feito de PVC macio, 500g. | E30: 52.10 | F30: Vinex | G30: PECA | H30: 20 | I30: 20 | J30: 79.9 | L30: =K30-(SUM(N30:Y30)) -> 0 | M30: =IF(L30<0,"ATENÇÃO","OK") -> OK | N30: 0 | O30: 0 | P30: 0 | Q30: 0 | R30: 0 | S30: 0 | T30: 0 | U30: 0 | V30: 0 | W30: 0 | X30: 0 | Y30: 0
C31: 10 | D31: MARTELO DE ARREMESSO, PESANDO 3KG, Martelo de Atletismo de aço, 3 kg, 85 mm, para lançamento. Pode ser usado em competições e treinamento. Cabeça com diâmetro de 85 mm com acabamento rígido de aço galvanizado com pintura a pó e núcleo de chumbo, peso e diâmetro precisos, formato esférico, equilíbrio perfeito e superfície totalmente lisa. Cabo de aço galvanizado com 3,2 mm de espessura e 992 mm de comprimento. Empunhadura curvada de 110 mm de comprimento e largura com suporte e anel de aço e apoio de mão de alumínio. Peso total (incluindo cabo e empunhadura): 3,005 a 3,025 kg. Produto oficial, certificado pela IAAF. | E31: 52.10 | F31: Vinex | G31: PECA | H31: 20 | I31: 20 | J31: 249.45 | L31: =K31-(SUM(N31:Y31)) -> 0 | M31: =IF(L31<0,"ATENÇÃO","OK") -> OK | N31: 0 | O31: 0 | P31: 0 | Q31: 0 | R31: 0 | S31: 0 | T31: 0 | U31: 0 | V31: 0 | W31: 0 | X31: 0 | Y31: 0
C32: 11 | D32: PESO PARA ARREMESSO, PESANDO 4KG, Peso de Atletismo Indoor, 4,00 KG para arremesso. Revestimento de PVC macio de alta resistência com recheio de microesferas de aço. Diâmetro de 135 mm. Peso: 4,00 kg. Produto oficial para competições indoor, conforme regras da IAAF. | E32: 52.10 | F32: Vinex | G32: PECA | H32: 20 | I32: 20 | J32: 179.9 | L32: =K32-(SUM(N32:Y32)) -> 0 | M32: =IF(L32<0,"ATENÇÃO","OK") -> OK | N32: 0 | O32: 0 | P32: 0 | Q32: 0 | R32: 0 | S32: 0 | T32: 0 | U32: 0 | V32: 0 | W32: 0 | X32: 0 | Y32: 0
C33: 12 | D33: PESO PARA ARREMESSO, PESANDO 5KG, Peso de Atletismo Indoor, 5,00 kg para arremesso. Revestimento de PVC macio de alta resistência com recheio de microesferas de aço. Diâmetro de 135 mm. Peso: 5,00 kg. Produto oficial para competições indoor, conforme regras da IAAF. | E33: 52.10 | F33: Vinex | G33: PECA | H33: 20 | I33: 20 | J33: 254.9 | L33: =K33-(SUM(N33:Y33)) -> 0 | M33: =IF(L33<0,"ATENÇÃO","OK") -> OK | N33: 0 | O33: 0 | P33: 0 | Q33: 0 | R33: 0 | S33: 0 | T33: 0 | U33: 0 | V33: 0 | W33: 0 | X33: 0 | Y33: 0
C34: 13 | D34: TRENO, PARA TREINAMENTO ESPORTIVO, Trenó para treinamento de força. Para uso na grama ou areia. Estrutura de aço tubular, pintura a pó. Inclui cinto ajustável com velcro e fita reforçada de nylon. Tamanho: 70 cm de comprimento x 30 cm de largura, peso de 2 kg. | E34: 52.10 | F34: Vinex | G34: PECA | H34: 20 | I34: 20 | J34: 184.95 | L34: =K34-(SUM(N34:Y34)) -> 0 | M34: =IF(L34<0,"ATENÇÃO","OK") -> OK | N34: 0 | O34: 0 | P34: 0 | Q34: 0 | R34: 0 | S34: 0 | T34: 0 | U34: 0 | V34: 0 | W34: 0 | X34: 0 | Y34: 0
A35: FRATELLI COMERCIO DE MAQUINAS E EQUIPAMENTOS LTDA ME | B35: 3 | C35: 1 | D35: CARRO MANUAL PARA TRANSPORTE, DE BLOCOS DE PARTIDA, Carrinho para transporte de blocos de partida. Feito de aço e rodas Heavy Duty com dispositivo de bloqueio. Pintura a pó, resistente à corrosão, impacto, ação química, etc. Transporta até 10 blocos de partida. | E35: 52.10 | F35: Vinex | G35: PECA | H35: 20 | I35: 20 | J35: 679.9 | L35: =K35-(SUM(N35:Y35)) -> 0 | M35: =IF(L35<0,"ATENÇÃO","OK") -> OK | N35: 0 | O35: 0 | P35: 0 | Q35: 0 | R35: 0 | S35: 0 | T35: 0 | U35: 0 | V35: 0 | W35: 0 | X35: 0 | Y35: 0
C36: 2 | D36: CARRO MANUAL PARA TRANSPORTE, DE DISCOS, PESOS E DARDOS, Carrinho para transporte de discos, pesos e dardos. Feito de aço tubular de alta resistência, rodas giratórias reforçadas. Pintura a pó, resistente à corrosão, impacto, ação química. Transporta 12 dardos, 12 pesos e 30 discos. | E36: 52.10 | F36: Vinex | G36: PECA | H36: 20 | I36: 20 | J36: 748 | L36: =K36-(SUM(N36:Y36)) -> 0 | M36: =IF(L36<0,"ATENÇÃO","OK") -> OK | N36: 0 | O36: 0 | P36: 0 | Q36: 0 | R36: 0 | S36: 0 | T36: 0 | U36: 0 | V36: 0 | W36: 0 | X36: 0 | Y36: 0
A37: FRATELLI COMERCIO DE MAQUINAS E EQUIPAMENTOS LTDA ME | B37: 4 | C37: 1 | D37: CONTROLADOR DE 24 SEGUNDOS, PARA BASQUETEBOL, Controlador de 24 segundos para basquetebol com dois Módulos mostradores, dois dígitos por módulo, Cronômetro regressivo de 24 e 30 segundos selecionável por chave, Marcador de faltas individuais de jogador de 1 a 5, Alarme de Sirene intermitente de 120 dB acionada manualmente ou automaticamente quando tempo esgotado, Gabinete em alumínio com pintura eletrostática, parte Frontal dos Dígitos em Acrílico translúcido vermelho, Painel de Comandos Microcontrolado com display de cristal líquido, com comunicação wireless. | E37: 52.10 | F37: Tecnodis/HS24 | G37: PECA | H37: 20 | I37: 20 | J37: 1409 | L37: =K37-(SUM(N37:Y37)) -> 0 | M37: =IF(L37<0,"ATENÇÃO","OK") -> OK | N37: 0 | O37: 0 | P37: 0 | Q37: 0 | R37: 0 | S37: 0 | T37: 0 | U37: 0 | V37: 0 | W37: 0 | X37: 0 | Y37: 0
C38: 2 | D38: PLACAR ELETRONICO, PARA GINASIO, Placar eletrônico para ginásios esportivos, resistente e de formato compacto. Para ginásios de pequeno porte, o placar eletrônico deve apresenta informações necessárias para jogos de basquetebol, futsal, handebol e vôlei, Equipado com alça de deslocamento, engates para fixação em paredes e pés de suporte, campainha que é acionada quando zera o cronômetro ou no pedido de tempo, de forma manual ou automática, cronômetro digital progressivo ou regressivo, memória para armazenamento de dados, comunicação via rádio freqüencia. Largura: 100cm, altura: 80cm, espessura: 5,5cm, peso: 16kg, consumo: 80watts, alimentação dos dados: teclado de comando com display altura do display: 14,5cm. Escores: de 0 a 199 indicação de faltas coletivas: de 0 a 19 indicação do período do jogo: de 0 a 19. | E38: 52.10 | F38: Tecnodis/ESP 15/1 | G38: PECA | H38: 20 | I38: 20 | J38: 3920.92 | L38: =K38-(SUM(N38:Y38)) -> 0 | M38: =IF(L38<0,"ATENÇÃO","OK") -> OK | N38: 0 | O38: 0 | P38: 0 | Q38: 0 | R38: 0 | S38: 0 | T38: 0 | U38: 0 | V38: 0 | W38: 0 | X38: 0 | Y38: 0
A39: FRATELLI COMERCIO DE MAQUINAS E EQUIPAMENTOS LTDA ME | B39: 5 | C39: 1 | D39: ADIPOMETRO, PLICOMETRO CIENTIFICO, Plicômetro científico tradicional, com sensibilidade de 0,1 mm, amplitude de leitura de 85mm e pressão de 10g/mm². Montagem em base de alumínio com revestimento epoxi. Cabo e protetor em nylon technyl. Ponteiras (fixas) não metálicas. Molas em aço zincado. Relógio de alta precisão. | E39: 52.04 | F39: Cescorf | G39: PECA | H39: 20 | I39: 20 | J39: 850 | K39: 2 | L39: =K39-(SUM(N39:Y39)) -> 2 | M39: =IF(L39<0,"ATENÇÃO","OK") -> OK | N39: 0 | O39: 0 | P39: 0 | Q39: 0 | R39: 0 | S39: 0 | T39: 0 | U39: 0 | V39: 0 | W39: 0 | X39: 0 | Y39: 0
C40: 2 | D40: SIMETROGRAFO, ESTRUTURA DE ALUMINIO QUADRICULADO (P/FISIOTERAPIA), Confeccionado em ferro, com pintura epóxi de alta resistência. Maior detalhe na avaliação pois tem quadrados divididos de 5,0cm em 5,0cm. Dividido em 6 partes metálicas e acompanha 100m de elástico para marcar as linhas de medida. Tamanho: 190cm X 90cm. Garantia: 12 meses contra defeito de fabricação. | E40: 52.08 | F40: Sanny | G40: PECA | H40: 20 | I40: 20 | J40: 717 | L40: =K40-(SUM(N40:Y40)) -> 0 | M40: =IF(L40<0,"ATENÇÃO","OK") -> OK | N40: 0 | O40: 0 | P40: 0 | Q40: 0 | R40: 0 | S40: 0 | T40: 0 | U40: 0 | V40: 0 | W40: 0 | X40: 0 | Y40: 0
A41: SKINA 1820 INDUSTRI A ECOMERCIO LTDA | B41: 6 | C41: 1 | D41: DIVA, BAIXO COM TABLADO DE MADEIRA, revestido em courvin com espuma de 5 cm. Medidas aproximadas de: 1,86 x 0,44 x 1,35m | E41: 52.42 | F41: MEX | G41: PECA | H41: 20 | I41: 20 | J41: 825.23 | L41: =K41-(SUM(N41:Y41)) -> 0 | M41: =IF(L41<0,"ATENÇÃO","OK") -> OK | N41: 0 | O41: 0 | P41: 0 | Q41: 0 | R41: 0 | S41: 0 | T41: 0 | U41: 0 | V41: 0 | W41: 0 | X41: 0 | Y41: 0
A42: WILSON TADEU EMERIM EIRELI ME / DELLA COMERCIO E REPRESENTAÇÕES | B42: 7 | C42: 1 | D42: FITA DE MEDIDAS ATROPOMETRICAS, TRENA EM FIBRA DE VIDRO, 150 CM., Trena para medições das circunferências do corpo, com medidas rápidas e precisas. Possui retração automática e trava na extremidade da fita para que com um único toque, no botão central, envolva a região a ser medida, liberando as mãos do profissional para as anotações. | E42: 52.10 | F42: Sanny/TR 4013 | G42: PECA | H42: 20 | I42: 20 | J42: 25.43 | L42: =K42-(SUM(N42:Y42)) -> 0 | M42: =IF(L42<0,"ATENÇÃO","OK") -> OK | N42: 0 | O42: 0 | P42: 0 | Q42: 0 | R42: 0 | S42: 0 | T42: 0 | U42: 0 | V42: 0 | W42: 0 | X42: 0 | Y42: 0
C43: 2 | D43: BALANCA, DIGITAL TIPO PLATAFORMA, CAPACIDADE 150 KG, Balança Digital com Plataforma de Vidro para uso pessoal para cargas de até 150Kg. Dados técnicos: Balança Digital com plataforma de vidro temperado de 8 mm, acionamento por toque, possui desligamento automático com um visor de LCD de fácil visualização e com capacidade para até 150 Kg. Garantia: 01 ano; Cor: Transparente; Tipo: Digital; Visor: cristal líquido; Plataforma de vidro temperado com 10 mm de espessura; Números grandes de fácil visualização; Peso máximo recomendado: 150kg; Peso do Produto: 1,5kg; Medidas: 3x30x30cm (AxLxC); Contém: 01 balança e 01 Bateria de lítio CRV2032 | E43: 52.04 | F43: G-Lite/CA 500 | G43: PECA | H43: 20 | I43: 20 | J43: 194.92 | L43: =K43-(SUM(N43:Y43)) -> 0 | M43: =IF(L43<0,"ATENÇÃO","OK") -> OK | N43: 0 | O43: 0 | P43: 0 | Q43: 0 | R43: 0 | S43: 0 | T43: 0 | U43: 0 | V43: 0 | W43: 0 | X43: 0 | Y43: 0
C44: 3 | D44: BALANCA, DIGITAL,CAPACIDADE P/ 150 KG,MOD.2096, Balança digital com analisador de composição corporal por bioimpedância. Especificações técnicas: peso em Kg, % de gordura (taxa de gordura), % de água (taxa de líquidos), massa óssea, massa muscular, índice metabólico basal, idade metabólica, memória para 4 usuários, tecla “visitante” (sem armazenamento de dados), função “somente peso”, modo “atleta”, teclas de função iluminadas, resgate da última leitura de peso, % gordura, % água e massa muscular, capacidade: 150kg, graduação de peso: 0,1kg, graduação em %: 0,1%, suprimento de energia: 04 pilhas AA (inclusas). | E44: 52.04 | F44: Tanita/BC-553 | G44: PECA | H44: 20 | I44: 20 | J44: 2020.21 | L44: =K44-(SUM(N44:Y44)) -> 0 | M44: =IF(L44<0,"ATENÇÃO","OK") -> OK | N44: 0 | O44: 0 | P44: 0 | Q44: 0 | R44: 0 | S44: 0 | T44: 0 | U44: 0 | V44: 0 | W44: 0 | X44: 0 | Y44: 0
A45: SKINA 1820 INDUSTRI A ECOMERCIO LTDA | B45: 8 | C45: 1 | D45: CATRACA, ELETRONICA PARA CONTROLE DE ACESSO DE PESSOAS, Catraca para academia com software de controle integrado. Braço bidirecional em aço inox (entra e sai). Sistema de giro suave. Paineis configuráveis com teclado. Acompanha software de gerenciamento de academias (dados cadastrais, matrícula, frequência, controle de acesso, bloqueios de acesso, controle de horários, relatórios em geral, financeiro, etc) para controle de no mínimo 400 pessoas. Acesso por digital, cartão ou senha. Deverá possibilitar o cadastro de foto com webcam (incluída). | E45: 52.99 | F45: DIMEP | G45: PECA | H45: 20 | I45: 20 | J45: 3046.66 | L45: =K45-(SUM(N45:Y45)) -> 0 | M45: =IF(L45<0,"ATENÇÃO","OK") -> OK | N45: 0 | O45: 0 | P45: 0 | Q45: 0 | R45: 0 | S45: 0 | T45: 0 | U45: 0 | V45: 0 | W45: 0 | X45: 0 | Y45: 0
A46: FRATELLI COMERCIO DE MAQUINAS E EQUIPAMENTOS LTDA ME | B46: 9 | C46: 1 | D46: CRONOMETRO, CRONOMETRO PROFISSIONAL DIGITAL, Cronômetro de borda grande, em polietileno, com 70cm de diâmetro, para piscina. | E46: 52.04 | F46: ProSwin | G46: PECA | H46: 20 | I46: 20 | J46: 1570 | L46: =K46-(SUM(N46:Y46)) -> 0 | M46: =IF(L46<0,"ATENÇÃO","OK") -> OK | N46: 0 | O46: 0 | P46: 0 | Q46: 0 | R46: 0 | S46: 0 | T46: 0 | U46: 0 | V46: 0 | W46: 0 | X46: 0 | Y46: 0
A47: SKINA 1820 INDUSTRI A ECOMERCIO LTDA | B47: 10 | C47: 1 | D47: MOLDURA, PARA ESPELHO DE POSTURA, Moldura para espelho de postura. Construída com madeira resistente e renovável, que tenha recebido processo de envernizamento e impermeabilização. Possui rodas. Permite colocação de espelho com medidas: 1650 x 510 mm | E47: 52.34 | F47: MULTIMEED | G47: PECA | H47: 20 | I47: 20 | J47: 365.41 | L47: =K47-(SUM(N47:Y47)) -> 0 | M47: =IF(L47<0,"ATENÇÃO","OK") -> OK | N47: 0 | O47: 0 | P47: 0 | Q47: 0 | R47: 0 | S47: 0 | T47: 0 | U47: 0 | V47: 0 | W47: 0 | X47: 0 | Y47: 0
A48: SKINA 1820 INDUSTRI A ECOMERCIO LTDA | B48: 11 | C48: 1 | D48: CAMA ELASTICA, DIAMET.90CM,PROPRIOCEPTIVA,ALT.APROX.22CM,SUPORTA ATE 150KG, mini cama elastica, trampolim, aproximadamente com 90 cm | E48: 52.10 | F48: HIDROLIGHT | G48: PECA | H48: 20 | I48: 20 | J48: 374.19 | L48: =K48-(SUM(N48:Y48)) -> 0 | M48: =IF(L48<0,"ATENÇÃO","OK") -> OK | N48: 0 | O48: 0 | P48: 0 | Q48: 0 | R48: 0 | S48: 0 | T48: 0 | U48: 0 | V48: 0 | W48: 0 | X48: 0 | Y48: 0
C49: 2 | D49: CAMA ELASTICA, TAMANHO PEQUENO, Trampolim, Mini Cama Elástica Residencial. Confeccionado em tubo redondo aço 1010/1020, pintura em epóxi cor prata perolizado. Pés aparafusados, acompanhando chave estrela para fixar os mesmos. Tela sannet cor preta QR 3/2 costurada com linha de nylon a 30 alças de fita elástica, que garante o rebote, com reforço de fita militar de 50mm na parte superior contornando toda a tela. Sapatas em PVC cor preta, antiderrapante. Capacidade de peso: até 120kg. | E49: 52.12 | F49: HIDROLIGHT | G49: PECA | H49: 20 | I49: 20 | J49: 279.81 | L49: =K49-(SUM(N49:Y49)) -> 0 | M49: =IF(L49<0,"ATENÇÃO","OK") -> OK | N49: 0 | O49: 0 | P49: 0 | Q49: 0 | R49: 0 | S49: 0 | T49: 0 | U49: 0 | V49: 0 | W49: 0 | X49: 0 | Y49: 0
A50: SKINA 1820 INDUSTRI A ECOMERCIO LTDA | B50: 12 | C50: 1 | D50: MEDIDOR DE ESTATURA, ESTADIOMETRO DE PAREDE, Medidor de Estatura/Altura - Estadiometro de parede com 2m. Campo de Uso: até 2,00 m. Resolução: em milímetros ( intervalos 5 mm). Tolerância: + / - 5 mm. Matéria Prima: Tubo e escala em Alumínio anodizado, Escala antropométrica litografada. Suporte para fixação em parede de fácil instalação. Acompanha Manual de instruções para instalação. | E50: 52.04 | F50: SANNY | G50: PECA | H50: 20 | I50: 20 | J50: 232.83 | L50: =K50-(SUM(N50:Y50)) -> 0 | M50: =IF(L50<0,"ATENÇÃO","OK") -> OK | N50: 0 | O50: 0 | P50: 0 | Q50: 0 | R50: 0 | S50: 0 | T50: 0 | U50: 0 | V50: 0 | W50: 0 | X50: 0 | Y50: 0
A51: FRATELLI COMERCIO DE MAQUINAS E EQUIPAMENTOS LTDA ME | B51: 13 | C51: 1 | D51: PRANCHA DE STAND UP, PADDLE, COMPLETA, Composição do produto: Miolo - Poliuretano e poliestireno; Parte externa - Polietileno ou Skin; Remo - Cabo em alumínio e pá de plástico; Peso / Dimensões: Tamanho 9´8"; Largura 29"; Espessura 6"; Peso médio 16 Kgs. | E51: 52.20 | F51: Maré | G51: PECA | H51: 20 | I51: 20 | J51: 1730 | L51: =K51-(SUM(N51:Y51)) -> 0 | M51: =IF(L51<0,"ATENÇÃO","OK") -> OK | N51: 0 | O51: 0 | P51: 0 | Q51: 0 | R51: 0 | S51: 0 | T51: 0 | U51: 0 | V51: 0 | W51: 0 | X51: 0 | Y51: 0
A52: SKINA 1820 INDUSTRI A ECOMERCIO LTDA | B52: 14 | C52: 1 | D52: APARELHO DE ULTRA-SOM, TERAPEUTICO, Microprocessado. Desligamento automático ao fim da aplicação e sinalização sonora. Temporizador Programável. Potência Máxima 10 Watts; Contínuo e Pulsado (5%, 10% e 20%). Freqüências de modulação 16, 48 e 100Hz; Cálculo automático de atenuação de tecidos; Cabeçote transdutor 1 MHz; Cabeçote ergonômico ultra leve (200g); Suporte para o cabeçote transdutor; - Display de Cristal Líquido com iluminação verde; Indicação de potência no display; Indicação de desacoplamento sonora e no display; mínimo de 10 memórias para salvar protocolos e 24 indicações de tratamentos. | E52: 52.08 | F52: SHOPFISIO | G52: PECA | H52: 20 | I52: 20 | J52: 1272 | L52: =K52-(SUM(N52:Y52)) -> 0 | M52: =IF(L52<0,"ATENÇÃO","OK") -> OK | N52: 0 | O52: 0 | P52: 0 | Q52: 0 | R52: 0 | S52: 0 | T52: 0 | U52: 0 | V52: 0 | W52: 0 | X52: 0 | Y52: 0
C53: 2 | D53: APARELHO PARA FISIOTERAPIA, APARELHO DE MAGNETOTERAPIA ELETRONICO (MASSAGEADOR), Massageador terapêutico. Massageador vibrador portátil, com duas intensidades e 5 ponta para massagem, com bolsa para transporte, 220V. | E53: 52.08 | F53: SHOPFISIO | G53: PECA | H53: 20 | I53: 20 | J53: 122.5 | L53: =K53-(SUM(N53:Y53)) -> 0 | M53: =IF(L53<0,"ATENÇÃO","OK") -> OK | N53: 0 | O53: 0 | P53: 0 | Q53: 0 | R53: 0 | S53: 0 | T53: 0 | U53: 0 | V53: 0 | W53: 0 | X53: 0 | Y53: 0
C54: 3 | D54: CONCENTRADOR DE OXIGENIO, DE OXIGENIO, Valor de fluxo: variável de 0,5 a 5LPM (litros por minuto); Energia: 220V. | E54: 52.08 | F54: SHOPFISIO | G54: PECA | H54: 20 | I54: 20 | J54: 3196.47 | L54: =K54-(SUM(N54:Y54)) -> 0 | M54: =IF(L54<0,"ATENÇÃO","OK") -> OK | N54: 0 | O54: 0 | P54: 0 | Q54: 0 | R54: 0 | S54: 0 | T54: 0 | U54: 0 | V54: 0 | W54: 0 | X54: 0 | Y54: 0
C55: 4 | D55: ESFIGNOMANOMETRO, ESFIGMOMANOMETRO ANEROIDE ADULTO (D), Esfigmomanômetro grande aneróide adulto com pedestal; Esfigmomanômetro Aneróide com visor grande (15x15 cm) de 0 a 300 mmHg, caixa injetada em material termoplástico, mostrador plano de fácil leitura, base de ferro fundido com rodízios anti-ruido, haste de suporte em metal, alça para transporte, cesta para braçadeira, espiral em PVC, pêra e válvula. Componentes de metal com pintura eletrostática de alta resistência | E55: 52.08 | F55: MEDJET | G55: PECA | H55: 20 | I55: 20 | J55: 391.54 | L55: =K55-(SUM(N55:Y55)) -> 0 | M55: =IF(L55<0,"ATENÇÃO","OK") -> OK | N55: 0 | O55: 0 | P55: 0 | Q55: 0 | R55: 0 | S55: 0 | T55: 0 | U55: 0 | V55: 0 | W55: 0 | X55: 0 | Y55: 0
C56: 5 | D56: ESTETOSCOPIO, CARDIOLOGICO ADULTO, Estetoscópio cardíaco de dois lados adulto e pediátrico. Com as seguintes caracteristicas: com desempenho acústico superior e altamente sensível. Com diafragma ajustável em cada um dos lados do auscultador. O lado maior auscuta em pacientes adultos, e o lado menor é para pacientes pediátricos ou pequenos, ao redor de curativos e para avaliação carótida. O lado pediátrico do auscultador deve ser convertido em um sino tradicional mediante a simples substituição do diafragma pelo anel de borracha ( sino) incluída na embalagem. - Sistema de diafragma de dupla freqüência de modo a permitir, com um único auscultador, o monitoramento dos sons de baixa e alta freqüência, sem a necessidade de rotação e perda de contato com o corpo do paciente. Auscultador de aço inoxidável.- Design de tubos em YAs olivas devem ser macias e confortáveis com um excelente selamento acústico. Molas internas ajustáveis, para proporcionar adequada tensão das hastes nos ouvidos. - Anel e diafragma com tratamento "anti-frio", mais confortável para o paciente.Com capacidade para a amplificação de sons cardíacos fracos, pulmonares ou de quaisquer outros sons corporais, bem como a auscultação normal e filtragem seletiva da freqüência. | E56: 52.08 | F56: 3M | G56: PECA | H56: 20 | I56: 20 | J56: 72.93 | L56: =K56-(SUM(N56:Y56)) -> 0 | M56: =IF(L56<0,"ATENÇÃO","OK") -> OK | N56: 0 | O56: 0 | P56: 0 | Q56: 0 | R56: 0 | S56: 0 | T56: 0 | U56: 0 | V56: 0 | W56: 0 | X56: 0 | Y56: 0
C57: 6 | D57: OXIMETRO, OXIMETRO PORTATIL, Tela de LCD colorido, SPO2: intervalo de aferição: 70-99; Precisão da aferição: +/- 2%; Frequência de Pulso (FP): intervalo:30=235BPM; Precisão: +/- 2%; Intensidade de Pulso: Indicação em gráfico de barras; Energia: 2 pilhas alcalinas AAA; Autonomia: para suportar mais de 30 horas de uso. | E57: 52.08 | F57: IMFTEC | G57: PECA | H57: 20 | I57: 20 | J57: 1274.5 | L57: =K57-(SUM(N57:Y57)) -> 0 | M57: =IF(L57<0,"ATENÇÃO","OK") -> OK | N57: 0 | O57: 0 | P57: 0 | Q57: 0 | R57: 0 | S57: 0 | T57: 0 | U57: 0 | V57: 0 | W57: 0 | X57: 0 | Y57: 0
A58: WILSON TADEU EMERIM EIRELI ME / DELLA COMERCIO E REPRESENTAÇÕES | B58: 15 | C58: 1 | D58: PEDOMETRO, PEDOMETRO, Equipamento com as seguintes funções: contador de passos, contador de calorias, distância percorrida, relógio e cronômetro com resolução de 1/100 segundos. Sensor de caminhada e corrida e sistema “Flip-Up”. O equipamento deve acompanhas clip para cinto e bateria. Com garantia mínima de 12 meses a partir da data de entrega. | E58: 52.04 | F58: Nem Balance/Via Step | G58: PECA | H58: 20 | I58: 20 | J58: 203.5 | L58: =K58-(SUM(N58:Y58)) -> 0 | M58: =IF(L58<0,"ATENÇÃO","OK") -> OK | N58: 0 | O58: 0 | P58: 0 | Q58: 0 | R58: 0 | S58: 0 | T58: 0 | U58: 0 | V58: 0 | W58: 0 | X58: 0 | Y58: 0
